Workbook

Sheet Custom Order Form
G4: (Customer Name) | N4: (PO Number) | O4: (Date)
G7: (Street Address) | N7: (City)
G10: (Phone) | J10: ='Division Details'!$B$24 -> (State) | O10: ='Division Details'!$B$25 -> (Zip)
G12: Your business is extremely important to us and we would like to have the opportunity to help you grow. We are pleased to offer the following pricing estimate for your consideration. ODL prides itself on delivering the highest quality product at the best prices so you meet the demands of your customers. Our level of customer service and on-time delivery is second to none. From product innovation to sales support we want to be your vendor of choice and we sincerely appreciate the opportunity to submit this pricing quotation for your review and approval.
X20: BLINK 1" | AA20: BLINK 7/8" CUSTOM
B22: Custom Quote Estimator - Please Attach to Purchase Order | V22: Online Configurator Coding
A23: Blink Type | B23: Operator Handing | C23: Glass Type | D23: CL/LE | E23: Operator Position | F23: Operator Type | G23: Blind Color | H23: Glass Width (Inches) | I23: Glass Height (Inches) | J23: Qty Needed | K23: Total Square Feet/Panel | L23: Net Price per square ft. | M23: Operator Adder | N23: Net Price per panel | O23: Total Price | P23: Dealer Per Panel | Q23: Dealer Total | R23: Retail Per Panel | S23: Retail Total | V23: Tilt Validation | W23: Classic Validation | X23: Annealed Validation | Y23: Tempered Validation | Z23: RLT-Top Validation | AA23: Tempered Validation | AB23: Annealed Validation | AC23: Blink Type | AD23: Tempered/ Annealed | AE23: Glass Type | AF23: Square Ft Group | AG23: Square Ft Category | AH23: Pricing Code | AI23: Sell sq. ft. | AJ23: Upcharge? | AK23: Color Upcharge | AL23: Sq Ft Cap | AP23: Blink Classic | AS23: 1" Custom | AW23: 7/8" Tilt | AZ23: 7/8" RLT-Top | BC23: 7/8" CUSTOM
K24: =IF(I24="","",ROUND(((H24*I24)/144),2)) | L24: =IF(K24="","",IF(K24>AL24,"",(AI24+AK24))) | M24: =IF(F24=$AF$89,'Price DATA'!$U$3,0) -> 0 | N24: =IF(OR(A24="",B24="",C24="",D24="",E24="",,F24="",G24="",H24="",I24="",J24=""),"",IF(OR(AF24="INVALID CODE",V24="Please Call",W24="Please Call",X24="Please Call",Y24="Please Call",Z24="Please Call",AA24="Please Call",AB24="Please Call"),"Please Call",IF(K24>AL24,"Please Call",IF(AND(E24=$AD$89,I24<30),"Incorrect Operator Position",IF(AND(H24>=36,I24>=36),"Please Call",IF(OR(V24="OKAY",W24="OKAY",X24="OKAY",Y24="OKAY",Z24="OKAY",AA24="OKAY",,AB24="OKAY"),((L24*K24)+M24),"")))))) | O24: =IF(OR(J24="",N24="",N24="Please Call",N24="Incorrect Operator Position"),"",J24*N24) | V24: =IF(A24="","",IF(OR(A24=$AD$100,A24=$AD$99,A24=$AD$102,A24=$AD$103),"N/A",IF(AND(H24>36,I24>36),"Please Call",IF(AND(AND(H24>=8,H24<9.99),OR(I24<12,I24>36)), "Please Call",IF(AND(AND(H24>=10,H24<13.99),OR(I24<12,I24>54)), "Please Call",IF(AND(AND(H24>=14,H24<19.99),OR(I24<12,I24>68)), "Please Call",IF(AND(AND(H24>=20,H24<20.99),OR(I24<12,I24>65)), "Please Call",IF(AND(AND(H24>=21,H24<21.99),OR(I24<12,I24>62)), "Please Call",IF(AND(AND(H24>=22,H24<22.99),OR(I24<12,I24>59)), "Please Call",IF(AND(AND(H24>=23,H24<23.99),OR(I24<12,I24>57)), "Please Call",IF(AND(AND(H24>=24,H24<24.99),OR(I24<12,I24>54)), "Please Call",IF(AND(AND(H24>=25,H24<25.99),OR(I24<12,I24>52)), "Please Call",IF(AND(AND(H24>=26,H24<26.99),OR(I24<12,I24>50)), "Please Call",IF(AND(AND(H24>=27,H24<27.99),OR(I24<12,I24>49)), "Please Call",IF(AND(AND(H24>=28,H24<28.99),OR(I24<12,I24>47)), "Please Call",IF(AND(AND(H24>=29,H24<29.99),OR(I24<12,I24>45)), "Please Call",IF(AND(AND(H24>=30,H24<30.99),OR(I24<12,I24>44)), "Please Call",IF(AND(AND(H24>=31,H24<31.99),OR(I24<12,I24>42)), "Please Call",IF(AND(AND(H24>=32,H24<32.99),OR(I24<12,I24>41)), "Please Call",IF(AND(AND(H24>=33,H24<33.99),OR(I24<12,I24>40)), "Please Call",IF(AND(AND(H24>=34,H24<34.99),OR(I24<12,I24>39)), "Please Call",IF(AND(AND(H24>=35,H24<35.99),OR(I24<12,I24>38)), "Please Call",IF(AND(AND(H24>=36,H24<36.99),OR(I24<12,I24>37)), "Please Call",IF(AND(AND(H24>=37,H24<37.99),OR(I24<12,I24>36)), "Please Call",IF(AND(AND(H24>=38,H24<38.99),OR(I24<12,I24>35)), "Please Call",IF(AND(AND(H24>=39,H24<39.99),OR(I24<12,I24>34)), "Please Call",IF(AND(AND(H24>=40,H24<40.99),OR(I24<12,I24>33)), "Please Call",IF(AND(AND(H24>=41,H24<41.99),OR(I24<12,I24>32)), "Please Call",IF(AND(AND(H24>=42,H24<45.99),OR(I24<12,I24>31)), "Please Call",IF(AND(AND(H24>=46,H24<47.99),OR(I24<12,I24>30)), "Please Call",IF(AND(AND(H24>=48,H24<48.99),OR(I24<12,I24>29)), "Please Call",IF(AND(AND(H24>=49,H24<50.99),OR(I24<12,I24>28)), "Please Call",IF(AND(AND(H24>=51,H24<54),OR(I24<12,I24>26)), "Please Call","OKAY"))))))))))))))))))))))))))))))))) | W24: =IF(A24="","",IF(OR(A24=$AD$100,A24=$AD$101,A24=$AD$102,A24=$AD$103),"N/A",IF(AND(H24>36,I24>36),"Please Call",IF(AND(AND(H24>=14,H24<29.99),OR(I24<42,I24>80)), "Please Call",IF(AND(AND(H24>=30,H24<30.99),OR(I24<42,I24>79)), "Please Call",IF(AND(AND(H24>=31,H24<31.99),OR(I24<42,I24>76)), "Please Call",IF(AND(AND(H24>=32,H24<32.99),OR(I24<42,I24>74)), "Please Call",IF(AND(AND(H24>=33,H24<33.99),OR(I24<42,I24>72)), "Please Call",IF(AND(AND(H24>=34,H24<34.99),OR(I24<42,I24>70)), "Please Call",IF(AND(AND(H24>=35,H24<36),OR(I24<42,I24>69)), "Please Call","OKAY")))))))))) | X24: =IF(A24="","",IF(OR(A24=$AD$101,A24=$AD$99,A24=$AD$102,C24=$AD$82,A24=$AD$103),"N/A",IF(AND(H24>36,I24>36),"Please Call",IF(AND(AND(H24>=8.625,H24<9.99),OR(I24<13,I24>36)), "Please Call",IF(AND(AND(H24>=10,H24<13.99),OR(I24<13,I24>48)), "Please Call",IF(AND(AND(H24>=14,H24<24.99),OR(I24<13,I24>80)), "Please Call",IF(AND(AND(H24>=25,H24<26.99),OR(I24<14,I24>80)), "Please Call",IF(AND(AND(H24>=27,H24<27.99),OR(I24<14,I24>79)), "Please Call",IF(AND(AND(H24>=28,H24<28.99),OR(I24<14,I24>77)), "Please Call",IF(AND(AND(H24>=29,H24<29.99),OR(I24<14,I24>75)), "Please Call",IF(AND(AND(H24>=30,H24<30.99),OR(I24<14,I24>72)), "Please Call",IF(AND(AND(H24>=31,H24<31.99),OR(I24<14,I24>70)), "Please Call",IF(AND(AND(H24>=32,H24<32.99),OR(I24<14,I24>68)), "Please Call",IF(AND(AND(H24>=33,H24<33.99),OR(I24<14,I24>66)), "Please Call",IF(AND(AND(H24>=34,H24<34.99),OR(I24<14,I24>64)), "Please Call",IF(AND(AND(H24>=35,H24<35.99),OR(I24<14,I24>62)), "Please Call",IF(AND(AND(H24>=36,H24<36.99),OR(I24<14,I24>60)), "Please Call",IF(AND(AND(H24>=37,H24<41.99),OR(I24<15,I24>36)), "Please Call",IF(AND(AND(H24>=42,H24<59.99),OR(I24<18,I24>36)), "Please Call",IF(AND(AND(H24>=60,H24<61.99),OR(I24<18,I24>35)), "Please Call",IF(AND(AND(H24>=62,H24<63.99),OR(I24<18,I24>34)), "Please Call",IF(AND(AND(H24>=64,H24<65.99),OR(I24<18,I24>33)), "Please Call",IF(AND(AND(H24>=66,H24<67.99),OR(I24<18,I24>32)), "Please Call",IF(AND(AND(H24>=68,H24<69.99),OR(I24<18,I24>31)), "Please Call",IF(AND(AND(H24>=70,H24<71.99),OR(I24<18,I24>30)), "Please Call",IF(AND(AND(H24>=72,H24<74.99),OR(I24<18,I24>29)), "Please Call",IF(AND(AND(H24>=75,H24<77.99),OR(I24<18,I24>28)), "Please Call",IF(AND(AND(H24>=78,H24<78.99),OR(I24<18,I24>27)), "Please Call",IF(AND(AND(H24>=79,H24<80),OR(I24<18,I24>26)), "Please Call","OKAY"))))))))))))))))))))))))))))) | Y24: =IF(A24="","",IF(OR(A24=$AD$99,A24=$AD$101,A24=$AD$102,C24=$AD$81,A24=$AD$103),"N/A",IF(AND(H24>36,I24>36),"Please Call",IF(AND(AND(H24>=8.625,H24<9.99),OR(I24<13,I24>36)), "Please Call",IF(AND(AND(H24>=10,H24<13.99),OR(I24<13,I24>48)), "Please Call",IF(AND(AND(H24>=14,H24<24.99),OR(I24<13,I24>80)), "Please Call",IF(AND(AND(H24>=25,H24<30.99),OR(I24<14,I24>80)), "Please Call",IF(AND(AND(H24>=31,H24<31.99),OR(I24<14,I24>78)), "Please Call",IF(AND(AND(H24>=32,H24<32.99),OR(I24<14,I24>76)), "Please Call",IF(AND(AND(H24>=33,H24<33.99),OR(I24<14,I24>75)), "Please Call",IF(AND(AND(H24>=34,H24<34.99),OR(I24<14,I24>73)), "Please Call",IF(AND(AND(H24>=35,H24<36.99),OR(I24<14,I24>69)), "Please Call",IF(AND(AND(H24>=37,H24<41.99),OR(I24<15,I24>36)), "Please Call",IF(AND(AND(H24>=42,H24<47.99),OR(I24<18,I24>36)), "Please Call",IF(AND(AND(H24>=48,H24<49.99),OR(I24<18,I24>35)), "Please Call",IF(AND(AND(H24>=50,H24<50.99),OR(I24<18,I24>34)), "Please Call",IF(AND(AND(H24>=51,H24<52.99),OR(I24<18,I24>33)), "Please Call",IF(AND(AND(H24>=53,H24<53.99),OR(I24<18,I24>32)), "Please Call",IF(AND(AND(H24>=54,H24<55.99),OR(I24<18,I24>31)), "Please Call",IF(AND(AND(H24>=56,H24<57.99),OR(I24<18,I24>30)), "Please Call",IF(AND(AND(H24>=58,H24<59.99),OR(I24<18,I24>29)), "Please Call",IF(AND(AND(H24>=60,H24<61.99),OR(I24<18,I24>28)), "Please Call",IF(AND(AND(H24>=62,H24<63.99),OR(I24<18,I24>27)), "Please Call",IF(AND(AND(H24>=64,H24<66.99),OR(I24<18,I24>26)), "Please Call",IF(AND(AND(H24>=67,H24<69.99),OR(I24<18,I24>25)), "Please Call",IF(AND(AND(H24>=70,H24<71.99),OR(I24<18,I24>24)), "Please Call",IF(AND(AND(H24>=72,H24<75.99),OR(I24<18,I24>23)), "Please Call",IF(AND(AND(H24>=76,H24<77.99),OR(I24<18,I24>22)), "Please Call",IF(AND(AND(H24>=78,H24<80),OR(I24<18,I24>21)), "Please Call","OKAY"))))))))))))))))))))))))))))) | Z24: =IF(A24="","",IF(OR(A24=$AD$100,A24=$AD$99,A24=$AD$101,A24=$AD$103),"N/A",IF(AND(H24>36,I24>36),"Please Call",IF(AND(AND(H24>=15,H24<15.99),OR(I24<12,I24>13.99)), "Please Call",IF(AND(AND(H24>=16,H24<16.99),OR(I24<12,I24>15.99)), "Please Call",IF(AND(AND(H24>=17,H24<17.99),OR(I24<12,I24>18.99)), "Please Call",IF(AND(AND(H24>=18,H24<18.99),OR(I24<12,I24>20.99)), "Please Call",IF(AND(AND(H24>=19,H24<19.99),OR(I24<12,I24>22.99)), "Please Call",IF(AND(AND(H24>=20,H24<20.99),OR(I24<12,I24>24.99)), "Please Call",IF(AND(AND(H24>=21,H24<21.99),OR(I24<12,I24>26.99)), "Please Call",IF(AND(AND(H24>=22,H24<22.99),OR(I24<12,I24>28.99)), "Please Call",IF(AND(AND(H24>=23,H24<23.99),OR(I24<12,I24>30.99)), "Please Call",IF(AND(AND(H24>=24,H24<24.99),OR(I24<12,I24>31.99)), "Please Call",IF(AND(AND(H24>=25,H24<25.99),OR(I24<12,I24>35.99)), "Please Call",IF(AND(AND(H24>=26,H24<26.99),OR(I24<12,I24>36.99)), "Please Call",IF(AND(AND(H24>=27,H24<28.99),OR(I24<12,I24>37.99)), "Please Call",IF(AND(AND(H24>=29,H24<29.99),OR(I24<12,I24>39.99)), "Please Call",IF(AND(AND(H24>=30,H24<32.99),OR(I24<12,I24>41)), "Please Call",IF(AND(AND(H24>=33,H24<33.99),OR(I24<12,I24>39.99)), "Please Call",IF(AND(AND(H24>=34,H24<34.99),OR(I24<12,I24>38.99)), "Please Call",IF(AND(AND(H24>=35,H24<35.99),OR(I24<12,I24>37.99)), "Please Call",IF(AND(AND(H24>=36,H24<36.99),OR(I24<12,I24>36.99)), "Please Call",IF(AND(AND(H24>=37,H24<37.99),OR(I24<12,I24>35.99)), "Please Call",IF(AND(AND(H24>=38,H24<38.99),OR(I24<12,I24>34.99)), "Please Call",IF(AND(AND(H24>=39,H24<39.99),OR(I24<12,I24>33.99)), "Please Call",IF(AND(AND(H24>=40,H24<40.99),OR(I24<12,I24>32.99)), "Please Call",IF(AND(AND(H24>=41,H24<41.99),OR(I24<12,I24>31.99)), "Please Call",IF(AND(AND(H24>=42,H24<43.99),OR(I24<12,I24>30.99)), "Please Call",IF(AND(AND(H24>=44,H24<44.99),OR(I24<12,I24>29.99)), "Please Call",IF(AND(AND(H24>=45,H24<46.99),OR(I24<12,I24>28.99)), "Please Call",IF(AND(AND(H24>=47,H24<48.99),OR(I24<12,I24>27.99)), "Please Call",IF(AND(AND(H24>=49,H24<49.99),OR(I24<12,I24>26.99)), "Please Call",IF(AND(AND(H24>=50,H24<51.99),OR(I24<12,I24>25.99)), "Please Call",IF(AND(AND(H24>=52,H24<54),OR(I24<12,I24>24.99)), "Please Call","OKAY")))))))))))))))))))))))))))))))))) | AA24: =IF(A24="","",IF(OR(A24=$AD$99,A24=$AD$100,A24=$AD$101,A24=$AD$102,C24=$AD$81),"N/A",IF(AND(AND(H24<8,H24>48),OR(I24<18,I24>80)), "Please Call",IF(AND(H24>36,I24>36),"Please Call",IF(K24>18.2,"Please Call","OKAY"))))) | AB24: =IF(A24="","",IF(OR(A24=$AD$99,A24=$AD$100,A24=$AD$101,A24=$AD$102,C24=$AD$82),"N/A",IF(AND(AND(H24<8,H24>48),OR(I24<18,I24>80)), "Please Call",IF(AND(H24>36,I24>36),"Please Call",IF(K24>=15,"Please Call","OKAY"))))) | AC24: =VLOOKUP(A24,$AD$99:$AE$103,2,0) -> #N/A | AD24: =VLOOKUP(C24,$AD$81:$AE$82,2,0) -> #N/A | AE24: =VLOOKUP(D24,$AD$58:$AE$70,2,0) -> #N/A | AF24: =IF(AND(K24>=1,K24<=2),$AD$105,IF(AND(K24>=2,K24<=3),$AD$106,IF(AND(K24>=3,K24<=5),$AD$107,IF(AND(K24>=5,K24<=7),$AD$108,IF(AND(K24>=7,K24<=9),$AD$109,IF(AND(K24>=9,K24<=11),$AD$110,IF(AND(K24>=11,K24<=13),$AD$111,IF(AND(K24>=13,K24<=15),$AD$112,IF(AND(K24>=15,K24<=17),$AD$113,IF(AND(K24>=17,K24<=19),$AD$114,"INVALID CODE")))))))))) -> INVALID CODE | AG24: =VLOOKUP(AF24,$AD$105:$AE$114,2,0) -> #N/A | AH24: =CONCATENATE(AC24,AD24,AE24,AG24) -> #N/A | AI24: =VLOOKUP(AH24,'Price DATA'!$A$8:$C$1156,3,0) -> #N/A | AJ24: =VLOOKUP(G24,$AD$92:$AE$97,2,0) -> #N/A | AK24: =IF(AJ24="Upcharge",(VLOOKUP(AD24,$AE$81:$AF$82,2,0)),0) -> #N/A | AL24: =IF(A24=$AD$100,VLOOKUP(C24,$AD$81:$AG$82,4,0),IF(A24=$AD$103,VLOOKUP(C24,$AD$81:$AH$82,5,0),VLOOKUP(A24,$AD$83:$AG$86,4,0))) -> #N/A | AP24: Width | AQ24: Height | AS24: Width | AT24: Height | AU24: Low Operator | AW24: Width | AX24: Height | AZ24: Width | BA24: Height | BC24: Width | BD24: Height
K25: =IF(I25="","",ROUND(((H25*I25)/144),2)) | L25: =IF(K25="","",IF(K25>AL25,"",(AI25+AK25))) | M25: =IF(F25=$AF$89,'Price DATA'!$U$3,0) -> 0 | N25: =IF(OR(A25="",B25="",C25="",D25="",E25="",,F25="",G25="",H25="",I25="",J25=""),"",IF(OR(AF25="INVALID CODE",V25="Please Call",W25="Please Call",X25="Please Call",Y25="Please Call",Z25="Please Call",AA25="Please Call",AB25="Please Call"),"Please Call",IF(K25>AL25,"Please Call",IF(AND(E25=$AD$89,I25<30),"Incorrect Operator Position",IF(AND(H25>=36,I25>=36),"Please Call",IF(OR(V25="OKAY",W25="OKAY",X25="OKAY",Y25="OKAY",Z25="OKAY",AA25="OKAY",,AB25="OKAY"),((L25*K25)+M25),"")))))) | O25: =IF(OR(J25="",N25="",N25="Please Call",N25="Incorrect Operator Position"),"",J25*N25) | V25: =IF(A25="","",IF(OR(A25=$AD$100,A25=$AD$99,A25=$AD$102,A25=$AD$103),"N/A",IF(AND(H25>36,I25>36),"Please Call",IF(AND(AND(H25>=8,H25<9.99),OR(I25<12,I25>36)), "Please Call",IF(AND(AND(H25>=10,H25<13.99),OR(I25<12,I25>54)), "Please Call",IF(AND(AND(H25>=14,H25<19.99),OR(I25<12,I25>68)), "Please Call",IF(AND(AND(H25>=20,H25<20.99),OR(I25<12,I25>65)), "Please Call",IF(AND(AND(H25>=21,H25<21.99),OR(I25<12,I25>62)), "Please Call",IF(AND(AND(H25>=22,H25<22.99),OR(I25<12,I25>59)), "Please Call",IF(AND(AND(H25>=23,H25<23.99),OR(I25<12,I25>57)), "Please Call",IF(AND(AND(H25>=24,H25<24.99),OR(I25<12,I25>54)), "Please Call",IF(AND(AND(H25>=25,H25<25.99),OR(I25<12,I25>52)), "Please Call",IF(AND(AND(H25>=26,H25<26.99),OR(I25<12,I25>50)), "Please Call",IF(AND(AND(H25>=27,H25<27.99),OR(I25<12,I25>49)), "Please Call",IF(AND(AND(H25>=28,H25<28.99),OR(I25<12,I25>47)), "Please Call",IF(AND(AND(H25>=29,H25<29.99),OR(I25<12,I25>45)), "Please Call",IF(AND(AND(H25>=30,H25<30.99),OR(I25<12,I25>44)), "Please Call",IF(AND(AND(H25>=31,H25<31.99),OR(I25<12,I25>42)), "Please Call",IF(AND(AND(H25>=32,H25<32.99),OR(I25<12,I25>41)), "Please Call",IF(AND(AND(H25>=33,H25<33.99),OR(I25<12,I25>40)), "Please Call",IF(AND(AND(H25>=34,H25<34.99),OR(I25<12,I25>39)), "Please Call",IF(AND(AND(H25>=35,H25<35.99),OR(I25<12,I25>38)), "Please Call",IF(AND(AND(H25>=36,H25<36.99),OR(I25<12,I25>37)), "Please Call",IF(AND(AND(H25>=37,H25<37.99),OR(I25<12,I25>36)), "Please Call",IF(AND(AND(H25>=38,H25<38.99),OR(I25<12,I25>35)), "Please Call",IF(AND(AND(H25>=39,H25<39.99),OR(I25<12,I25>34)), "Please Call",IF(AND(AND(H25>=40,H25<40.99),OR(I25<12,I25>33)), "Please Call",IF(AND(AND(H25>=41,H25<41.99),OR(I25<12,I25>32)), "Please Call",IF(AND(AND(H25>=42,H25<45.99),OR(I25<12,I25>31)), "Please Call",IF(AND(AND(H25>=46,H25<47.99),OR(I25<12,I25>30)), "Please Call",IF(AND(AND(H25>=48,H25<48.99),OR(I25<12,I25>29)), "Please Call",IF(AND(AND(H25>=49,H25<50.99),OR(I25<12,I25>28)), "Please Call",IF(AND(AND(H25>=51,H25<54),OR(I25<12,I25>26)), "Please Call","OKAY"))))))))))))))))))))))))))))))))) | W25: =IF(A25="","",IF(OR(A25=$AD$100,A25=$AD$101,A25=$AD$102,A25=$AD$103),"N/A",IF(AND(H25>36,I25>36),"Please Call",IF(AND(AND(H25>=14,H25<29.99),OR(I25<42,I25>80)), "Please Call",IF(AND(AND(H25>=30,H25<30.99),OR(I25<42,I25>79)), "Please Call",IF(AND(AND(H25>=31,H25<31.99),OR(I25<42,I25>76)), "Please Call",IF(AND(AND(H25>=32,H25<32.99),OR(I25<42,I25>74)), "Please Call",IF(AND(AND(H25>=33,H25<33.99),OR(I25<42,I25>72)), "Please Call",IF(AND(AND(H25>=34,H25<34.99),OR(I25<42,I25>70)), "Please Call",IF(AND(AND(H25>=35,H25<36),OR(I25<42,I25>69)), "Please Call","OKAY")))))))))) | X25: =IF(A25="","",IF(OR(A25=$AD$101,A25=$AD$99,A25=$AD$102,C25=$AD$82,A25=$AD$103),"N/A",IF(AND(H25>36,I25>36),"Please Call",IF(AND(AND(H25>=8.625,H25<9.99),OR(I25<13,I25>36)), "Please Call",IF(AND(AND(H25>=10,H25<13.99),OR(I25<13,I25>48)), "Please Call",IF(AND(AND(H25>=14,H25<24.99),OR(I25<13,I25>80)), "Please Call",IF(AND(AND(H25>=25,H25<26.99),OR(I25<14,I25>80)), "Please Call",IF(AND(AND(H25>=27,H25<27.99),OR(I25<14,I25>79)), "Please Call",IF(AND(AND(H25>=28,H25<28.99),OR(I25<14,I25>77)), "Please Call",IF(AND(AND(H25>=29,H25<29.99),OR(I25<14,I25>75)), "Please Call",IF(AND(AND(H25>=30,H25<30.99),OR(I25<14,I25>72)), "Please Call",IF(AND(AND(H25>=31,H25<31.99),OR(I25<14,I25>70)), "Please Call",IF(AND(AND(H25>=32,H25<32.99),OR(I25<14,I25>68)), "Please Call",IF(AND(AND(H25>=33,H25<33.99),OR(I25<14,I25>66)), "Please Call",IF(AND(AND(H25>=34,H25<34.99),OR(I25<14,I25>64)), "Please Call",IF(AND(AND(H25>=35,H25<35.99),OR(I25<14,I25>62)), "Please Call",IF(AND(AND(H25>=36,H25<36.99),OR(I25<14,I25>60)), "Please Call",IF(AND(AND(H25>=37,H25<41.99),OR(I25<15,I25>36)), "Please Call",IF(AND(AND(H25>=42,H25<59.99),OR(I25<18,I25>36)), "Please Call",IF(AND(AND(H25>=60,H25<61.99),OR(I25<18,I25>35)), "Please Call",IF(AND(AND(H25>=62,H25<63.99),OR(I25<18,I25>34)), "Please Call",IF(AND(AND(H25>=64,H25<65.99),OR(I25<18,I25>33)), "Please Call",IF(AND(AND(H25>=66,H25<67.99),OR(I25<18,I25>32)), "Please Call",IF(AND(AND(H25>=68,H25<69.99),OR(I25<18,I25>31)), "Please Call",IF(AND(AND(H25>=70,H25<71.99),OR(I25<18,I25>30)), "Please Call",IF(AND(AND(H25>=72,H25<74.99),OR(I25<18,I25>29)), "Please Call",IF(AND(AND(H25>=75,H25<77.99),OR(I25<18,I25>28)), "Please Call",IF(AND(AND(H25>=78,H25<78.99),OR(I25<18,I25>27)), "Please Call",IF(AND(AND(H25>=79,H25<80),OR(I25<18,I25>26)), "Please Call","OKAY"))))))))))))))))))))))))))))) | Y25: =IF(A25="","",IF(OR(A25=$AD$99,A25=$AD$101,A25=$AD$102,C25=$AD$81,A25=$AD$103),"N/A",IF(AND(H25>36,I25>36),"Please Call",IF(AND(AND(H25>=8.625,H25<9.99),OR(I25<13,I25>36)), "Please Call",IF(AND(AND(H25>=10,H25<13.99),OR(I25<13,I25>48)), "Please Call",IF(AND(AND(H25>=14,H25<24.99),OR(I25<13,I25>80)), "Please Call",IF(AND(AND(H25>=25,H25<30.99),OR(I25<14,I25>80)), "Please Call",IF(AND(AND(H25>=31,H25<31.99),OR(I25<14,I25>78)), "Please Call",IF(AND(AND(H25>=32,H25<32.99),OR(I25<14,I25>76)), "Please Call",IF(AND(AND(H25>=33,H25<33.99),OR(I25<14,I25>75)), "Please Call",IF(AND(AND(H25>=34,H25<34.99),OR(I25<14,I25>73)), "Please Call",IF(AND(AND(H25>=35,H25<36.99),OR(I25<14,I25>69)), "Please Call",IF(AND(AND(H25>=37,H25<41.99),OR(I25<15,I25>36)), "Please Call",IF(AND(AND(H25>=42,H25<47.99),OR(I25<18,I25>36)), "Please Call",IF(AND(AND(H25>=48,H25<49.99),OR(I25<18,I25>35)), "Please Call",IF(AND(AND(H25>=50,H25<50.99),OR(I25<18,I25>34)), "Please Call",IF(AND(AND(H25>=51,H25<52.99),OR(I25<18,I25>33)), "Please Call",IF(AND(AND(H25>=53,H25<53.99),OR(I25<18,I25>32)), "Please Call",IF(AND(AND(H25>=54,H25<55.99),OR(I25<18,I25>31)), "Please Call",IF(AND(AND(H25>=56,H25<57.99),OR(I25<18,I25>30)), "Please Call",IF(AND(AND(H25>=58,H25<59.99),OR(I25<18,I25>29)), "Please Call",IF(AND(AND(H25>=60,H25<61.99),OR(I25<18,I25>28)), "Please Call",IF(AND(AND(H25>=62,H25<63.99),OR(I25<18,I25>27)), "Please Call",IF(AND(AND(H25>=64,H25<66.99),OR(I25<18,I25>26)), "Please Call",IF(AND(AND(H25>=67,H25<69.99),OR(I25<18,I25>25)), "Please Call",IF(AND(AND(H25>=70,H25<71.99),OR(I25<18,I25>24)), "Please Call",IF(AND(AND(H25>=72,H25<75.99),OR(I25<18,I25>23)), "Please Call",IF(AND(AND(H25>=76,H25<77.99),OR(I25<18,I25>22)), "Please Call",IF(AND(AND(H25>=78,H25<80),OR(I25<18,I25>21)), "Please Call","OKAY"))))))))))))))))))))))))))))) | Z25: =IF(A25="","",IF(OR(A25=$AD$100,A25=$AD$99,A25=$AD$101,A25=$AD$103),"N/A",IF(AND(H25>36,I25>36),"Please Call",IF(AND(AND(H25>=15,H25<15.99),OR(I25<12,I25>13.99)), "Please Call",IF(AND(AND(H25>=16,H25<16.99),OR(I25<12,I25>15.99)), "Please Call",IF(AND(AND(H25>=17,H25<17.99),OR(I25<12,I25>18.99)), "Please Call",IF(AND(AND(H25>=18,H25<18.99),OR(I25<12,I25>20.99)), "Please Call",IF(AND(AND(H25>=19,H25<19.99),OR(I25<12,I25>22.99)), "Please Call",IF(AND(AND(H25>=20,H25<20.99),OR(I25<12,I25>24.99)), "Please Call",IF(AND(AND(H25>=21,H25<21.99),OR(I25<12,I25>26.99)), "Please Call",IF(AND(AND(H25>=22,H25<22.99),OR(I25<12,I25>28.99)), "Please Call",IF(AND(AND(H25>=23,H25<23.99),OR(I25<12,I25>30.99)), "Please Call",IF(AND(AND(H25>=24,H25<24.99),OR(I25<12,I25>31.99)), "Please Call",IF(AND(AND(H25>=25,H25<25.99),OR(I25<12,I25>35.99)), "Please Call",IF(AND(AND(H25>=26,H25<26.99),OR(I25<12,I25>36.99)), "Please Call",IF(AND(AND(H25>=27,H25<28.99),OR(I25<12,I25>37.99)), "Please Call",IF(AND(AND(H25>=29,H25<29.99),OR(I25<12,I25>39.99)), "Please Call",IF(AND(AND(H25>=30,H25<32.99),OR(I25<12,I25>41)), "Please Call",IF(AND(AND(H25>=33,H25<33.99),OR(I25<12,I25>39.99)), "Please Call",IF(AND(AND(H25>=34,H25<34.99),OR(I25<12,I25>38.99)), "Please Call",IF(AND(AND(H25>=35,H25<35.99),OR(I25<12,I25>37.99)), "Please Call",IF(AND(AND(H25>=36,H25<36.99),OR(I25<12,I25>36.99)), "Please Call",IF(AND(AND(H25>=37,H25<37.99),OR(I25<12,I25>35.99)), "Please Call",IF(AND(AND(H25>=38,H25<38.99),OR(I25<12,I25>34.99)), "Please Call",IF(AND(AND(H25>=39,H25<39.99),OR(I25<12,I25>33.99)), "Please Call",IF(AND(AND(H25>=40,H25<40.99),OR(I25<12,I25>32.99)), "Please Call",IF(AND(AND(H25>=41,H25<41.99),OR(I25<12,I25>31.99)), "Please Call",IF(AND(AND(H25>=42,H25<43.99),OR(I25<12,I25>30.99)), "Please Call",IF(AND(AND(H25>=44,H25<44.99),OR(I25<12,I25>29.99)), "Please Call",IF(AND(AND(H25>=45,H25<46.99),OR(I25<12,I25>28.99)), "Please Call",IF(AND(AND(H25>=47,H25<48.99),OR(I25<12,I25>27.99)), "Please Call",IF(AND(AND(H25>=49,H25<49.99),OR(I25<12,I25>26.99)), "Please Call",IF(AND(AND(H25>=50,H25<51.99),OR(I25<12,I25>25.99)), "Please Call",IF(AND(AND(H25>=52,H25<54),OR(I25<12,I25>24.99)), "Please Call","OKAY")))))))))))))))))))))))))))))))))) | AA25: =IF(A25="","",IF(OR(A25=$AD$99,A25=$AD$100,A25=$AD$101,A25=$AD$102,C25=$AD$81),"N/A",IF(AND(AND(H25<8,H25>48),OR(I25<18,I25>80)), "Please Call",IF(AND(H25>36,I25>36),"Please Call",IF(K25>18.2,"Please Call","OKAY"))))) | AB25: =IF(A25="","",IF(OR(A25=$AD$99,A25=$AD$100,A25=$AD$101,A25=$AD$102,C25=$AD$82),"N/A",IF(AND(AND(H25<8,H25>48),OR(I25<18,I25>80)), "Please Call",IF(AND(H25>36,I25>36),"Please Call",IF(K25>=15,"Please Call","OKAY"))))) | AC25: =VLOOKUP(A25,$AD$99:$AE$103,2,0) -> #N/A | AD25: =VLOOKUP(C25,$AD$81:$AE$82,2,0) -> #N/A | AE25: =VLOOKUP(D25,$AD$58:$AE$70,2,0) -> #N/A | AF25: =IF(AND(K25>=1,K25<=2),$AD$105,IF(AND(K25>=2,K25<=3),$AD$106,IF(AND(K25>=3,K25<=5),$AD$107,IF(AND(K25>=5,K25<=7),$AD$108,IF(AND(K25>=7,K25<=9),$AD$109,IF(AND(K25>=9,K25<=11),$AD$110,IF(AND(K25>=11,K25<=13),$AD$111,IF(AND(K25>=13,K25<=15),$AD$112,IF(AND(K25>=15,K25<=17),$AD$113,IF(AND(K25>=17,K25<=19),$AD$114,"INVALID CODE")))))))))) -> INVALID CODE | AG25: =VLOOKUP(AF25,$AD$105:$AE$114,2,0) -> #N/A | AH25: =CONCATENATE(AC25,AD25,AE25,AG25) -> #N/A | AI25: =VLOOKUP(AH25,'Price DATA'!$A$8:$C$1156,3,0) -> #N/A | AJ25: =VLOOKUP(G25,$AD$92:$AE$97,2,0) -> #N/A | AK25: =IF(AJ25="Upcharge",(VLOOKUP(AD25,$AE$81:$AF$82,2,0)),0) -> #N/A | AL25: =IF(A25=$AD$100,VLOOKUP(C25,$AD$81:$AG$82,4,0),IF(A25=$AD$103,VLOOKUP(C25,$AD$81:$AH$82,5,0),VLOOKUP(A25,$AD$83:$AG$86,4,0))) -> #N/A | AP25: 14 | AQ25: 42 | AS25: 8.625 | AT25: 13 | AU25: 30 | AW25: 8 | AX25: 12 | AZ25: 15 | BA25: 12 | BC25: 8 | BD25: 18
K26: =IF(I26="","",ROUND(((H26*I26)/144),2)) | L26: =IF(K26="","",IF(K26>AL26,"",(AI26+AK26))) | M26: =IF(F26=$AF$89,'Price DATA'!$U$3,0) -> 0 | N26: =IF(OR(A26="",B26="",C26="",D26="",E26="",,F26="",G26="",H26="",I26="",J26=""),"",IF(OR(AF26="INVALID CODE",V26="Please Call",W26="Please Call",X26="Please Call",Y26="Please Call",Z26="Please Call",AA26="Please Call",AB26="Please Call"),"Please Call",IF(K26>AL26,"Please Call",IF(AND(E26=$AD$89,I26<30),"Incorrect Operator Position",IF(AND(H26>=36,I26>=36),"Please Call",IF(OR(V26="OKAY",W26="OKAY",X26="OKAY",Y26="OKAY",Z26="OKAY",AA26="OKAY",,AB26="OKAY"),((L26*K26)+M26),"")))))) | O26: =IF(OR(J26="",N26="",N26="Please Call",N26="Incorrect Operator Position"),"",J26*N26) | V26: =IF(A26="","",IF(OR(A26=$AD$100,A26=$AD$99,A26=$AD$102,A26=$AD$103),"N/A",IF(AND(H26>36,I26>36),"Please Call",IF(AND(AND(H26>=8,H26<9.99),OR(I26<12,I26>36)), "Please Call",IF(AND(AND(H26>=10,H26<13.99),OR(I26<12,I26>54)), "Please Call",IF(AND(AND(H26>=14,H26<19.99),OR(I26<12,I26>68)), "Please Call",IF(AND(AND(H26>=20,H26<20.99),OR(I26<12,I26>65)), "Please Call",IF(AND(AND(H26>=21,H26<21.99),OR(I26<12,I26>62)), "Please Call",IF(AND(AND(H26>=22,H26<22.99),OR(I26<12,I26>59)), "Please Call",IF(AND(AND(H26>=23,H26<23.99),OR(I26<12,I26>57)), "Please Call",IF(AND(AND(H26>=24,H26<24.99),OR(I26<12,I26>54)), "Please Call",IF(AND(AND(H26>=25,H26<25.99),OR(I26<12,I26>52)), "Please Call",IF(AND(AND(H26>=26,H26<26.99),OR(I26<12,I26>50)), "Please Call",IF(AND(AND(H26>=27,H26<27.99),OR(I26<12,I26>49)), "Please Call",IF(AND(AND(H26>=28,H26<28.99),OR(I26<12,I26>47)), "Please Call",IF(AND(AND(H26>=29,H26<29.99),OR(I26<12,I26>45)), "Please Call",IF(AND(AND(H26>=30,H26<30.99),OR(I26<12,I26>44)), "Please Call",IF(AND(AND(H26>=31,H26<31.99),OR(I26<12,I26>42)), "Please Call",IF(AND(AND(H26>=32,H26<32.99),OR(I26<12,I26>41)), "Please Call",IF(AND(AND(H26>=33,H26<33.99),OR(I26<12,I26>40)), "Please Call",IF(AND(AND(H26>=34,H26<34.99),OR(I26<12,I26>39)), "Please Call",IF(AND(AND(H26>=35,H26<35.99),OR(I26<12,I26>38)), "Please Call",IF(AND(AND(H26>=36,H26<36.99),OR(I26<12,I26>37)), "Please Call",IF(AND(AND(H26>=37,H26<37.99),OR(I26<12,I26>36)), "Please Call",IF(AND(AND(H26>=38,H26<38.99),OR(I26<12,I26>35)), "Please Call",IF(AND(AND(H26>=39,H26<39.99),OR(I26<12,I26>34)), "Please Call",IF(AND(AND(H26>=40,H26<40.99),OR(I26<12,I26>33)), "Please Call",IF(AND(AND(H26>=41,H26<41.99),OR(I26<12,I26>32)), "Please Call",IF(AND(AND(H26>=42,H26<45.99),OR(I26<12,I26>31)), "Please Call",IF(AND(AND(H26>=46,H26<47.99),OR(I26<12,I26>30)), "Please Call",IF(AND(AND(H26>=48,H26<48.99),OR(I26<12,I26>29)), "Please Call",IF(AND(AND(H26>=49,H26<50.99),OR(I26<12,I26>28)), "Please Call",IF(AND(AND(H26>=51,H26<54),OR(I26<12,I26>26)), "Please Call","OKAY"))))))))))))))))))))))))))))))))) | W26: =IF(A26="","",IF(OR(A26=$AD$100,A26=$AD$101,A26=$AD$102,A26=$AD$103),"N/A",IF(AND(H26>36,I26>36),"Please Call",IF(AND(AND(H26>=14,H26<29.99),OR(I26<42,I26>80)), "Please Call",IF(AND(AND(H26>=30,H26<30.99),OR(I26<42,I26>79)), "Please Call",IF(AND(AND(H26>=31,H26<31.99),OR(I26<42,I26>76)), "Please Call",IF(AND(AND(H26>=32,H26<32.99),OR(I26<42,I26>74)), "Please Call",IF(AND(AND(H26>=33,H26<33.99),OR(I26<42,I26>72)), "Please Call",IF(AND(AND(H26>=34,H26<34.99),OR(I26<42,I26>70)), "Please Call",IF(AND(AND(H26>=35,H26<36),OR(I26<42,I26>69)), "Please Call","OKAY")))))))))) | X26: =IF(A26="","",IF(OR(A26=$AD$101,A26=$AD$99,A26=$AD$102,C26=$AD$82,A26=$AD$103),"N/A",IF(AND(H26>36,I26>36),"Please Call",IF(AND(AND(H26>=8.625,H26<9.99),OR(I26<13,I26>36)), "Please Call",IF(AND(AND(H26>=10,H26<13.99),OR(I26<13,I26>48)), "Please Call",IF(AND(AND(H26>=14,H26<24.99),OR(I26<13,I26>80)), "Please Call",IF(AND(AND(H26>=25,H26<26.99),OR(I26<14,I26>80)), "Please Call",IF(AND(AND(H26>=27,H26<27.99),OR(I26<14,I26>79)), "Please Call",IF(AND(AND(H26>=28,H26<28.99),OR(I26<14,I26>77)), "Please Call",IF(AND(AND(H26>=29,H26<29.99),OR(I26<14,I26>75)), "Please Call",IF(AND(AND(H26>=30,H26<30.99),OR(I26<14,I26>72)), "Please Call",IF(AND(AND(H26>=31,H26<31.99),OR(I26<14,I26>70)), "Please Call",IF(AND(AND(H26>=32,H26<32.99),OR(I26<14,I26>68)), "Please Call",IF(AND(AND(H26>=33,H26<33.99),OR(I26<14,I26>66)), "Please Call",IF(AND(AND(H26>=34,H26<34.99),OR(I26<14,I26>64)), "Please Call",IF(AND(AND(H26>=35,H26<35.99),OR(I26<14,I26>62)), "Please Call",IF(AND(AND(H26>=36,H26<36.99),OR(I26<14,I26>60)), "Please Call",IF(AND(AND(H26>=37,H26<41.99),OR(I26<15,I26>36)), "Please Call",IF(AND(AND(H26>=42,H26<59.99),OR(I26<18,I26>36)), "Please Call",IF(AND(AND(H26>=60,H26<61.99),OR(I26<18,I26>35)), "Please Call",IF(AND(AND(H26>=62,H26<63.99),OR(I26<18,I26>34)), "Please Call",IF(AND(AND(H26>=64,H26<65.99),OR(I26<18,I26>33)), "Please Call",IF(AND(AND(H26>=66,H26<67.99),OR(I26<18,I26>32)), "Please Call",IF(AND(AND(H26>=68,H26<69.99),OR(I26<18,I26>31)), "Please Call",IF(AND(AND(H26>=70,H26<71.99),OR(I26<18,I26>30)), "Please Call",IF(AND(AND(H26>=72,H26<74.99),OR(I26<18,I26>29)), "Please Call",IF(AND(AND(H26>=75,H26<77.99),OR(I26<18,I26>28)), "Please Call",IF(AND(AND(H26>=78,H26<78.99),OR(I26<18,I26>27)), "Please Call",IF(AND(AND(H26>=79,H26<80),OR(I26<18,I26>26)), "Please Call","OKAY"))))))))))))))))))))))))))))) | Y26: =IF(A26="","",IF(OR(A26=$AD$99,A26=$AD$101,A26=$AD$102,C26=$AD$81,A26=$AD$103),"N/A",IF(AND(H26>36,I26>36),"Please Call",IF(AND(AND(H26>=8.625,H26<9.99),OR(I26<13,I26>36)), "Please Call",IF(AND(AND(H26>=10,H26<13.99),OR(I26<13,I26>48)), "Please Call",IF(AND(AND(H26>=14,H26<24.99),OR(I26<13,I26>80)), "Please Call",IF(AND(AND(H26>=25,H26<30.99),OR(I26<14,I26>80)), "Please Call",IF(AND(AND(H26>=31,H26<31.99),OR(I26<14,I26>78)), "Please Call",IF(AND(AND(H26>=32,H26<32.99),OR(I26<14,I26>76)), "Please Call",IF(AND(AND(H26>=33,H26<33.99),OR(I26<14,I26>75)), "Please Call",IF(AND(AND(H26>=34,H26<34.99),OR(I26<14,I26>73)), "Please Call",IF(AND(AND(H26>=35,H26<36.99),OR(I26<14,I26>69)), "Please Call",IF(AND(AND(H26>=37,H26<41.99),OR(I26<15,I26>36)), "Please Call",IF(AND(AND(H26>=42,H26<47.99),OR(I26<18,I26>36)), "Please Call",IF(AND(AND(H26>=48,H26<49.99),OR(I26<18,I26>35)), "Please Call",IF(AND(AND(H26>=50,H26<50.99),OR(I26<18,I26>34)), "Please Call",IF(AND(AND(H26>=51,H26<52.99),OR(I26<18,I26>33)), "Please Call",IF(AND(AND(H26>=53,H26<53.99),OR(I26<18,I26>32)), "Please Call",IF(AND(AND(H26>=54,H26<55.99),OR(I26<18,I26>31)), "Please Call",IF(AND(AND(H26>=56,H26<57.99),OR(I26<18,I26>30)), "Please Call",IF(AND(AND(H26>=58,H26<59.99),OR(I26<18,I26>29)), "Please Call",IF(AND(AND(H26>=60,H26<61.99),OR(I26<18,I26>28)), "Please Call",IF(AND(AND(H26>=62,H26<63.99),OR(I26<18,I26>27)), "Please Call",IF(AND(AND(H26>=64,H26<66.99),OR(I26<18,I26>26)), "Please Call",IF(AND(AND(H26>=67,H26<69.99),OR(I26<18,I26>25)), "Please Call",IF(AND(AND(H26>=70,H26<71.99),OR(I26<18,I26>24)), "Please Call",IF(AND(AND(H26>=72,H26<75.99),OR(I26<18,I26>23)), "Please Call",IF(AND(AND(H26>=76,H26<77.99),OR(I26<18,I26>22)), "Please Call",IF(AND(AND(H26>=78,H26<80),OR(I26<18,I26>21)), "Please Call","OKAY"))))))))))))))))))))))))))))) | Z26: =IF(A26="","",IF(OR(A26=$AD$100,A26=$AD$99,A26=$AD$101,A26=$AD$103),"N/A",IF(AND(H26>36,I26>36),"Please Call",IF(AND(AND(H26>=15,H26<15.99),OR(I26<12,I26>13.99)), "Please Call",IF(AND(AND(H26>=16,H26<16.99),OR(I26<12,I26>15.99)), "Please Call",IF(AND(AND(H26>=17,H26<17.99),OR(I26<12,I26>18.99)), "Please Call",IF(AND(AND(H26>=18,H26<18.99),OR(I26<12,I26>20.99)), "Please Call",IF(AND(AND(H26>=19,H26<19.99),OR(I26<12,I26>22.99)), "Please Call",IF(AND(AND(H26>=20,H26<20.99),OR(I26<12,I26>24.99)), "Please Call",IF(AND(AND(H26>=21,H26<21.99),OR(I26<12,I26>26.99)), "Please Call",IF(AND(AND(H26>=22,H26<22.99),OR(I26<12,I26>28.99)), "Please Call",IF(AND(AND(H26>=23,H26<23.99),OR(I26<12,I26>30.99)), "Please Call",IF(AND(AND(H26>=24,H26<24.99),OR(I26<12,I26>31.99)), "Please Call",IF(AND(AND(H26>=25,H26<25.99),OR(I26<12,I26>35.99)), "Please Call",IF(AND(AND(H26>=26,H26<26.99),OR(I26<12,I26>36.99)), "Please Call",IF(AND(AND(H26>=27,H26<28.99),OR(I26<12,I26>37.99)), "Please Call",IF(AND(AND(H26>=29,H26<29.99),OR(I26<12,I26>39.99)), "Please Call",IF(AND(AND(H26>=30,H26<32.99),OR(I26<12,I26>41)), "Please Call",IF(AND(AND(H26>=33,H26<33.99),OR(I26<12,I26>39.99)), "Please Call",IF(AND(AND(H26>=34,H26<34.99),OR(I26<12,I26>38.99)), "Please Call",IF(AND(AND(H26>=35,H26<35.99),OR(I26<12,I26>37.99)), "Please Call",IF(AND(AND(H26>=36,H26<36.99),OR(I26<12,I26>36.99)), "Please Call",IF(AND(AND(H26>=37,H26<37.99),OR(I26<12,I26>35.99)), "Please Call",IF(AND(AND(H26>=38,H26<38.99),OR(I26<12,I26>34.99)), "Please Call",IF(AND(AND(H26>=39,H26<39.99),OR(I26<12,I26>33.99)), "Please Call",IF(AND(AND(H26>=40,H26<40.99),OR(I26<12,I26>32.99)), "Please Call",IF(AND(AND(H26>=41,H26<41.99),OR(I26<12,I26>31.99)), "Please Call",IF(AND(AND(H26>=42,H26<43.99),OR(I26<12,I26>30.99)), "Please Call",IF(AND(AND(H26>=44,H26<44.99),OR(I26<12,I26>29.99)), "Please Call",IF(AND(AND(H26>=45,H26<46.99),OR(I26<12,I26>28.99)), "Please Call",IF(AND(AND(H26>=47,H26<48.99),OR(I26<12,I26>27.99)), "Please Call",IF(AND(AND(H26>=49,H26<49.99),OR(I26<12,I26>26.99)), "Please Call",IF(AND(AND(H26>=50,H26<51.99),OR(I26<12,I26>25.99)), "Please Call",IF(AND(AND(H26>=52,H26<54),OR(I26<12,I26>24.99)), "Please Call","OKAY")))))))))))))))))))))))))))))))))) | AA26: =IF(A26="","",IF(OR(A26=$AD$99,A26=$AD$100,A26=$AD$101,A26=$AD$102,C26=$AD$81),"N/A",IF(AND(AND(H26<8,H26>48),OR(I26<18,I26>80)), "Please Call",IF(AND(H26>36,I26>36),"Please Call",IF(K26>18.2,"Please Call","OKAY"))))) | AB26: =IF(A26="","",IF(OR(A26=$AD$99,A26=$AD$100,A26=$AD$101,A26=$AD$102,C26=$AD$82),"N/A",IF(AND(AND(H26<8,H26>48),OR(I26<18,I26>80)), "Please Call",IF(AND(H26>36,I26>36),"Please Call",IF(K26>=15,"Please Call","OKAY"))))) | AC26: =VLOOKUP(A26,$AD$99:$AE$103,2,0) -> #N/A | AD26: =VLOOKUP(C26,$AD$81:$AE$82,2,0) -> #N/A | AE26: =VLOOKUP(D26,$AD$58:$AE$70,2,0) -> #N/A | AF26: =IF(AND(K26>=1,K26<=2),$AD$105,IF(AND(K26>=2,K26<=3),$AD$106,IF(AND(K26>=3,K26<=5),$AD$107,IF(AND(K26>=5,K26<=7),$AD$108,IF(AND(K26>=7,K26<=9),$AD$109,IF(AND(K26>=9,K26<=11),$AD$110,IF(AND(K26>=11,K26<=13),$AD$111,IF(AND(K26>=13,K26<=15),$AD$112,IF(AND(K26>=15,K26<=17),$AD$113,IF(AND(K26>=17,K26<=19),$AD$114,"INVALID CODE")))))))))) -> INVALID CODE | AG26: =VLOOKUP(AF26,$AD$105:$AE$114,2,0) -> #N/A | AH26: =CONCATENATE(AC26,AD26,AE26,AG26) -> #N/A | AI26: =VLOOKUP(AH26,'Price DATA'!$A$8:$C$1156,3,0) -> #N/A | AJ26: =VLOOKUP(G26,$AD$92:$AE$97,2,0) -> #N/A | AK26: =IF(AJ26="Upcharge",(VLOOKUP(AD26,$AE$81:$AF$82,2,0)),0) -> #N/A | AL26: =IF(A26=$AD$100,VLOOKUP(C26,$AD$81:$AG$82,4,0),IF(A26=$AD$103,VLOOKUP(C26,$AD$81:$AH$82,5,0),VLOOKUP(A26,$AD$83:$AG$86,4,0))) -> #N/A | AP26: =AP25+0.0625 -> 14.0625 | AQ26: =AQ25+0.0625 -> 42.0625 | AS26: =AS25+0.0625 -> 8.6875 | AT26: =AT25+0.0625 -> 13.0625 | AU26: =AU25+0.0625 -> 30.0625 | AW26: =AW25+0.0625 -> 8.0625 | AX26: =AX25+0.0625 -> 12.0625 | AZ26: =AZ25+0.0625 -> 15.0625 | BA26: =BA25+0.0625 -> 12.0625 | BC26: =BC25+0.0625 -> 8.0625 | BD26: =BD25+0.0625 -> 18.0625
K27: =IF(I27="","",ROUND(((H27*I27)/144),2)) | L27: =IF(K27="","",IF(K27>AL27,"",(AI27+AK27))) | M27: =IF(F27=$AF$89,'Price DATA'!$U$3,0) -> 0 | N27: =IF(OR(A27="",B27="",C27="",D27="",E27="",,F27="",G27="",H27="",I27="",J27=""),"",IF(OR(AF27="INVALID CODE",V27="Please Call",W27="Please Call",X27="Please Call",Y27="Please Call",Z27="Please Call",AA27="Please Call",AB27="Please Call"),"Please Call",IF(K27>AL27,"Please Call",IF(AND(E27=$AD$89,I27<30),"Incorrect Operator Position",IF(AND(H27>=36,I27>=36),"Please Call",IF(OR(V27="OKAY",W27="OKAY",X27="OKAY",Y27="OKAY",Z27="OKAY",AA27="OKAY",,AB27="OKAY"),((L27*K27)+M27),"")))))) | O27: =IF(OR(J27="",N27="",N27="Please Call",N27="Incorrect Operator Position"),"",J27*N27) | V27: =IF(A27="","",IF(OR(A27=$AD$100,A27=$AD$99,A27=$AD$102,A27=$AD$103),"N/A",IF(AND(H27>36,I27>36),"Please Call",IF(AND(AND(H27>=8,H27<9.99),OR(I27<12,I27>36)), "Please Call",IF(AND(AND(H27>=10,H27<13.99),OR(I27<12,I27>54)), "Please Call",IF(AND(AND(H27>=14,H27<19.99),OR(I27<12,I27>68)), "Please Call",IF(AND(AND(H27>=20,H27<20.99),OR(I27<12,I27>65)), "Please Call",IF(AND(AND(H27>=21,H27<21.99),OR(I27<12,I27>62)), "Please Call",IF(AND(AND(H27>=22,H27<22.99),OR(I27<12,I27>59)), "Please Call",IF(AND(AND(H27>=23,H27<23.99),OR(I27<12,I27>57)), "Please Call",IF(AND(AND(H27>=24,H27<24.99),OR(I27<12,I27>54)), "Please Call",IF(AND(AND(H27>=25,H27<25.99),OR(I27<12,I27>52)), "Please Call",IF(AND(AND(H27>=26,H27<26.99),OR(I27<12,I27>50)), "Please Call",IF(AND(AND(H27>=27,H27<27.99),OR(I27<12,I27>49)), "Please Call",IF(AND(AND(H27>=28,H27<28.99),OR(I27<12,I27>47)), "Please Call",IF(AND(AND(H27>=29,H27<29.99),OR(I27<12,I27>45)), "Please Call",IF(AND(AND(H27>=30,H27<30.99),OR(I27<12,I27>44)), "Please Call",IF(AND(AND(H27>=31,H27<31.99),OR(I27<12,I27>42)), "Please Call",IF(AND(AND(H27>=32,H27<32.99),OR(I27<12,I27>41)), "Please Call",IF(AND(AND(H27>=33,H27<33.99),OR(I27<12,I27>40)), "Please Call",IF(AND(AND(H27>=34,H27<34.99),OR(I27<12,I27>39)), "Please Call",IF(AND(AND(H27>=35,H27<35.99),OR(I27<12,I27>38)), "Please Call",IF(AND(AND(H27>=36,H27<36.99),OR(I27<12,I27>37)), "Please Call",IF(AND(AND(H27>=37,H27<37.99),OR(I27<12,I27>36)), "Please Call",IF(AND(AND(H27>=38,H27<38.99),OR(I27<12,I27>35)), "Please Call",IF(AND(AND(H27>=39,H27<39.99),OR(I27<12,I27>34)), "Please Call",IF(AND(AND(H27>=40,H27<40.99),OR(I27<12,I27>33)), "Please Call",IF(AND(AND(H27>=41,H27<41.99),OR(I27<12,I27>32)), "Please Call",IF(AND(AND(H27>=42,H27<45.99),OR(I27<12,I27>31)), "Please Call",IF(AND(AND(H27>=46,H27<47.99),OR(I27<12,I27>30)), "Please Call",IF(AND(AND(H27>=48,H27<48.99),OR(I27<12,I27>29)), "Please Call",IF(AND(AND(H27>=49,H27<50.99),OR(I27<12,I27>28)), "Please Call",IF(AND(AND(H27>=51,H27<54),OR(I27<12,I27>26)), "Please Call","OKAY"))))))))))))))))))))))))))))))))) | W27: =IF(A27="","",IF(OR(A27=$AD$100,A27=$AD$101,A27=$AD$102,A27=$AD$103),"N/A",IF(AND(H27>36,I27>36),"Please Call",IF(AND(AND(H27>=14,H27<29.99),OR(I27<42,I27>80)), "Please Call",IF(AND(AND(H27>=30,H27<30.99),OR(I27<42,I27>79)), "Please Call",IF(AND(AND(H27>=31,H27<31.99),OR(I27<42,I27>76)), "Please Call",IF(AND(AND(H27>=32,H27<32.99),OR(I27<42,I27>74)), "Please Call",IF(AND(AND(H27>=33,H27<33.99),OR(I27<42,I27>72)), "Please Call",IF(AND(AND(H27>=34,H27<34.99),OR(I27<42,I27>70)), "Please Call",IF(AND(AND(H27>=35,H27<36),OR(I27<42,I27>69)), "Please Call","OKAY")))))))))) | X27: =IF(A27="","",IF(OR(A27=$AD$101,A27=$AD$99,A27=$AD$102,C27=$AD$82,A27=$AD$103),"N/A",IF(AND(H27>36,I27>36),"Please Call",IF(AND(AND(H27>=8.625,H27<9.99),OR(I27<13,I27>36)), "Please Call",IF(AND(AND(H27>=10,H27<13.99),OR(I27<13,I27>48)), "Please Call",IF(AND(AND(H27>=14,H27<24.99),OR(I27<13,I27>80)), "Please Call",IF(AND(AND(H27>=25,H27<26.99),OR(I27<14,I27>80)), "Please Call",IF(AND(AND(H27>=27,H27<27.99),OR(I27<14,I27>79)), "Please Call",IF(AND(AND(H27>=28,H27<28.99),OR(I27<14,I27>77)), "Please Call",IF(AND(AND(H27>=29,H27<29.99),OR(I27<14,I27>75)), "Please Call",IF(AND(AND(H27>=30,H27<30.99),OR(I27<14,I27>72)), "Please Call",IF(AND(AND(H27>=31,H27<31.99),OR(I27<14,I27>70)), "Please Call",IF(AND(AND(H27>=32,H27<32.99),OR(I27<14,I27>68)), "Please Call",IF(AND(AND(H27>=33,H27<33.99),OR(I27<14,I27>66)), "Please Call",IF(AND(AND(H27>=34,H27<34.99),OR(I27<14,I27>64)), "Please Call",IF(AND(AND(H27>=35,H27<35.99),OR(I27<14,I27>62)), "Please Call",IF(AND(AND(H27>=36,H27<36.99),OR(I27<14,I27>60)), "Please Call",IF(AND(AND(H27>=37,H27<41.99),OR(I27<15,I27>36)), "Please Call",IF(AND(AND(H27>=42,H27<59.99),OR(I27<18,I27>36)), "Please Call",IF(AND(AND(H27>=60,H27<61.99),OR(I27<18,I27>35)), "Please Call",IF(AND(AND(H27>=62,H27<63.99),OR(I27<18,I27>34)), "Please Call",IF(AND(AND(H27>=64,H27<65.99),OR(I27<18,I27>33)), "Please Call",IF(AND(AND(H27>=66,H27<67.99),OR(I27<18,I27>32)), "Please Call",IF(AND(AND(H27>=68,H27<69.99),OR(I27<18,I27>31)), "Please Call",IF(AND(AND(H27>=70,H27<71.99),OR(I27<18,I27>30)), "Please Call",IF(AND(AND(H27>=72,H27<74.99),OR(I27<18,I27>29)), "Please Call",IF(AND(AND(H27>=75,H27<77.99),OR(I27<18,I27>28)), "Please Call",IF(AND(AND(H27>=78,H27<78.99),OR(I27<18,I27>27)), "Please Call",IF(AND(AND(H27>=79,H27<80),OR(I27<18,I27>26)), "Please Call","OKAY"))))))))))))))))))))))))))))) | Y27: =IF(A27="","",IF(OR(A27=$AD$99,A27=$AD$101,A27=$AD$102,C27=$AD$81,A27=$AD$103),"N/A",IF(AND(H27>36,I27>36),"Please Call",IF(AND(AND(H27>=8.625,H27<9.99),OR(I27<13,I27>36)), "Please Call",IF(AND(AND(H27>=10,H27<13.99),OR(I27<13,I27>48)), "Please Call",IF(AND(AND(H27>=14,H27<24.99),OR(I27<13,I27>80)), "Please Call",IF(AND(AND(H27>=25,H27<30.99),OR(I27<14,I27>80)), "Please Call",IF(AND(AND(H27>=31,H27<31.99),OR(I27<14,I27>78)), "Please Call",IF(AND(AND(H27>=32,H27<32.99),OR(I27<14,I27>76)), "Please Call",IF(AND(AND(H27>=33,H27<33.99),OR(I27<14,I27>75)), "Please Call",IF(AND(AND(H27>=34,H27<34.99),OR(I27<14,I27>73)), "Please Call",IF(AND(AND(H27>=35,H27<36.99),OR(I27<14,I27>69)), "Please Call",IF(AND(AND(H27>=37,H27<41.99),OR(I27<15,I27>36)), "Please Call",IF(AND(AND(H27>=42,H27<47.99),OR(I27<18,I27>36)), "Please Call",IF(AND(AND(H27>=48,H27<49.99),OR(I27<18,I27>35)), "Please Call",IF(AND(AND(H27>=50,H27<50.99),OR(I27<18,I27>34)), "Please Call",IF(AND(AND(H27>=51,H27<52.99),OR(I27<18,I27>33)), "Please Call",IF(AND(AND(H27>=53,H27<53.99),OR(I27<18,I27>32)), "Please Call",IF(AND(AND(H27>=54,H27<55.99),OR(I27<18,I27>31)), "Please Call",IF(AND(AND(H27>=56,H27<57.99),OR(I27<18,I27>30)), "Please Call",IF(AND(AND(H27>=58,H27<59.99),OR(I27<18,I27>29)), "Please Call",IF(AND(AND(H27>=60,H27<61.99),OR(I27<18,I27>28)), "Please Call",IF(AND(AND(H27>=62,H27<63.99),OR(I27<18,I27>27)), "Please Call",IF(AND(AND(H27>=64,H27<66.99),OR(I27<18,I27>26)), "Please Call",IF(AND(AND(H27>=67,H27<69.99),OR(I27<18,I27>25)), "Please Call",IF(AND(AND(H27>=70,H27<71.99),OR(I27<18,I27>24)), "Please Call",IF(AND(AND(H27>=72,H27<75.99),OR(I27<18,I27>23)), "Please Call",IF(AND(AND(H27>=76,H27<77.99),OR(I27<18,I27>22)), "Please Call",IF(AND(AND(H27>=78,H27<80),OR(I27<18,I27>21)), "Please Call","OKAY"))))))))))))))))))))))))))))) | Z27: =IF(A27="","",IF(OR(A27=$AD$100,A27=$AD$99,A27=$AD$101,A27=$AD$103),"N/A",IF(AND(H27>36,I27>36),"Please Call",IF(AND(AND(H27>=15,H27<15.99),OR(I27<12,I27>13.99)), "Please Call",IF(AND(AND(H27>=16,H27<16.99),OR(I27<12,I27>15.99)), "Please Call",IF(AND(AND(H27>=17,H27<17.99),OR(I27<12,I27>18.99)), "Please Call",IF(AND(AND(H27>=18,H27<18.99),OR(I27<12,I27>20.99)), "Please Call",IF(AND(AND(H27>=19,H27<19.99),OR(I27<12,I27>22.99)), "Please Call",IF(AND(AND(H27>=20,H27<20.99),OR(I27<12,I27>24.99)), "Please Call",IF(AND(AND(H27>=21,H27<21.99),OR(I27<12,I27>26.99)), "Please Call",IF(AND(AND(H27>=22,H27<22.99),OR(I27<12,I27>28.99)), "Please Call",IF(AND(AND(H27>=23,H27<23.99),OR(I27<12,I27>30.99)), "Please Call",IF(AND(AND(H27>=24,H27<24.99),OR(I27<12,I27>31.99)), "Please Call",IF(AND(AND(H27>=25,H27<25.99),OR(I27<12,I27>35.99)), "Please Call",IF(AND(AND(H27>=26,H27<26.99),OR(I27<12,I27>36.99)), "Please Call",IF(AND(AND(H27>=27,H27<28.99),OR(I27<12,I27>37.99)), "Please Call",IF(AND(AND(H27>=29,H27<29.99),OR(I27<12,I27>39.99)), "Please Call",IF(AND(AND(H27>=30,H27<32.99),OR(I27<12,I27>41)), "Please Call",IF(AND(AND(H27>=33,H27<33.99),OR(I27<12,I27>39.99)), "Please Call",IF(AND(AND(H27>=34,H27<34.99),OR(I27<12,I27>38.99)), "Please Call",IF(AND(AND(H27>=35,H27<35.99),OR(I27<12,I27>37.99)), "Please Call",IF(AND(AND(H27>=36,H27<36.99),OR(I27<12,I27>36.99)), "Please Call",IF(AND(AND(H27>=37,H27<37.99),OR(I27<12,I27>35.99)), "Please Call",IF(AND(AND(H27>=38,H27<38.99),OR(I27<12,I27>34.99)), "Please Call",IF(AND(AND(H27>=39,H27<39.99),OR(I27<12,I27>33.99)), "Please Call",IF(AND(AND(H27>=40,H27<40.99),OR(I27<12,I27>32.99)), "Please Call",IF(AND(AND(H27>=41,H27<41.99),OR(I27<12,I27>31.99)), "Please Call",IF(AND(AND(H27>=42,H27<43.99),OR(I27<12,I27>30.99)), "Please Call",IF(AND(AND(H27>=44,H27<44.99),OR(I27<12,I27>29.99)), "Please Call",IF(AND(AND(H27>=45,H27<46.99),OR(I27<12,I27>28.99)), "Please Call",IF(AND(AND(H27>=47,H27<48.99),OR(I27<12,I27>27.99)), "Please Call",IF(AND(AND(H27>=49,H27<49.99),OR(I27<12,I27>26.99)), "Please Call",IF(AND(AND(H27>=50,H27<51.99),OR(I27<12,I27>25.99)), "Please Call",IF(AND(AND(H27>=52,H27<54),OR(I27<12,I27>24.99)), "Please Call","OKAY")))))))))))))))))))))))))))))))))) | AA27: =IF(A27="","",IF(OR(A27=$AD$99,A27=$AD$100,A27=$AD$101,A27=$AD$102,C27=$AD$81),"N/A",IF(AND(AND(H27<8,H27>48),OR(I27<18,I27>80)), "Please Call",IF(AND(H27>36,I27>36),"Please Call",IF(K27>18.2,"Please Call","OKAY"))))) | AB27: =IF(A27="","",IF(OR(A27=$AD$99,A27=$AD$100,A27=$AD$101,A27=$AD$102,C27=$AD$82),"N/A",IF(AND(AND(H27<8,H27>48),OR(I27<18,I27>80)), "Please Call",IF(AND(H27>36,I27>36),"Please Call",IF(K27>=15,"Please Call","OKAY"))))) | AC27: =VLOOKUP(A27,$AD$99:$AE$103,2,0) -> #N/A | AD27: =VLOOKUP(C27,$AD$81:$AE$82,2,0) -> #N/A | AE27: =VLOOKUP(D27,$AD$58:$AE$70,2,0) -> #N/A | AF27: =IF(AND(K27>=1,K27<=2),$AD$105,IF(AND(K27>=2,K27<=3),$AD$106,IF(AND(K27>=3,K27<=5),$AD$107,IF(AND(K27>=5,K27<=7),$AD$108,IF(AND(K27>=7,K27<=9),$AD$109,IF(AND(K27>=9,K27<=11),$AD$110,IF(AND(K27>=11,K27<=13),$AD$111,IF(AND(K27>=13,K27<=15),$AD$112,IF(AND(K27>=15,K27<=17),$AD$113,IF(AND(K27>=17,K27<=19),$AD$114,"INVALID CODE")))))))))) -> INVALID CODE | AG27: =VLOOKUP(AF27,$AD$105:$AE$114,2,0) -> #N/A | AH27: =CONCATENATE(AC27,AD27,AE27,AG27) -> #N/A | AI27: =VLOOKUP(AH27,'Price DATA'!$A$8:$C$1156,3,0) -> #N/A | AJ27: =VLOOKUP(G27,$AD$92:$AE$97,2,0) -> #N/A | AK27: =IF(AJ27="Upcharge",(VLOOKUP(AD27,$AE$81:$AF$82,2,0)),0) -> #N/A | AL27: =IF(A27=$AD$100,VLOOKUP(C27,$AD$81:$AG$82,4,0),IF(A27=$AD$103,VLOOKUP(C27,$AD$81:$AH$82,5,0),VLOOKUP(A27,$AD$83:$AG$86,4,0))) -> #N/A | AP27: =AP26+0.0625 -> 14.125 | AQ27: =AQ26+0.0625 -> 42.125 | AS27: =AS26+0.0625 -> 8.75 | AT27: =AT26+0.0625 -> 13.125 | AU27: =AU26+0.0625 -> 30.125 | AW27: =AW26+0.0625 -> 8.125 | AX27: =AX26+0.0625 -> 12.125 | AZ27: =AZ26+0.0625 -> 15.125 | BA27: =BA26+0.0625 -> 12.125 | BC27: =BC26+0.0625 -> 8.125 | BD27: =BD26+0.0625 -> 18.125
K28: =IF(I28="","",ROUND(((H28*I28)/144),2)) | L28: =IF(K28="","",IF(K28>AL28,"",(AI28+AK28))) | M28: =IF(F28=$AF$89,'Price DATA'!$U$3,0) -> 0 | N28: =IF(OR(A28="",B28="",C28="",D28="",E28="",,F28="",G28="",H28="",I28="",J28=""),"",IF(OR(AF28="INVALID CODE",V28="Please Call",W28="Please Call",X28="Please Call",Y28="Please Call",Z28="Please Call",AA28="Please Call",AB28="Please Call"),"Please Call",IF(K28>AL28,"Please Call",IF(AND(E28=$AD$89,I28<30),"Incorrect Operator Position",IF(AND(H28>=36,I28>=36),"Please Call",IF(OR(V28="OKAY",W28="OKAY",X28="OKAY",Y28="OKAY",Z28="OKAY",AA28="OKAY",,AB28="OKAY"),((L28*K28)+M28),"")))))) | O28: =IF(OR(J28="",N28="",N28="Please Call",N28="Incorrect Operator Position"),"",J28*N28) | V28: =IF(A28="","",IF(OR(A28=$AD$100,A28=$AD$99,A28=$AD$102,A28=$AD$103),"N/A",IF(AND(H28>36,I28>36),"Please Call",IF(AND(AND(H28>=8,H28<9.99),OR(I28<12,I28>36)), "Please Call",IF(AND(AND(H28>=10,H28<13.99),OR(I28<12,I28>54)), "Please Call",IF(AND(AND(H28>=14,H28<19.99),OR(I28<12,I28>68)), "Please Call",IF(AND(AND(H28>=20,H28<20.99),OR(I28<12,I28>65)), "Please Call",IF(AND(AND(H28>=21,H28<21.99),OR(I28<12,I28>62)), "Please Call",IF(AND(AND(H28>=22,H28<22.99),OR(I28<12,I28>59)), "Please Call",IF(AND(AND(H28>=23,H28<23.99),OR(I28<12,I28>57)), "Please Call",IF(AND(AND(H28>=24,H28<24.99),OR(I28<12,I28>54)), "Please Call",IF(AND(AND(H28>=25,H28<25.99),OR(I28<12,I28>52)), "Please Call",IF(AND(AND(H28>=26,H28<26.99),OR(I28<12,I28>50)), "Please Call",IF(AND(AND(H28>=27,H28<27.99),OR(I28<12,I28>49)), "Please Call",IF(AND(AND(H28>=28,H28<28.99),OR(I28<12,I28>47)), "Please Call",IF(AND(AND(H28>=29,H28<29.99),OR(I28<12,I28>45)), "Please Call",IF(AND(AND(H28>=30,H28<30.99),OR(I28<12,I28>44)), "Please Call",IF(AND(AND(H28>=31,H28<31.99),OR(I28<12,I28>42)), "Please Call",IF(AND(AND(H28>=32,H28<32.99),OR(I28<12,I28>41)), "Please Call",IF(AND(AND(H28>=33,H28<33.99),OR(I28<12,I28>40)), "Please Call",IF(AND(AND(H28>=34,H28<34.99),OR(I28<12,I28>39)), "Please Call",IF(AND(AND(H28>=35,H28<35.99),OR(I28<12,I28>38)), "Please Call",IF(AND(AND(H28>=36,H28<36.99),OR(I28<12,I28>37)), "Please Call",IF(AND(AND(H28>=37,H28<37.99),OR(I28<12,I28>36)), "Please Call",IF(AND(AND(H28>=38,H28<38.99),OR(I28<12,I28>35)), "Please Call",IF(AND(AND(H28>=39,H28<39.99),OR(I28<12,I28>34)), "Please Call",IF(AND(AND(H28>=40,H28<40.99),OR(I28<12,I28>33)), "Please Call",IF(AND(AND(H28>=41,H28<41.99),OR(I28<12,I28>32)), "Please Call",IF(AND(AND(H28>=42,H28<45.99),OR(I28<12,I28>31)), "Please Call",IF(AND(AND(H28>=46,H28<47.99),OR(I28<12,I28>30)), "Please Call",IF(AND(AND(H28>=48,H28<48.99),OR(I28<12,I28>29)), "Please Call",IF(AND(AND(H28>=49,H28<50.99),OR(I28<12,I28>28)), "Please Call",IF(AND(AND(H28>=51,H28<54),OR(I28<12,I28>26)), "Please Call","OKAY"))))))))))))))))))))))))))))))))) | W28: =IF(A28="","",IF(OR(A28=$AD$100,A28=$AD$101,A28=$AD$102,A28=$AD$103),"N/A",IF(AND(H28>36,I28>36),"Please Call",IF(AND(AND(H28>=14,H28<29.99),OR(I28<42,I28>80)), "Please Call",IF(AND(AND(H28>=30,H28<30.99),OR(I28<42,I28>79)), "Please Call",IF(AND(AND(H28>=31,H28<31.99),OR(I28<42,I28>76)), "Please Call",IF(AND(AND(H28>=32,H28<32.99),OR(I28<42,I28>74)), "Please Call",IF(AND(AND(H28>=33,H28<33.99),OR(I28<42,I28>72)), "Please Call",IF(AND(AND(H28>=34,H28<34.99),OR(I28<42,I28>70)), "Please Call",IF(AND(AND(H28>=35,H28<36),OR(I28<42,I28>69)), "Please Call","OKAY")))))))))) | X28: =IF(A28="","",IF(OR(A28=$AD$101,A28=$AD$99,A28=$AD$102,C28=$AD$82,A28=$AD$103),"N/A",IF(AND(H28>36,I28>36),"Please Call",IF(AND(AND(H28>=8.625,H28<9.99),OR(I28<13,I28>36)), "Please Call",IF(AND(AND(H28>=10,H28<13.99),OR(I28<13,I28>48)), "Please Call",IF(AND(AND(H28>=14,H28<24.99),OR(I28<13,I28>80)), "Please Call",IF(AND(AND(H28>=25,H28<26.99),OR(I28<14,I28>80)), "Please Call",IF(AND(AND(H28>=27,H28<27.99),OR(I28<14,I28>79)), "Please Call",IF(AND(AND(H28>=28,H28<28.99),OR(I28<14,I28>77)), "Please Call",IF(AND(AND(H28>=29,H28<29.99),OR(I28<14,I28>75)), "Please Call",IF(AND(AND(H28>=30,H28<30.99),OR(I28<14,I28>72)), "Please Call",IF(AND(AND(H28>=31,H28<31.99),OR(I28<14,I28>70)), "Please Call",IF(AND(AND(H28>=32,H28<32.99),OR(I28<14,I28>68)), "Please Call",IF(AND(AND(H28>=33,H28<33.99),OR(I28<14,I28>66)), "Please Call",IF(AND(AND(H28>=34,H28<34.99),OR(I28<14,I28>64)), "Please Call",IF(AND(AND(H28>=35,H28<35.99),OR(I28<14,I28>62)), "Please Call",IF(AND(AND(H28>=36,H28<36.99),OR(I28<14,I28>60)), "Please Call",IF(AND(AND(H28>=37,H28<41.99),OR(I28<15,I28>36)), "Please Call",IF(AND(AND(H28>=42,H28<59.99),OR(I28<18,I28>36)), "Please Call",IF(AND(AND(H28>=60,H28<61.99),OR(I28<18,I28>35)), "Please Call",IF(AND(AND(H28>=62,H28<63.99),OR(I28<18,I28>34)), "Please Call",IF(AND(AND(H28>=64,H28<65.99),OR(I28<18,I28>33)), "Please Call",IF(AND(AND(H28>=66,H28<67.99),OR(I28<18,I28>32)), "Please Call",IF(AND(AND(H28>=68,H28<69.99),OR(I28<18,I28>31)), "Please Call",IF(AND(AND(H28>=70,H28<71.99),OR(I28<18,I28>30)), "Please Call",IF(AND(AND(H28>=72,H28<74.99),OR(I28<18,I28>29)), "Please Call",IF(AND(AND(H28>=75,H28<77.99),OR(I28<18,I28>28)), "Please Call",IF(AND(AND(H28>=78,H28<78.99),OR(I28<18,I28>27)), "Please Call",IF(AND(AND(H28>=79,H28<80),OR(I28<18,I28>26)), "Please Call","OKAY"))))))))))))))))))))))))))))) | Y28: =IF(A28="","",IF(OR(A28=$AD$99,A28=$AD$101,A28=$AD$102,C28=$AD$81,A28=$AD$103),"N/A",IF(AND(H28>36,I28>36),"Please Call",IF(AND(AND(H28>=8.625,H28<9.99),OR(I28<13,I28>36)), "Please Call",IF(AND(AND(H28>=10,H28<13.99),OR(I28<13,I28>48)), "Please Call",IF(AND(AND(H28>=14,H28<24.99),OR(I28<13,I28>80)), "Please Call",IF(AND(AND(H28>=25,H28<30.99),OR(I28<14,I28>80)), "Please Call",IF(AND(AND(H28>=31,H28<31.99),OR(I28<14,I28>78)), "Please Call",IF(AND(AND(H28>=32,H28<32.99),OR(I28<14,I28>76)), "Please Call",IF(AND(AND(H28>=33,H28<33.99),OR(I28<14,I28>75)), "Please Call",IF(AND(AND(H28>=34,H28<34.99),OR(I28<14,I28>73)), "Please Call",IF(AND(AND(H28>=35,H28<36.99),OR(I28<14,I28>69)), "Please Call",IF(AND(AND(H28>=37,H28<41.99),OR(I28<15,I28>36)), "Please Call",IF(AND(AND(H28>=42,H28<47.99),OR(I28<18,I28>36)), "Please Call",IF(AND(AND(H28>=48,H28<49.99),OR(I28<18,I28>35)), "Please Call",IF(AND(AND(H28>=50,H28<50.99),OR(I28<18,I28>34)), "Please Call",IF(AND(AND(H28>=51,H28<52.99),OR(I28<18,I28>33)), "Please Call",IF(AND(AND(H28>=53,H28<53.99),OR(I28<18,I28>32)), "Please Call",IF(AND(AND(H28>=54,H28<55.99),OR(I28<18,I28>31)), "Please Call",IF(AND(AND(H28>=56,H28<57.99),OR(I28<18,I28>30)), "Please Call",IF(AND(AND(H28>=58,H28<59.99),OR(I28<18,I28>29)), "Please Call",IF(AND(AND(H28>=60,H28<61.99),OR(I28<18,I28>28)), "Please Call",IF(AND(AND(H28>=62,H28<63.99),OR(I28<18,I28>27)), "Please Call",IF(AND(AND(H28>=64,H28<66.99),OR(I28<18,I28>26)), "Please Call",IF(AND(AND(H28>=67,H28<69.99),OR(I28<18,I28>25)), "Please Call",IF(AND(AND(H28>=70,H28<71.99),OR(I28<18,I28>24)), "Please Call",IF(AND(AND(H28>=72,H28<75.99),OR(I28<18,I28>23)), "Please Call",IF(AND(AND(H28>=76,H28<77.99),OR(I28<18,I28>22)), "Please Call",IF(AND(AND(H28>=78,H28<80),OR(I28<18,I28>21)), "Please Call","OKAY"))))))))))))))))))))))))))))) | Z28: =IF(A28="","",IF(OR(A28=$AD$100,A28=$AD$99,A28=$AD$101,A28=$AD$103),"N/A",IF(AND(H28>36,I28>36),"Please Call",IF(AND(AND(H28>=15,H28<15.99),OR(I28<12,I28>13.99)), "Please Call",IF(AND(AND(H28>=16,H28<16.99),OR(I28<12,I28>15.99)), "Please Call",IF(AND(AND(H28>=17,H28<17.99),OR(I28<12,I28>18.99)), "Please Call",IF(AND(AND(H28>=18,H28<18.99),OR(I28<12,I28>20.99)), "Please Call",IF(AND(AND(H28>=19,H28<19.99),OR(I28<12,I28>22.99)), "Please Call",IF(AND(AND(H28>=20,H28<20.99),OR(I28<12,I28>24.99)), "Please Call",IF(AND(AND(H28>=21,H28<21.99),OR(I28<12,I28>26.99)), "Please Call",IF(AND(AND(H28>=22,H28<22.99),OR(I28<12,I28>28.99)), "Please Call",IF(AND(AND(H28>=23,H28<23.99),OR(I28<12,I28>30.99)), "Please Call",IF(AND(AND(H28>=24,H28<24.99),OR(I28<12,I28>31.99)), "Please Call",IF(AND(AND(H28>=25,H28<25.99),OR(I28<12,I28>35.99)), "Please Call",IF(AND(AND(H28>=26,H28<26.99),OR(I28<12,I28>36.99)), "Please Call",IF(AND(AND(H28>=27,H28<28.99),OR(I28<12,I28>37.99)), "Please Call",IF(AND(AND(H28>=29,H28<29.99),OR(I28<12,I28>39.99)), "Please Call",IF(AND(AND(H28>=30,H28<32.99),OR(I28<12,I28>41)), "Please Call",IF(AND(AND(H28>=33,H28<33.99),OR(I28<12,I28>39.99)), "Please Call",IF(AND(AND(H28>=34,H28<34.99),OR(I28<12,I28>38.99)), "Please Call",IF(AND(AND(H28>=35,H28<35.99),OR(I28<12,I28>37.99)), "Please Call",IF(AND(AND(H28>=36,H28<36.99),OR(I28<12,I28>36.99)), "Please Call",IF(AND(AND(H28>=37,H28<37.99),OR(I28<12,I28>35.99)), "Please Call",IF(AND(AND(H28>=38,H28<38.99),OR(I28<12,I28>34.99)), "Please Call",IF(AND(AND(H28>=39,H28<39.99),OR(I28<12,I28>33.99)), "Please Call",IF(AND(AND(H28>=40,H28<40.99),OR(I28<12,I28>32.99)), "Please Call",IF(AND(AND(H28>=41,H28<41.99),OR(I28<12,I28>31.99)), "Please Call",IF(AND(AND(H28>=42,H28<43.99),OR(I28<12,I28>30.99)), "Please Call",IF(AND(AND(H28>=44,H28<44.99),OR(I28<12,I28>29.99)), "Please Call",IF(AND(AND(H28>=45,H28<46.99),OR(I28<12,I28>28.99)), "Please Call",IF(AND(AND(H28>=47,H28<48.99),OR(I28<12,I28>27.99)), "Please Call",IF(AND(AND(H28>=49,H28<49.99),OR(I28<12,I28>26.99)), "Please Call",IF(AND(AND(H28>=50,H28<51.99),OR(I28<12,I28>25.99)), "Please Call",IF(AND(AND(H28>=52,H28<54),OR(I28<12,I28>24.99)), "Please Call","OKAY")))))))))))))))))))))))))))))))))) | AA28: =IF(A28="","",IF(OR(A28=$AD$99,A28=$AD$100,A28=$AD$101,A28=$AD$102,C28=$AD$81),"N/A",IF(AND(AND(H28<8,H28>48),OR(I28<18,I28>80)), "Please Call",IF(AND(H28>36,I28>36),"Please Call",IF(K28>18.2,"Please Call","OKAY"))))) | AB28: =IF(A28="","",IF(OR(A28=$AD$99,A28=$AD$100,A28=$AD$101,A28=$AD$102,C28=$AD$82),"N/A",IF(AND(AND(H28<8,H28>48),OR(I28<18,I28>80)), "Please Call",IF(AND(H28>36,I28>36),"Please Call",IF(K28>=15,"Please Call","OKAY"))))) | AC28: =VLOOKUP(A28,$AD$99:$AE$103,2,0) -> #N/A | AD28: =VLOOKUP(C28,$AD$81:$AE$82,2,0) -> #N/A | AE28: =VLOOKUP(D28,$AD$58:$AE$70,2,0) -> #N/A | AF28: =IF(AND(K28>=1,K28<=2),$AD$105,IF(AND(K28>=2,K28<=3),$AD$106,IF(AND(K28>=3,K28<=5),$AD$107,IF(AND(K28>=5,K28<=7),$AD$108,IF(AND(K28>=7,K28<=9),$AD$109,IF(AND(K28>=9,K28<=11),$AD$110,IF(AND(K28>=11,K28<=13),$AD$111,IF(AND(K28>=13,K28<=15),$AD$112,IF(AND(K28>=15,K28<=17),$AD$113,IF(AND(K28>=17,K28<=19),$AD$114,"INVALID CODE")))))))))) -> INVALID CODE | AG28: =VLOOKUP(AF28,$AD$105:$AE$114,2,0) -> #N/A | AH28: =CONCATENATE(AC28,AD28,AE28,AG28) -> #N/A | AI28: =VLOOKUP(AH28,'Price DATA'!$A$8:$C$1156,3,0) -> #N/A | AJ28: =VLOOKUP(G28,$AD$92:$AE$97,2,0) -> #N/A | AK28: =IF(AJ28="Upcharge",(VLOOKUP(AD28,$AE$81:$AF$82,2,0)),0) -> #N/A | AL28: =IF(A28=$AD$100,VLOOKUP(C28,$AD$81:$AG$82,4,0),IF(A28=$AD$103,VLOOKUP(C28,$AD$81:$AH$82,5,0),VLOOKUP(A28,$AD$83:$AG$86,4,0))) -> #N/A | AP28: =AP27+0.0625 -> 14.1875 | AQ28: =AQ27+0.0625 -> 42.1875 | AS28: =AS27+0.0625 -> 8.8125 | AT28: =AT27+0.0625 -> 13.1875 | AU28: =AU27+0.0625 -> 30.1875 | AW28: =AW27+0.0625 -> 8.1875 | AX28: =AX27+0.0625 -> 12.1875 | AZ28: =AZ27+0.0625 -> 15.1875 | BA28: =BA27+0.0625 -> 12.1875 | BC28: =BC27+0.0625 -> 8.1875 | BD28: =BD27+0.0625 -> 18.1875
K29: =IF(I29="","",ROUND(((H29*I29)/144),2)) | L29: =IF(K29="","",IF(K29>AL29,"",(AI29+AK29))) | M29: =IF(F29=$AF$89,'Price DATA'!$U$3,0) -> 0 | N29: =IF(OR(A29="",B29="",C29="",D29="",E29="",,F29="",G29="",H29="",I29="",J29=""),"",IF(OR(AF29="INVALID CODE",V29="Please Call",W29="Please Call",X29="Please Call",Y29="Please Call",Z29="Please Call",AA29="Please Call",AB29="Please Call"),"Please Call",IF(K29>AL29,"Please Call",IF(AND(E29=$AD$89,I29<30),"Incorrect Operator Position",IF(AND(H29>=36,I29>=36),"Please Call",IF(OR(V29="OKAY",W29="OKAY",X29="OKAY",Y29="OKAY",Z29="OKAY",AA29="OKAY",,AB29="OKAY"),((L29*K29)+M29),"")))))) | O29: =IF(OR(J29="",N29="",N29="Please Call",N29="Incorrect Operator Position"),"",J29*N29) | V29: =IF(A29="","",IF(OR(A29=$AD$100,A29=$AD$99,A29=$AD$102,A29=$AD$103),"N/A",IF(AND(H29>36,I29>36),"Please Call",IF(AND(AND(H29>=8,H29<9.99),OR(I29<12,I29>36)), "Please Call",IF(AND(AND(H29>=10,H29<13.99),OR(I29<12,I29>54)), "Please Call",IF(AND(AND(H29>=14,H29<19.99),OR(I29<12,I29>68)), "Please Call",IF(AND(AND(H29>=20,H29<20.99),OR(I29<12,I29>65)), "Please Call",IF(AND(AND(H29>=21,H29<21.99),OR(I29<12,I29>62)), "Please Call",IF(AND(AND(H29>=22,H29<22.99),OR(I29<12,I29>59)), "Please Call",IF(AND(AND(H29>=23,H29<23.99),OR(I29<12,I29>57)), "Please Call",IF(AND(AND(H29>=24,H29<24.99),OR(I29<12,I29>54)), "Please Call",IF(AND(AND(H29>=25,H29<25.99),OR(I29<12,I29>52)), "Please Call",IF(AND(AND(H29>=26,H29<26.99),OR(I29<12,I29>50)), "Please Call",IF(AND(AND(H29>=27,H29<27.99),OR(I29<12,I29>49)), "Please Call",IF(AND(AND(H29>=28,H29<28.99),OR(I29<12,I29>47)), "Please Call",IF(AND(AND(H29>=29,H29<29.99),OR(I29<12,I29>45)), "Please Call",IF(AND(AND(H29>=30,H29<30.99),OR(I29<12,I29>44)), "Please Call",IF(AND(AND(H29>=31,H29<31.99),OR(I29<12,I29>42)), "Please Call",IF(AND(AND(H29>=32,H29<32.99),OR(I29<12,I29>41)), "Please Call",IF(AND(AND(H29>=33,H29<33.99),OR(I29<12,I29>40)), "Please Call",IF(AND(AND(H29>=34,H29<34.99),OR(I29<12,I29>39)), "Please Call",IF(AND(AND(H29>=35,H29<35.99),OR(I29<12,I29>38)), "Please Call",IF(AND(AND(H29>=36,H29<36.99),OR(I29<12,I29>37)), "Please Call",IF(AND(AND(H29>=37,H29<37.99),OR(I29<12,I29>36)), "Please Call",IF(AND(AND(H29>=38,H29<38.99),OR(I29<12,I29>35)), "Please Call",IF(AND(AND(H29>=39,H29<39.99),OR(I29<12,I29>34)), "Please Call",IF(AND(AND(H29>=40,H29<40.99),OR(I29<12,I29>33)), "Please Call",IF(AND(AND(H29>=41,H29<41.99),OR(I29<12,I29>32)), "Please Call",IF(AND(AND(H29>=42,H29<45.99),OR(I29<12,I29>31)), "Please Call",IF(AND(AND(H29>=46,H29<47.99),OR(I29<12,I29>30)), "Please Call",IF(AND(AND(H29>=48,H29<48.99),OR(I29<12,I29>29)), "Please Call",IF(AND(AND(H29>=49,H29<50.99),OR(I29<12,I29>28)), "Please Call",IF(AND(AND(H29>=51,H29<54),OR(I29<12,I29>26)), "Please Call","OKAY"))))))))))))))))))))))))))))))))) | W29: =IF(A29="","",IF(OR(A29=$AD$100,A29=$AD$101,A29=$AD$102,A29=$AD$103),"N/A",IF(AND(H29>36,I29>36),"Please Call",IF(AND(AND(H29>=14,H29<29.99),OR(I29<42,I29>80)), "Please Call",IF(AND(AND(H29>=30,H29<30.99),OR(I29<42,I29>79)), "Please Call",IF(AND(AND(H29>=31,H29<31.99),OR(I29<42,I29>76)), "Please Call",IF(AND(AND(H29>=32,H29<32.99),OR(I29<42,I29>74)), "Please Call",IF(AND(AND(H29>=33,H29<33.99),OR(I29<42,I29>72)), "Please Call",IF(AND(AND(H29>=34,H29<34.99),OR(I29<42,I29>70)), "Please Call",IF(AND(AND(H29>=35,H29<36),OR(I29<42,I29>69)), "Please Call","OKAY")))))))))) | X29: =IF(A29="","",IF(OR(A29=$AD$101,A29=$AD$99,A29=$AD$102,C29=$AD$82,A29=$AD$103),"N/A",IF(AND(H29>36,I29>36),"Please Call",IF(AND(AND(H29>=8.625,H29<9.99),OR(I29<13,I29>36)), "Please Call",IF(AND(AND(H29>=10,H29<13.99),OR(I29<13,I29>48)), "Please Call",IF(AND(AND(H29>=14,H29<24.99),OR(I29<13,I29>80)), "Please Call",IF(AND(AND(H29>=25,H29<26.99),OR(I29<14,I29>80)), "Please Call",IF(AND(AND(H29>=27,H29<27.99),OR(I29<14,I29>79)), "Please Call",IF(AND(AND(H29>=28,H29<28.99),OR(I29<14,I29>77)), "Please Call",IF(AND(AND(H29>=29,H29<29.99),OR(I29<14,I29>75)), "Please Call",IF(AND(AND(H29>=30,H29<30.99),OR(I29<14,I29>72)), "Please Call",IF(AND(AND(H29>=31,H29<31.99),OR(I29<14,I29>70)), "Please Call",IF(AND(AND(H29>=32,H29<32.99),OR(I29<14,I29>68)), "Please Call",IF(AND(AND(H29>=33,H29<33.99),OR(I29<14,I29>66)), "Please Call",IF(AND(AND(H29>=34,H29<34.99),OR(I29<14,I29>64)), "Please Call",IF(AND(AND(H29>=35,H29<35.99),OR(I29<14,I29>62)), "Please Call",IF(AND(AND(H29>=36,H29<36.99),OR(I29<14,I29>60)), "Please Call",IF(AND(AND(H29>=37,H29<41.99),OR(I29<15,I29>36)), "Please Call",IF(AND(AND(H29>=42,H29<59.99),OR(I29<18,I29>36)), "Please Call",IF(AND(AND(H29>=60,H29<61.99),OR(I29<18,I29>35)), "Please Call",IF(AND(AND(H29>=62,H29<63.99),OR(I29<18,I29>34)), "Please Call",IF(AND(AND(H29>=64,H29<65.99),OR(I29<18,I29>33)), "Please Call",IF(AND(AND(H29>=66,H29<67.99),OR(I29<18,I29>32)), "Please Call",IF(AND(AND(H29>=68,H29<69.99),OR(I29<18,I29>31)), "Please Call",IF(AND(AND(H29>=70,H29<71.99),OR(I29<18,I29>30)), "Please Call",IF(AND(AND(H29>=72,H29<74.99),OR(I29<18,I29>29)), "Please Call",IF(AND(AND(H29>=75,H29<77.99),OR(I29<18,I29>28)), "Please Call",IF(AND(AND(H29>=78,H29<78.99),OR(I29<18,I29>27)), "Please Call",IF(AND(AND(H29>=79,H29<80),OR(I29<18,I29>26)), "Please Call","OKAY"))))))))))))))))))))))))))))) | Y29: =IF(A29="","",IF(OR(A29=$AD$99,A29=$AD$101,A29=$AD$102,C29=$AD$81,A29=$AD$103),"N/A",IF(AND(H29>36,I29>36),"Please Call",IF(AND(AND(H29>=8.625,H29<9.99),OR(I29<13,I29>36)), "Please Call",IF(AND(AND(H29>=10,H29<13.99),OR(I29<13,I29>48)), "Please Call",IF(AND(AND(H29>=14,H29<24.99),OR(I29<13,I29>80)), "Please Call",IF(AND(AND(H29>=25,H29<30.99),OR(I29<14,I29>80)), "Please Call",IF(AND(AND(H29>=31,H29<31.99),OR(I29<14,I29>78)), "Please Call",IF(AND(AND(H29>=32,H29<32.99),OR(I29<14,I29>76)), "Please Call",IF(AND(AND(H29>=33,H29<33.99),OR(I29<14,I29>75)), "Please Call",IF(AND(AND(H29>=34,H29<34.99),OR(I29<14,I29>73)), "Please Call",IF(AND(AND(H29>=35,H29<36.99),OR(I29<14,I29>69)), "Please Call",IF(AND(AND(H29>=37,H29<41.99),OR(I29<15,I29>36)), "Please Call",IF(AND(AND(H29>=42,H29<47.99),OR(I29<18,I29>36)), "Please Call",IF(AND(AND(H29>=48,H29<49.99),OR(I29<18,I29>35)), "Please Call",IF(AND(AND(H29>=50,H29<50.99),OR(I29<18,I29>34)), "Please Call",IF(AND(AND(H29>=51,H29<52.99),OR(I29<18,I29>33)), "Please Call",IF(AND(AND(H29>=53,H29<53.99),OR(I29<18,I29>32)), "Please Call",IF(AND(AND(H29>=54,H29<55.99),OR(I29<18,I29>31)), "Please Call",IF(AND(AND(H29>=56,H29<57.99),OR(I29<18,I29>30)), "Please Call",IF(AND(AND(H29>=58,H29<59.99),OR(I29<18,I29>29)), "Please Call",IF(AND(AND(H29>=60,H29<61.99),OR(I29<18,I29>28)), "Please Call",IF(AND(AND(H29>=62,H29<63.99),OR(I29<18,I29>27)), "Please Call",IF(AND(AND(H29>=64,H29<66.99),OR(I29<18,I29>26)), "Please Call",IF(AND(AND(H29>=67,H29<69.99),OR(I29<18,I29>25)), "Please Call",IF(AND(AND(H29>=70,H29<71.99),OR(I29<18,I29>24)), "Please Call",IF(AND(AND(H29>=72,H29<75.99),OR(I29<18,I29>23)), "Please Call",IF(AND(AND(H29>=76,H29<77.99),OR(I29<18,I29>22)), "Please Call",IF(AND(AND(H29>=78,H29<80),OR(I29<18,I29>21)), "Please Call","OKAY"))))))))))))))))))))))))))))) | Z29: =IF(A29="","",IF(OR(A29=$AD$100,A29=$AD$99,A29=$AD$101,A29=$AD$103),"N/A",IF(AND(H29>36,I29>36),"Please Call",IF(AND(AND(H29>=15,H29<15.99),OR(I29<12,I29>13.99)), "Please Call",IF(AND(AND(H29>=16,H29<16.99),OR(I29<12,I29>15.99)), "Please Call",IF(AND(AND(H29>=17,H29<17.99),OR(I29<12,I29>18.99)), "Please Call",IF(AND(AND(H29>=18,H29<18.99),OR(I29<12,I29>20.99)), "Please Call",IF(AND(AND(H29>=19,H29<19.99),OR(I29<12,I29>22.99)), "Please Call",IF(AND(AND(H29>=20,H29<20.99),OR(I29<12,I29>24.99)), "Please Call",IF(AND(AND(H29>=21,H29<21.99),OR(I29<12,I29>26.99)), "Please Call",IF(AND(AND(H29>=22,H29<22.99),OR(I29<12,I29>28.99)), "Please Call",IF(AND(AND(H29>=23,H29<23.99),OR(I29<12,I29>30.99)), "Please Call",IF(AND(AND(H29>=24,H29<24.99),OR(I29<12,I29>31.99)), "Please Call",IF(AND(AND(H29>=25,H29<25.99),OR(I29<12,I29>35.99)), "Please Call",IF(AND(AND(H29>=26,H29<26.99),OR(I29<12,I29>36.99)), "Please Call",IF(AND(AND(H29>=27,H29<28.99),OR(I29<12,I29>37.99)), "Please Call",IF(AND(AND(H29>=29,H29<29.99),OR(I29<12,I29>39.99)), "Please Call",IF(AND(AND(H29>=30,H29<32.99),OR(I29<12,I29>41)), "Please Call",IF(AND(AND(H29>=33,H29<33.99),OR(I29<12,I29>39.99)), "Please Call",IF(AND(AND(H29>=34,H29<34.99),OR(I29<12,I29>38.99)), "Please Call",IF(AND(AND(H29>=35,H29<35.99),OR(I29<12,I29>37.99)), "Please Call",IF(AND(AND(H29>=36,H29<36.99),OR(I29<12,I29>36.99)), "Please Call",IF(AND(AND(H29>=37,H29<37.99),OR(I29<12,I29>35.99)), "Please Call",IF(AND(AND(H29>=38,H29<38.99),OR(I29<12,I29>34.99)), "Please Call",IF(AND(AND(H29>=39,H29<39.99),OR(I29<12,I29>33.99)), "Please Call",IF(AND(AND(H29>=40,H29<40.99),OR(I29<12,I29>32.99)), "Please Call",IF(AND(AND(H29>=41,H29<41.99),OR(I29<12,I29>31.99)), "Please Call",IF(AND(AND(H29>=42,H29<43.99),OR(I29<12,I29>30.99)), "Please Call",IF(AND(AND(H29>=44,H29<44.99),OR(I29<12,I29>29.99)), "Please Call",IF(AND(AND(H29>=45,H29<46.99),OR(I29<12,I29>28.99)), "Please Call",IF(AND(AND(H29>=47,H29<48.99),OR(I29<12,I29>27.99)), "Please Call",IF(AND(AND(H29>=49,H29<49.99),OR(I29<12,I29>26.99)), "Please Call",IF(AND(AND(H29>=50,H29<51.99),OR(I29<12,I29>25.99)), "Please Call",IF(AND(AND(H29>=52,H29<54),OR(I29<12,I29>24.99)), "Please Call","OKAY")))))))))))))))))))))))))))))))))) | AA29: =IF(A29="","",IF(OR(A29=$AD$99,A29=$AD$100,A29=$AD$101,A29=$AD$102,C29=$AD$81),"N/A",IF(AND(AND(H29<8,H29>48),OR(I29<18,I29>80)), "Please Call",IF(AND(H29>36,I29>36),"Please Call",IF(K29>18.2,"Please Call","OKAY"))))) | AB29: =IF(A29="","",IF(OR(A29=$AD$99,A29=$AD$100,A29=$AD$101,A29=$AD$102,C29=$AD$82),"N/A",IF(AND(AND(H29<8,H29>48),OR(I29<18,I29>80)), "Please Call",IF(AND(H29>36,I29>36),"Please Call",IF(K29>=15,"Please Call","OKAY"))))) | AC29: =VLOOKUP(A29,$AD$99:$AE$103,2,0) -> #N/A | AD29: =VLOOKUP(C29,$AD$81:$AE$82,2,0) -> #N/A | AE29: =VLOOKUP(D29,$AD$58:$AE$70,2,0) -> #N/A | AF29: =IF(AND(K29>=1,K29<=2),$AD$105,IF(AND(K29>=2,K29<=3),$AD$106,IF(AND(K29>=3,K29<=5),$AD$107,IF(AND(K29>=5,K29<=7),$AD$108,IF(AND(K29>=7,K29<=9),$AD$109,IF(AND(K29>=9,K29<=11),$AD$110,IF(AND(K29>=11,K29<=13),$AD$111,IF(AND(K29>=13,K29<=15),$AD$112,IF(AND(K29>=15,K29<=17),$AD$113,IF(AND(K29>=17,K29<=19),$AD$114,"INVALID CODE")))))))))) -> INVALID CODE | AG29: =VLOOKUP(AF29,$AD$105:$AE$114,2,0) -> #N/A | AH29: =CONCATENATE(AC29,AD29,AE29,AG29) -> #N/A | AI29: =VLOOKUP(AH29,'Price DATA'!$A$8:$C$1156,3,0) -> #N/A | AJ29: =VLOOKUP(G29,$AD$92:$AE$97,2,0) -> #N/A | AK29: =IF(AJ29="Upcharge",(VLOOKUP(AD29,$AE$81:$AF$82,2,0)),0) -> #N/A | AL29: =IF(A29=$AD$100,VLOOKUP(C29,$AD$81:$AG$82,4,0),IF(A29=$AD$103,VLOOKUP(C29,$AD$81:$AH$82,5,0),VLOOKUP(A29,$AD$83:$AG$86,4,0))) -> #N/A | AP29: =AP28+0.0625 -> 14.25 | AQ29: =AQ28+0.0625 -> 42.25 | AS29: =AS28+0.0625 -> 8.875 | AT29: =AT28+0.0625 -> 13.25 | AU29: =AU28+0.0625 -> 30.25 | AW29: =AW28+0.0625 -> 8.25 | AX29: =AX28+0.0625 -> 12.25 | AZ29: =AZ28+0.0625 -> 15.25 | BA29: =BA28+0.0625 -> 12.25 | BC29: =BC28+0.0625 -> 8.25 | BD29: =BD28+0.0625 -> 18.25
K30: =IF(I30="","",ROUND(((H30*I30)/144),2)) | L30: =IF(K30="","",IF(K30>AL30,"",(AI30+AK30))) | M30: =IF(F30=$AF$89,'Price DATA'!$U$3,0) -> 0 | N30: =IF(OR(A30="",B30="",C30="",D30="",E30="",,F30="",G30="",H30="",I30="",J30=""),"",IF(OR(AF30="INVALID CODE",V30="Please Call",W30="Please Call",X30="Please Call",Y30="Please Call",Z30="Please Call",AA30="Please Call",AB30="Please Call"),"Please Call",IF(K30>AL30,"Please Call",IF(AND(E30=$AD$89,I30<30),"Incorrect Operator Position",IF(AND(H30>=36,I30>=36),"Please Call",IF(OR(V30="OKAY",W30="OKAY",X30="OKAY",Y30="OKAY",Z30="OKAY",AA30="OKAY",,AB30="OKAY"),((L30*K30)+M30),"")))))) | O30: =IF(OR(J30="",N30="",N30="Please Call",N30="Incorrect Operator Position"),"",J30*N30) | V30: =IF(A30="","",IF(OR(A30=$AD$100,A30=$AD$99,A30=$AD$102,A30=$AD$103),"N/A",IF(AND(H30>36,I30>36),"Please Call",IF(AND(AND(H30>=8,H30<9.99),OR(I30<12,I30>36)), "Please Call",IF(AND(AND(H30>=10,H30<13.99),OR(I30<12,I30>54)), "Please Call",IF(AND(AND(H30>=14,H30<19.99),OR(I30<12,I30>68)), "Please Call",IF(AND(AND(H30>=20,H30<20.99),OR(I30<12,I30>65)), "Please Call",IF(AND(AND(H30>=21,H30<21.99),OR(I30<12,I30>62)), "Please Call",IF(AND(AND(H30>=22,H30<22.99),OR(I30<12,I30>59)), "Please Call",IF(AND(AND(H30>=23,H30<23.99),OR(I30<12,I30>57)), "Please Call",IF(AND(AND(H30>=24,H30<24.99),OR(I30<12,I30>54)), "Please Call",IF(AND(AND(H30>=25,H30<25.99),OR(I30<12,I30>52)), "Please Call",IF(AND(AND(H30>=26,H30<26.99),OR(I30<12,I30>50)), "Please Call",IF(AND(AND(H30>=27,H30<27.99),OR(I30<12,I30>49)), "Please Call",IF(AND(AND(H30>=28,H30<28.99),OR(I30<12,I30>47)), "Please Call",IF(AND(AND(H30>=29,H30<29.99),OR(I30<12,I30>45)), "Please Call",IF(AND(AND(H30>=30,H30<30.99),OR(I30<12,I30>44)), "Please Call",IF(AND(AND(H30>=31,H30<31.99),OR(I30<12,I30>42)), "Please Call",IF(AND(AND(H30>=32,H30<32.99),OR(I30<12,I30>41)), "Please Call",IF(AND(AND(H30>=33,H30<33.99),OR(I30<12,I30>40)), "Please Call",IF(AND(AND(H30>=34,H30<34.99),OR(I30<12,I30>39)), "Please Call",IF(AND(AND(H30>=35,H30<35.99),OR(I30<12,I30>38)), "Please Call",IF(AND(AND(H30>=36,H30<36.99),OR(I30<12,I30>37)), "Please Call",IF(AND(AND(H30>=37,H30<37.99),OR(I30<12,I30>36)), "Please Call",IF(AND(AND(H30>=38,H30<38.99),OR(I30<12,I30>35)), "Please Call",IF(AND(AND(H30>=39,H30<39.99),OR(I30<12,I30>34)), "Please Call",IF(AND(AND(H30>=40,H30<40.99),OR(I30<12,I30>33)), "Please Call",IF(AND(AND(H30>=41,H30<41.99),OR(I30<12,I30>32)), "Please Call",IF(AND(AND(H30>=42,H30<45.99),OR(I30<12,I30>31)), "Please Call",IF(AND(AND(H30>=46,H30<47.99),OR(I30<12,I30>30)), "Please Call",IF(AND(AND(H30>=48,H30<48.99),OR(I30<12,I30>29)), "Please Call",IF(AND(AND(H30>=49,H30<50.99),OR(I30<12,I30>28)), "Please Call",IF(AND(AND(H30>=51,H30<54),OR(I30<12,I30>26)), "Please Call","OKAY"))))))))))))))))))))))))))))))))) | W30: =IF(A30="","",IF(OR(A30=$AD$100,A30=$AD$101,A30=$AD$102,A30=$AD$103),"N/A",IF(AND(H30>36,I30>36),"Please Call",IF(AND(AND(H30>=14,H30<29.99),OR(I30<42,I30>80)), "Please Call",IF(AND(AND(H30>=30,H30<30.99),OR(I30<42,I30>79)), "Please Call",IF(AND(AND(H30>=31,H30<31.99),OR(I30<42,I30>76)), "Please Call",IF(AND(AND(H30>=32,H30<32.99),OR(I30<42,I30>74)), "Please Call",IF(AND(AND(H30>=33,H30<33.99),OR(I30<42,I30>72)), "Please Call",IF(AND(AND(H30>=34,H30<34.99),OR(I30<42,I30>70)), "Please Call",IF(AND(AND(H30>=35,H30<36),OR(I30<42,I30>69)), "Please Call","OKAY")))))))))) | X30: =IF(A30="","",IF(OR(A30=$AD$101,A30=$AD$99,A30=$AD$102,C30=$AD$82,A30=$AD$103),"N/A",IF(AND(H30>36,I30>36),"Please Call",IF(AND(AND(H30>=8.625,H30<9.99),OR(I30<13,I30>36)), "Please Call",IF(AND(AND(H30>=10,H30<13.99),OR(I30<13,I30>48)), "Please Call",IF(AND(AND(H30>=14,H30<24.99),OR(I30<13,I30>80)), "Please Call",IF(AND(AND(H30>=25,H30<26.99),OR(I30<14,I30>80)), "Please Call",IF(AND(AND(H30>=27,H30<27.99),OR(I30<14,I30>79)), "Please Call",IF(AND(AND(H30>=28,H30<28.99),OR(I30<14,I30>77)), "Please Call",IF(AND(AND(H30>=29,H30<29.99),OR(I30<14,I30>75)), "Please Call",IF(AND(AND(H30>=30,H30<30.99),OR(I30<14,I30>72)), "Please Call",IF(AND(AND(H30>=31,H30<31.99),OR(I30<14,I30>70)), "Please Call",IF(AND(AND(H30>=32,H30<32.99),OR(I30<14,I30>68)), "Please Call",IF(AND(AND(H30>=33,H30<33.99),OR(I30<14,I30>66)), "Please Call",IF(AND(AND(H30>=34,H30<34.99),OR(I30<14,I30>64)), "Please Call",IF(AND(AND(H30>=35,H30<35.99),OR(I30<14,I30>62)), "Please Call",IF(AND(AND(H30>=36,H30<36.99),OR(I30<14,I30>60)), "Please Call",IF(AND(AND(H30>=37,H30<41.99),OR(I30<15,I30>36)), "Please Call",IF(AND(AND(H30>=42,H30<59.99),OR(I30<18,I30>36)), "Please Call",IF(AND(AND(H30>=60,H30<61.99),OR(I30<18,I30>35)), "Please Call",IF(AND(AND(H30>=62,H30<63.99),OR(I30<18,I30>34)), "Please Call",IF(AND(AND(H30>=64,H30<65.99),OR(I30<18,I30>33)), "Please Call",IF(AND(AND(H30>=66,H30<67.99),OR(I30<18,I30>32)), "Please Call",IF(AND(AND(H30>=68,H30<69.99),OR(I30<18,I30>31)), "Please Call",IF(AND(AND(H30>=70,H30<71.99),OR(I30<18,I30>30)), "Please Call",IF(AND(AND(H30>=72,H30<74.99),OR(I30<18,I30>29)), "Please Call",IF(AND(AND(H30>=75,H30<77.99),OR(I30<18,I30>28)), "Please Call",IF(AND(AND(H30>=78,H30<78.99),OR(I30<18,I30>27)), "Please Call",IF(AND(AND(H30>=79,H30<80),OR(I30<18,I30>26)), "Please Call","OKAY"))))))))))))))))))))))))))))) | Y30: =IF(A30="","",IF(OR(A30=$AD$99,A30=$AD$101,A30=$AD$102,C30=$AD$81,A30=$AD$103),"N/A",IF(AND(H30>36,I30>36),"Please Call",IF(AND(AND(H30>=8.625,H30<9.99),OR(I30<13,I30>36)), "Please Call",IF(AND(AND(H30>=10,H30<13.99),OR(I30<13,I30>48)), "Please Call",IF(AND(AND(H30>=14,H30<24.99),OR(I30<13,I30>80)), "Please Call",IF(AND(AND(H30>=25,H30<30.99),OR(I30<14,I30>80)), "Please Call",IF(AND(AND(H30>=31,H30<31.99),OR(I30<14,I30>78)), "Please Call",IF(AND(AND(H30>=32,H30<32.99),OR(I30<14,I30>76)), "Please Call",IF(AND(AND(H30>=33,H30<33.99),OR(I30<14,I30>75)), "Please Call",IF(AND(AND(H30>=34,H30<34.99),OR(I30<14,I30>73)), "Please Call",IF(AND(AND(H30>=35,H30<36.99),OR(I30<14,I30>69)), "Please Call",IF(AND(AND(H30>=37,H30<41.99),OR(I30<15,I30>36)), "Please Call",IF(AND(AND(H30>=42,H30<47.99),OR(I30<18,I30>36)), "Please Call",IF(AND(AND(H30>=48,H30<49.99),OR(I30<18,I30>35)), "Please Call",IF(AND(AND(H30>=50,H30<50.99),OR(I30<18,I30>34)), "Please Call",IF(AND(AND(H30>=51,H30<52.99),OR(I30<18,I30>33)), "Please Call",IF(AND(AND(H30>=53,H30<53.99),OR(I30<18,I30>32)), "Please Call",IF(AND(AND(H30>=54,H30<55.99),OR(I30<18,I30>31)), "Please Call",IF(AND(AND(H30>=56,H30<57.99),OR(I30<18,I30>30)), "Please Call",IF(AND(AND(H30>=58,H30<59.99),OR(I30<18,I30>29)), "Please Call",IF(AND(AND(H30>=60,H30<61.99),OR(I30<18,I30>28)), "Please Call",IF(AND(AND(H30>=62,H30<63.99),OR(I30<18,I30>27)), "Please Call",IF(AND(AND(H30>=64,H30<66.99),OR(I30<18,I30>26)), "Please Call",IF(AND(AND(H30>=67,H30<69.99),OR(I30<18,I30>25)), "Please Call",IF(AND(AND(H30>=70,H30<71.99),OR(I30<18,I30>24)), "Please Call",IF(AND(AND(H30>=72,H30<75.99),OR(I30<18,I30>23)), "Please Call",IF(AND(AND(H30>=76,H30<77.99),OR(I30<18,I30>22)), "Please Call",IF(AND(AND(H30>=78,H30<80),OR(I30<18,I30>21)), "Please Call","OKAY"))))))))))))))))))))))))))))) | Z30: =IF(A30="","",IF(OR(A30=$AD$100,A30=$AD$99,A30=$AD$101,A30=$AD$103),"N/A",IF(AND(H30>36,I30>36),"Please Call",IF(AND(AND(H30>=15,H30<15.99),OR(I30<12,I30>13.99)), "Please Call",IF(AND(AND(H30>=16,H30<16.99),OR(I30<12,I30>15.99)), "Please Call",IF(AND(AND(H30>=17,H30<17.99),OR(I30<12,I30>18.99)), "Please Call",IF(AND(AND(H30>=18,H30<18.99),OR(I30<12,I30>20.99)), "Please Call",IF(AND(AND(H30>=19,H30<19.99),OR(I30<12,I30>22.99)), "Please Call",IF(AND(AND(H30>=20,H30<20.99),OR(I30<12,I30>24.99)), "Please Call",IF(AND(AND(H30>=21,H30<21.99),OR(I30<12,I30>26.99)), "Please Call",IF(AND(AND(H30>=22,H30<22.99),OR(I30<12,I30>28.99)), "Please Call",IF(AND(AND(H30>=23,H30<23.99),OR(I30<12,I30>30.99)), "Please Call",IF(AND(AND(H30>=24,H30<24.99),OR(I30<12,I30>31.99)), "Please Call",IF(AND(AND(H30>=25,H30<25.99),OR(I30<12,I30>35.99)), "Please Call",IF(AND(AND(H30>=26,H30<26.99),OR(I30<12,I30>36.99)), "Please Call",IF(AND(AND(H30>=27,H30<28.99),OR(I30<12,I30>37.99)), "Please Call",IF(AND(AND(H30>=29,H30<29.99),OR(I30<12,I30>39.99)), "Please Call",IF(AND(AND(H30>=30,H30<32.99),OR(I30<12,I30>41)), "Please Call",IF(AND(AND(H30>=33,H30<33.99),OR(I30<12,I30>39.99)), "Please Call",IF(AND(AND(H30>=34,H30<34.99),OR(I30<12,I30>38.99)), "Please Call",IF(AND(AND(H30>=35,H30<35.99),OR(I30<12,I30>37.99)), "Please Call",IF(AND(AND(H30>=36,H30<36.99),OR(I30<12,I30>36.99)), "Please Call",IF(AND(AND(H30>=37,H30<37.99),OR(I30<12,I30>35.99)), "Please Call",IF(AND(AND(H30>=38,H30<38.99),OR(I30<12,I30>34.99)), "Please Call",IF(AND(AND(H30>=39,H30<39.99),OR(I30<12,I30>33.99)), "Please Call",IF(AND(AND(H30>=40,H30<40.99),OR(I30<12,I30>32.99)), "Please Call",IF(AND(AND(H30>=41,H30<41.99),OR(I30<12,I30>31.99)), "Please Call",IF(AND(AND(H30>=42,H30<43.99),OR(I30<12,I30>30.99)), "Please Call",IF(AND(AND(H30>=44,H30<44.99),OR(I30<12,I30>29.99)), "Please Call",IF(AND(AND(H30>=45,H30<46.99),OR(I30<12,I30>28.99)), "Please Call",IF(AND(AND(H30>=47,H30<48.99),OR(I30<12,I30>27.99)), "Please Call",IF(AND(AND(H30>=49,H30<49.99),OR(I30<12,I30>26.99)), "Please Call",IF(AND(AND(H30>=50,H30<51.99),OR(I30<12,I30>25.99)), "Please Call",IF(AND(AND(H30>=52,H30<54),OR(I30<12,I30>24.99)), "Please Call","OKAY")))))))))))))))))))))))))))))))))) | AA30: =IF(A30="","",IF(OR(A30=$AD$99,A30=$AD$100,A30=$AD$101,A30=$AD$102,C30=$AD$81),"N/A",IF(AND(AND(H30<8,H30>48),OR(I30<18,I30>80)), "Please Call",IF(AND(H30>36,I30>36),"Please Call",IF(K30>18.2,"Please Call","OKAY"))))) | AB30: =IF(A30="","",IF(OR(A30=$AD$99,A30=$AD$100,A30=$AD$101,A30=$AD$102,C30=$AD$82),"N/A",IF(AND(AND(H30<8,H30>48),OR(I30<18,I30>80)), "Please Call",IF(AND(H30>36,I30>36),"Please Call",IF(K30>=15,"Please Call","OKAY"))))) | AC30: =VLOOKUP(A30,$AD$99:$AE$103,2,0) -> #N/A | AD30: =VLOOKUP(C30,$AD$81:$AE$82,2,0) -> #N/A | AE30: =VLOOKUP(D30,$AD$58:$AE$70,2,0) -> #N/A | AF30: =IF(AND(K30>=1,K30<=2),$AD$105,IF(AND(K30>=2,K30<=3),$AD$106,IF(AND(K30>=3,K30<=5),$AD$107,IF(AND(K30>=5,K30<=7),$AD$108,IF(AND(K30>=7,K30<=9),$AD$109,IF(AND(K30>=9,K30<=11),$AD$110,IF(AND(K30>=11,K30<=13),$AD$111,IF(AND(K30>=13,K30<=15),$AD$112,IF(AND(K30>=15,K30<=17),$AD$113,IF(AND(K30>=17,K30<=19),$AD$114,"INVALID CODE")))))))))) -> INVALID CODE | AG30: =VLOOKUP(AF30,$AD$105:$AE$114,2,0) -> #N/A | AH30: =CONCATENATE(AC30,AD30,AE30,AG30) -> #N/A | AI30: =VLOOKUP(AH30,'Price DATA'!$A$8:$C$1156,3,0) -> #N/A | AJ30: =VLOOKUP(G30,$AD$92:$AE$97,2,0) -> #N/A | AK30: =IF(AJ30="Upcharge",(VLOOKUP(AD30,$AE$81:$AF$82,2,0)),0) -> #N/A | AL30: =IF(A30=$AD$100,VLOOKUP(C30,$AD$81:$AG$82,4,0),IF(A30=$AD$103,VLOOKUP(C30,$AD$81:$AH$82,5,0),VLOOKUP(A30,$AD$83:$AG$86,4,0))) -> #N/A | AP30: =AP29+0.0625 -> 14.3125 | AQ30: =AQ29+0.0625 -> 42.3125 | AS30: =AS29+0.0625 -> 8.9375 | AT30: =AT29+0.0625 -> 13.3125 | AU30: =AU29+0.0625 -> 30.3125 | AW30: =AW29+0.0625 -> 8.3125 | AX30: =AX29+0.0625 -> 12.3125 | AZ30: =AZ29+0.0625 -> 15.3125 | BA30: =BA29+0.0625 -> 12.3125 | BC30: =BC29+0.0625 -> 8.3125 | BD30: =BD29+0.0625 -> 18.3125
K31: =IF(I31="","",ROUND(((H31*I31)/144),2)) | L31: =IF(K31="","",IF(K31>AL31,"",(AI31+AK31))) | M31: =IF(F31=$AF$89,'Price DATA'!$U$3,0) -> 0 | N31: =IF(OR(A31="",B31="",C31="",D31="",E31="",,F31="",G31="",H31="",I31="",J31=""),"",IF(OR(AF31="INVALID CODE",V31="Please Call",W31="Please Call",X31="Please Call",Y31="Please Call",Z31="Please Call",AA31="Please Call",AB31="Please Call"),"Please Call",IF(K31>AL31,"Please Call",IF(AND(E31=$AD$89,I31<30),"Incorrect Operator Position",IF(AND(H31>=36,I31>=36),"Please Call",IF(OR(V31="OKAY",W31="OKAY",X31="OKAY",Y31="OKAY",Z31="OKAY",AA31="OKAY",,AB31="OKAY"),((L31*K31)+M31),"")))))) | O31: =IF(OR(J31="",N31="",N31="Please Call",N31="Incorrect Operator Position"),"",J31*N31) | V31: =IF(A31="","",IF(OR(A31=$AD$100,A31=$AD$99,A31=$AD$102,A31=$AD$103),"N/A",IF(AND(H31>36,I31>36),"Please Call",IF(AND(AND(H31>=8,H31<9.99),OR(I31<12,I31>36)), "Please Call",IF(AND(AND(H31>=10,H31<13.99),OR(I31<12,I31>54)), "Please Call",IF(AND(AND(H31>=14,H31<19.99),OR(I31<12,I31>68)), "Please Call",IF(AND(AND(H31>=20,H31<20.99),OR(I31<12,I31>65)), "Please Call",IF(AND(AND(H31>=21,H31<21.99),OR(I31<12,I31>62)), "Please Call",IF(AND(AND(H31>=22,H31<22.99),OR(I31<12,I31>59)), "Please Call",IF(AND(AND(H31>=23,H31<23.99),OR(I31<12,I31>57)), "Please Call",IF(AND(AND(H31>=24,H31<24.99),OR(I31<12,I31>54)), "Please Call",IF(AND(AND(H31>=25,H31<25.99),OR(I31<12,I31>52)), "Please Call",IF(AND(AND(H31>=26,H31<26.99),OR(I31<12,I31>50)), "Please Call",IF(AND(AND(H31>=27,H31<27.99),OR(I31<12,I31>49)), "Please Call",IF(AND(AND(H31>=28,H31<28.99),OR(I31<12,I31>47)), "Please Call",IF(AND(AND(H31>=29,H31<29.99),OR(I31<12,I31>45)), "Please Call",IF(AND(AND(H31>=30,H31<30.99),OR(I31<12,I31>44)), "Please Call",IF(AND(AND(H31>=31,H31<31.99),OR(I31<12,I31>42)), "Please Call",IF(AND(AND(H31>=32,H31<32.99),OR(I31<12,I31>41)), "Please Call",IF(AND(AND(H31>=33,H31<33.99),OR(I31<12,I31>40)), "Please Call",IF(AND(AND(H31>=34,H31<34.99),OR(I31<12,I31>39)), "Please Call",IF(AND(AND(H31>=35,H31<35.99),OR(I31<12,I31>38)), "Please Call",IF(AND(AND(H31>=36,H31<36.99),OR(I31<12,I31>37)), "Please Call",IF(AND(AND(H31>=37,H31<37.99),OR(I31<12,I31>36)), "Please Call",IF(AND(AND(H31>=38,H31<38.99),OR(I31<12,I31>35)), "Please Call",IF(AND(AND(H31>=39,H31<39.99),OR(I31<12,I31>34)), "Please Call",IF(AND(AND(H31>=40,H31<40.99),OR(I31<12,I31>33)), "Please Call",IF(AND(AND(H31>=41,H31<41.99),OR(I31<12,I31>32)), "Please Call",IF(AND(AND(H31>=42,H31<45.99),OR(I31<12,I31>31)), "Please Call",IF(AND(AND(H31>=46,H31<47.99),OR(I31<12,I31>30)), "Please Call",IF(AND(AND(H31>=48,H31<48.99),OR(I31<12,I31>29)), "Please Call",IF(AND(AND(H31>=49,H31<50.99),OR(I31<12,I31>28)), "Please Call",IF(AND(AND(H31>=51,H31<54),OR(I31<12,I31>26)), "Please Call","OKAY"))))))))))))))))))))))))))))))))) | W31: =IF(A31="","",IF(OR(A31=$AD$100,A31=$AD$101,A31=$AD$102,A31=$AD$103),"N/A",IF(AND(H31>36,I31>36),"Please Call",IF(AND(AND(H31>=14,H31<29.99),OR(I31<42,I31>80)), "Please Call",IF(AND(AND(H31>=30,H31<30.99),OR(I31<42,I31>79)), "Please Call",IF(AND(AND(H31>=31,H31<31.99),OR(I31<42,I31>76)), "Please Call",IF(AND(AND(H31>=32,H31<32.99),OR(I31<42,I31>74)), "Please Call",IF(AND(AND(H31>=33,H31<33.99),OR(I31<42,I31>72)), "Please Call",IF(AND(AND(H31>=34,H31<34.99),OR(I31<42,I31>70)), "Please Call",IF(AND(AND(H31>=35,H31<36),OR(I31<42,I31>69)), "Please Call","OKAY")))))))))) | X31: =IF(A31="","",IF(OR(A31=$AD$101,A31=$AD$99,A31=$AD$102,C31=$AD$82,A31=$AD$103),"N/A",IF(AND(H31>36,I31>36),"Please Call",IF(AND(AND(H31>=8.625,H31<9.99),OR(I31<13,I31>36)), "Please Call",IF(AND(AND(H31>=10,H31<13.99),OR(I31<13,I31>48)), "Please Call",IF(AND(AND(H31>=14,H31<24.99),OR(I31<13,I31>80)), "Please Call",IF(AND(AND(H31>=25,H31<26.99),OR(I31<14,I31>80)), "Please Call",IF(AND(AND(H31>=27,H31<27.99),OR(I31<14,I31>79)), "Please Call",IF(AND(AND(H31>=28,H31<28.99),OR(I31<14,I31>77)), "Please Call",IF(AND(AND(H31>=29,H31<29.99),OR(I31<14,I31>75)), "Please Call",IF(AND(AND(H31>=30,H31<30.99),OR(I31<14,I31>72)), "Please Call",IF(AND(AND(H31>=31,H31<31.99),OR(I31<14,I31>70)), "Please Call",IF(AND(AND(H31>=32,H31<32.99),OR(I31<14,I31>68)), "Please Call",IF(AND(AND(H31>=33,H31<33.99),OR(I31<14,I31>66)), "Please Call",IF(AND(AND(H31>=34,H31<34.99),OR(I31<14,I31>64)), "Please Call",IF(AND(AND(H31>=35,H31<35.99),OR(I31<14,I31>62)), "Please Call",IF(AND(AND(H31>=36,H31<36.99),OR(I31<14,I31>60)), "Please Call",IF(AND(AND(H31>=37,H31<41.99),OR(I31<15,I31>36)), "Please Call",IF(AND(AND(H31>=42,H31<59.99),OR(I31<18,I31>36)), "Please Call",IF(AND(AND(H31>=60,H31<61.99),OR(I31<18,I31>35)), "Please Call",IF(AND(AND(H31>=62,H31<63.99),OR(I31<18,I31>34)), "Please Call",IF(AND(AND(H31>=64,H31<65.99),OR(I31<18,I31>33)), "Please Call",IF(AND(AND(H31>=66,H31<67.99),OR(I31<18,I31>32)), "Please Call",IF(AND(AND(H31>=68,H31<69.99),OR(I31<18,I31>31)), "Please Call",IF(AND(AND(H31>=70,H31<71.99),OR(I31<18,I31>30)), "Please Call",IF(AND(AND(H31>=72,H31<74.99),OR(I31<18,I31>29)), "Please Call",IF(AND(AND(H31>=75,H31<77.99),OR(I31<18,I31>28)), "Please Call",IF(AND(AND(H31>=78,H31<78.99),OR(I31<18,I31>27)), "Please Call",IF(AND(AND(H31>=79,H31<80),OR(I31<18,I31>26)), "Please Call","OKAY"))))))))))))))))))))))))))))) | Y31: =IF(A31="","",IF(OR(A31=$AD$99,A31=$AD$101,A31=$AD$102,C31=$AD$81,A31=$AD$103),"N/A",IF(AND(H31>36,I31>36),"Please Call",IF(AND(AND(H31>=8.625,H31<9.99),OR(I31<13,I31>36)), "Please Call",IF(AND(AND(H31>=10,H31<13.99),OR(I31<13,I31>48)), "Please Call",IF(AND(AND(H31>=14,H31<24.99),OR(I31<13,I31>80)), "Please Call",IF(AND(AND(H31>=25,H31<30.99),OR(I31<14,I31>80)), "Please Call",IF(AND(AND(H31>=31,H31<31.99),OR(I31<14,I31>78)), "Please Call",IF(AND(AND(H31>=32,H31<32.99),OR(I31<14,I31>76)), "Please Call",IF(AND(AND(H31>=33,H31<33.99),OR(I31<14,I31>75)), "Please Call",IF(AND(AND(H31>=34,H31<34.99),OR(I31<14,I31>73)), "Please Call",IF(AND(AND(H31>=35,H31<36.99),OR(I31<14,I31>69)), "Please Call",IF(AND(AND(H31>=37,H31<41.99),OR(I31<15,I31>36)), "Please Call",IF(AND(AND(H31>=42,H31<47.99),OR(I31<18,I31>36)), "Please Call",IF(AND(AND(H31>=48,H31<49.99),OR(I31<18,I31>35)), "Please Call",IF(AND(AND(H31>=50,H31<50.99),OR(I31<18,I31>34)), "Please Call",IF(AND(AND(H31>=51,H31<52.99),OR(I31<18,I31>33)), "Please Call",IF(AND(AND(H31>=53,H31<53.99),OR(I31<18,I31>32)), "Please Call",IF(AND(AND(H31>=54,H31<55.99),OR(I31<18,I31>31)), "Please Call",IF(AND(AND(H31>=56,H31<57.99),OR(I31<18,I31>30)), "Please Call",IF(AND(AND(H31>=58,H31<59.99),OR(I31<18,I31>29)), "Please Call",IF(AND(AND(H31>=60,H31<61.99),OR(I31<18,I31>28)), "Please Call",IF(AND(AND(H31>=62,H31<63.99),OR(I31<18,I31>27)), "Please Call",IF(AND(AND(H31>=64,H31<66.99),OR(I31<18,I31>26)), "Please Call",IF(AND(AND(H31>=67,H31<69.99),OR(I31<18,I31>25)), "Please Call",IF(AND(AND(H31>=70,H31<71.99),OR(I31<18,I31>24)), "Please Call",IF(AND(AND(H31>=72,H31<75.99),OR(I31<18,I31>23)), "Please Call",IF(AND(AND(H31>=76,H31<77.99),OR(I31<18,I31>22)), "Please Call",IF(AND(AND(H31>=78,H31<80),OR(I31<18,I31>21)), "Please Call","OKAY"))))))))))))))))))))))))))))) | Z31: =IF(A31="","",IF(OR(A31=$AD$100,A31=$AD$99,A31=$AD$101,A31=$AD$103),"N/A",IF(AND(H31>36,I31>36),"Please Call",IF(AND(AND(H31>=15,H31<15.99),OR(I31<12,I31>13.99)), "Please Call",IF(AND(AND(H31>=16,H31<16.99),OR(I31<12,I31>15.99)), "Please Call",IF(AND(AND(H31>=17,H31<17.99),OR(I31<12,I31>18.99)), "Please Call",IF(AND(AND(H31>=18,H31<18.99),OR(I31<12,I31>20.99)), "Please Call",IF(AND(AND(H31>=19,H31<19.99),OR(I31<12,I31>22.99)), "Please Call",IF(AND(AND(H31>=20,H31<20.99),OR(I31<12,I31>24.99)), "Please Call",IF(AND(AND(H31>=21,H31<21.99),OR(I31<12,I31>26.99)), "Please Call",IF(AND(AND(H31>=22,H31<22.99),OR(I31<12,I31>28.99)), "Please Call",IF(AND(AND(H31>=23,H31<23.99),OR(I31<12,I31>30.99)), "Please Call",IF(AND(AND(H31>=24,H31<24.99),OR(I31<12,I31>31.99)), "Please Call",IF(AND(AND(H31>=25,H31<25.99),OR(I31<12,I31>35.99)), "Please Call",IF(AND(AND(H31>=26,H31<26.99),OR(I31<12,I31>36.99)), "Please Call",IF(AND(AND(H31>=27,H31<28.99),OR(I31<12,I31>37.99)), "Please Call",IF(AND(AND(H31>=29,H31<29.99),OR(I31<12,I31>39.99)), "Please Call",IF(AND(AND(H31>=30,H31<32.99),OR(I31<12,I31>41)), "Please Call",IF(AND(AND(H31>=33,H31<33.99),OR(I31<12,I31>39.99)), "Please Call",IF(AND(AND(H31>=34,H31<34.99),OR(I31<12,I31>38.99)), "Please Call",IF(AND(AND(H31>=35,H31<35.99),OR(I31<12,I31>37.99)), "Please Call",IF(AND(AND(H31>=36,H31<36.99),OR(I31<12,I31>36.99)), "Please Call",IF(AND(AND(H31>=37,H31<37.99),OR(I31<12,I31>35.99)), "Please Call",IF(AND(AND(H31>=38,H31<38.99),OR(I31<12,I31>34.99)), "Please Call",IF(AND(AND(H31>=39,H31<39.99),OR(I31<12,I31>33.99)), "Please Call",IF(AND(AND(H31>=40,H31<40.99),OR(I31<12,I31>32.99)), "Please Call",IF(AND(AND(H31>=41,H31<41.99),OR(I31<12,I31>31.99)), "Please Call",IF(AND(AND(H31>=42,H31<43.99),OR(I31<12,I31>30.99)), "Please Call",IF(AND(AND(H31>=44,H31<44.99),OR(I31<12,I31>29.99)), "Please Call",IF(AND(AND(H31>=45,H31<46.99),OR(I31<12,I31>28.99)), "Please Call",IF(AND(AND(H31>=47,H31<48.99),OR(I31<12,I31>27.99)), "Please Call",IF(AND(AND(H31>=49,H31<49.99),OR(I31<12,I31>26.99)), "Please Call",IF(AND(AND(H31>=50,H31<51.99),OR(I31<12,I31>25.99)), "Please Call",IF(AND(AND(H31>=52,H31<54),OR(I31<12,I31>24.99)), "Please Call","OKAY")))))))))))))))))))))))))))))))))) | AA31: =IF(A31="","",IF(OR(A31=$AD$99,A31=$AD$100,A31=$AD$101,A31=$AD$102,C31=$AD$81),"N/A",IF(AND(AND(H31<8,H31>48),OR(I31<18,I31>80)), "Please Call",IF(AND(H31>36,I31>36),"Please Call",IF(K31>18.2,"Please Call","OKAY"))))) | AB31: =IF(A31="","",IF(OR(A31=$AD$99,A31=$AD$100,A31=$AD$101,A31=$AD$102,C31=$AD$82),"N/A",IF(AND(AND(H31<8,H31>48),OR(I31<18,I31>80)), "Please Call",IF(AND(H31>36,I31>36),"Please Call",IF(K31>=15,"Please Call","OKAY"))))) | AC31: =VLOOKUP(A31,$AD$99:$AE$103,2,0) -> #N/A | AD31: =VLOOKUP(C31,$AD$81:$AE$82,2,0) -> #N/A | AE31: =VLOOKUP(D31,$AD$58:$AE$70,2,0) -> #N/A | AF31: =IF(AND(K31>=1,K31<=2),$AD$105,IF(AND(K31>=2,K31<=3),$AD$106,IF(AND(K31>=3,K31<=5),$AD$107,IF(AND(K31>=5,K31<=7),$AD$108,IF(AND(K31>=7,K31<=9),$AD$109,IF(AND(K31>=9,K31<=11),$AD$110,IF(AND(K31>=11,K31<=13),$AD$111,IF(AND(K31>=13,K31<=15),$AD$112,IF(AND(K31>=15,K31<=17),$AD$113,IF(AND(K31>=17,K31<=19),$AD$114,"INVALID CODE")))))))))) -> INVALID CODE | AG31: =VLOOKUP(AF31,$AD$105:$AE$114,2,0) -> #N/A | AH31: =CONCATENATE(AC31,AD31,AE31,AG31) -> #N/A | AI31: =VLOOKUP(AH31,'Price DATA'!$A$8:$C$1156,3,0) -> #N/A | AJ31: =VLOOKUP(G31,$AD$92:$AE$97,2,0) -> #N/A | AK31: =IF(AJ31="Upcharge",(VLOOKUP(AD31,$AE$81:$AF$82,2,0)),0) -> #N/A | AL31: =IF(A31=$AD$100,VLOOKUP(C31,$AD$81:$AG$82,4,0),IF(A31=$AD$103,VLOOKUP(C31,$AD$81:$AH$82,5,0),VLOOKUP(A31,$AD$83:$AG$86,4,0))) -> #N/A | AP31: =AP30+0.0625 -> 14.375 | AQ31: =AQ30+0.0625 -> 42.375 | AS31: =AS30+0.0625 -> 9 | AT31: =AT30+0.0625 -> 13.375 | AU31: =AU30+0.0625 -> 30.375 | AW31: =AW30+0.0625 -> 8.375 | AX31: =AX30+0.0625 -> 12.375 | AZ31: =AZ30+0.0625 -> 15.375 | BA31: =BA30+0.0625 -> 12.375 | BC31: =BC30+0.0625 -> 8.375 | BD31: =BD30+0.0625 -> 18.375
K32: =IF(I32="","",ROUND(((H32*I32)/144),2)) | L32: =IF(K32="","",IF(K32>AL32,"",(AI32+AK32))) | M32: =IF(F32=$AF$89,'Price DATA'!$U$3,0) -> 0 | N32: =IF(OR(A32="",B32="",C32="",D32="",E32="",,F32="",G32="",H32="",I32="",J32=""),"",IF(OR(AF32="INVALID CODE",V32="Please Call",W32="Please Call",X32="Please Call",Y32="Please Call",Z32="Please Call",AA32="Please Call",AB32="Please Call"),"Please Call",IF(K32>AL32,"Please Call",IF(AND(E32=$AD$89,I32<30),"Incorrect Operator Position",IF(AND(H32>=36,I32>=36),"Please Call",IF(OR(V32="OKAY",W32="OKAY",X32="OKAY",Y32="OKAY",Z32="OKAY",AA32="OKAY",,AB32="OKAY"),((L32*K32)+M32),"")))))) | O32: =IF(OR(J32="",N32="",N32="Please Call",N32="Incorrect Operator Position"),"",J32*N32) | V32: =IF(A32="","",IF(OR(A32=$AD$100,A32=$AD$99,A32=$AD$102,A32=$AD$103),"N/A",IF(AND(H32>36,I32>36),"Please Call",IF(AND(AND(H32>=8,H32<9.99),OR(I32<12,I32>36)), "Please Call",IF(AND(AND(H32>=10,H32<13.99),OR(I32<12,I32>54)), "Please Call",IF(AND(AND(H32>=14,H32<19.99),OR(I32<12,I32>68)), "Please Call",IF(AND(AND(H32>=20,H32<20.99),OR(I32<12,I32>65)), "Please Call",IF(AND(AND(H32>=21,H32<21.99),OR(I32<12,I32>62)), "Please Call",IF(AND(AND(H32>=22,H32<22.99),OR(I32<12,I32>59)), "Please Call",IF(AND(AND(H32>=23,H32<23.99),OR(I32<12,I32>57)), "Please Call",IF(AND(AND(H32>=24,H32<24.99),OR(I32<12,I32>54)), "Please Call",IF(AND(AND(H32>=25,H32<25.99),OR(I32<12,I32>52)), "Please Call",IF(AND(AND(H32>=26,H32<26.99),OR(I32<12,I32>50)), "Please Call",IF(AND(AND(H32>=27,H32<27.99),OR(I32<12,I32>49)), "Please Call",IF(AND(AND(H32>=28,H32<28.99),OR(I32<12,I32>47)), "Please Call",IF(AND(AND(H32>=29,H32<29.99),OR(I32<12,I32>45)), "Please Call",IF(AND(AND(H32>=30,H32<30.99),OR(I32<12,I32>44)), "Please Call",IF(AND(AND(H32>=31,H32<31.99),OR(I32<12,I32>42)), "Please Call",IF(AND(AND(H32>=32,H32<32.99),OR(I32<12,I32>41)), "Please Call",IF(AND(AND(H32>=33,H32<33.99),OR(I32<12,I32>40)), "Please Call",IF(AND(AND(H32>=34,H32<34.99),OR(I32<12,I32>39)), "Please Call",IF(AND(AND(H32>=35,H32<35.99),OR(I32<12,I32>38)), "Please Call",IF(AND(AND(H32>=36,H32<36.99),OR(I32<12,I32>37)), "Please Call",IF(AND(AND(H32>=37,H32<37.99),OR(I32<12,I32>36)), "Please Call",IF(AND(AND(H32>=38,H32<38.99),OR(I32<12,I32>35)), "Please Call",IF(AND(AND(H32>=39,H32<39.99),OR(I32<12,I32>34)), "Please Call",IF(AND(AND(H32>=40,H32<40.99),OR(I32<12,I32>33)), "Please Call",IF(AND(AND(H32>=41,H32<41.99),OR(I32<12,I32>32)), "Please Call",IF(AND(AND(H32>=42,H32<45.99),OR(I32<12,I32>31)), "Please Call",IF(AND(AND(H32>=46,H32<47.99),OR(I32<12,I32>30)), "Please Call",IF(AND(AND(H32>=48,H32<48.99),OR(I32<12,I32>29)), "Please Call",IF(AND(AND(H32>=49,H32<50.99),OR(I32<12,I32>28)), "Please Call",IF(AND(AND(H32>=51,H32<54),OR(I32<12,I32>26)), "Please Call","OKAY"))))))))))))))))))))))))))))))))) | W32: =IF(A32="","",IF(OR(A32=$AD$100,A32=$AD$101,A32=$AD$102,A32=$AD$103),"N/A",IF(AND(H32>36,I32>36),"Please Call",IF(AND(AND(H32>=14,H32<29.99),OR(I32<42,I32>80)), "Please Call",IF(AND(AND(H32>=30,H32<30.99),OR(I32<42,I32>79)), "Please Call",IF(AND(AND(H32>=31,H32<31.99),OR(I32<42,I32>76)), "Please Call",IF(AND(AND(H32>=32,H32<32.99),OR(I32<42,I32>74)), "Please Call",IF(AND(AND(H32>=33,H32<33.99),OR(I32<42,I32>72)), "Please Call",IF(AND(AND(H32>=34,H32<34.99),OR(I32<42,I32>70)), "Please Call",IF(AND(AND(H32>=35,H32<36),OR(I32<42,I32>69)), "Please Call","OKAY")))))))))) | X32: =IF(A32="","",IF(OR(A32=$AD$101,A32=$AD$99,A32=$AD$102,C32=$AD$82,A32=$AD$103),"N/A",IF(AND(H32>36,I32>36),"Please Call",IF(AND(AND(H32>=8.625,H32<9.99),OR(I32<13,I32>36)), "Please Call",IF(AND(AND(H32>=10,H32<13.99),OR(I32<13,I32>48)), "Please Call",IF(AND(AND(H32>=14,H32<24.99),OR(I32<13,I32>80)), "Please Call",IF(AND(AND(H32>=25,H32<26.99),OR(I32<14,I32>80)), "Please Call",IF(AND(AND(H32>=27,H32<27.99),OR(I32<14,I32>79)), "Please Call",IF(AND(AND(H32>=28,H32<28.99),OR(I32<14,I32>77)), "Please Call",IF(AND(AND(H32>=29,H32<29.99),OR(I32<14,I32>75)), "Please Call",IF(AND(AND(H32>=30,H32<30.99),OR(I32<14,I32>72)), "Please Call",IF(AND(AND(H32>=31,H32<31.99),OR(I32<14,I32>70)), "Please Call",IF(AND(AND(H32>=32,H32<32.99),OR(I32<14,I32>68)), "Please Call",IF(AND(AND(H32>=33,H32<33.99),OR(I32<14,I32>66)), "Please Call",IF(AND(AND(H32>=34,H32<34.99),OR(I32<14,I32>64)), "Please Call",IF(AND(AND(H32>=35,H32<35.99),OR(I32<14,I32>62)), "Please Call",IF(AND(AND(H32>=36,H32<36.99),OR(I32<14,I32>60)), "Please Call",IF(AND(AND(H32>=37,H32<41.99),OR(I32<15,I32>36)), "Please Call",IF(AND(AND(H32>=42,H32<59.99),OR(I32<18,I32>36)), "Please Call",IF(AND(AND(H32>=60,H32<61.99),OR(I32<18,I32>35)), "Please Call",IF(AND(AND(H32>=62,H32<63.99),OR(I32<18,I32>34)), "Please Call",IF(AND(AND(H32>=64,H32<65.99),OR(I32<18,I32>33)), "Please Call",IF(AND(AND(H32>=66,H32<67.99),OR(I32<18,I32>32)), "Please Call",IF(AND(AND(H32>=68,H32<69.99),OR(I32<18,I32>31)), "Please Call",IF(AND(AND(H32>=70,H32<71.99),OR(I32<18,I32>30)), "Please Call",IF(AND(AND(H32>=72,H32<74.99),OR(I32<18,I32>29)), "Please Call",IF(AND(AND(H32>=75,H32<77.99),OR(I32<18,I32>28)), "Please Call",IF(AND(AND(H32>=78,H32<78.99),OR(I32<18,I32>27)), "Please Call",IF(AND(AND(H32>=79,H32<80),OR(I32<18,I32>26)), "Please Call","OKAY"))))))))))))))))))))))))))))) | Y32: =IF(A32="","",IF(OR(A32=$AD$99,A32=$AD$101,A32=$AD$102,C32=$AD$81,A32=$AD$103),"N/A",IF(AND(H32>36,I32>36),"Please Call",IF(AND(AND(H32>=8.625,H32<9.99),OR(I32<13,I32>36)), "Please Call",IF(AND(AND(H32>=10,H32<13.99),OR(I32<13,I32>48)), "Please Call",IF(AND(AND(H32>=14,H32<24.99),OR(I32<13,I32>80)), "Please Call",IF(AND(AND(H32>=25,H32<30.99),OR(I32<14,I32>80)), "Please Call",IF(AND(AND(H32>=31,H32<31.99),OR(I32<14,I32>78)), "Please Call",IF(AND(AND(H32>=32,H32<32.99),OR(I32<14,I32>76)), "Please Call",IF(AND(AND(H32>=33,H32<33.99),OR(I32<14,I32>75)), "Please Call",IF(AND(AND(H32>=34,H32<34.99),OR(I32<14,I32>73)), "Please Call",IF(AND(AND(H32>=35,H32<36.99),OR(I32<14,I32>69)), "Please Call",IF(AND(AND(H32>=37,H32<41.99),OR(I32<15,I32>36)), "Please Call",IF(AND(AND(H32>=42,H32<47.99),OR(I32<18,I32>36)), "Please Call",IF(AND(AND(H32>=48,H32<49.99),OR(I32<18,I32>35)), "Please Call",IF(AND(AND(H32>=50,H32<50.99),OR(I32<18,I32>34)), "Please Call",IF(AND(AND(H32>=51,H32<52.99),OR(I32<18,I32>33)), "Please Call",IF(AND(AND(H32>=53,H32<53.99),OR(I32<18,I32>32)), "Please Call",IF(AND(AND(H32>=54,H32<55.99),OR(I32<18,I32>31)), "Please Call",IF(AND(AND(H32>=56,H32<57.99),OR(I32<18,I32>30)), "Please Call",IF(AND(AND(H32>=58,H32<59.99),OR(I32<18,I32>29)), "Please Call",IF(AND(AND(H32>=60,H32<61.99),OR(I32<18,I32>28)), "Please Call",IF(AND(AND(H32>=62,H32<63.99),OR(I32<18,I32>27)), "Please Call",IF(AND(AND(H32>=64,H32<66.99),OR(I32<18,I32>26)), "Please Call",IF(AND(AND(H32>=67,H32<69.99),OR(I32<18,I32>25)), "Please Call",IF(AND(AND(H32>=70,H32<71.99),OR(I32<18,I32>24)), "Please Call",IF(AND(AND(H32>=72,H32<75.99),OR(I32<18,I32>23)), "Please Call",IF(AND(AND(H32>=76,H32<77.99),OR(I32<18,I32>22)), "Please Call",IF(AND(AND(H32>=78,H32<80),OR(I32<18,I32>21)), "Please Call","OKAY"))))))))))))))))))))))))))))) | Z32: =IF(A32="","",IF(OR(A32=$AD$100,A32=$AD$99,A32=$AD$101,A32=$AD$103),"N/A",IF(AND(H32>36,I32>36),"Please Call",IF(AND(AND(H32>=15,H32<15.99),OR(I32<12,I32>13.99)), "Please Call",IF(AND(AND(H32>=16,H32<16.99),OR(I32<12,I32>15.99)), "Please Call",IF(AND(AND(H32>=17,H32<17.99),OR(I32<12,I32>18.99)), "Please Call",IF(AND(AND(H32>=18,H32<18.99),OR(I32<12,I32>20.99)), "Please Call",IF(AND(AND(H32>=19,H32<19.99),OR(I32<12,I32>22.99)), "Please Call",IF(AND(AND(H32>=20,H32<20.99),OR(I32<12,I32>24.99)), "Please Call",IF(AND(AND(H32>=21,H32<21.99),OR(I32<12,I32>26.99)), "Please Call",IF(AND(AND(H32>=22,H32<22.99),OR(I32<12,I32>28.99)), "Please Call",IF(AND(AND(H32>=23,H32<23.99),OR(I32<12,I32>30.99)), "Please Call",IF(AND(AND(H32>=24,H32<24.99),OR(I32<12,I32>31.99)), "Please Call",IF(AND(AND(H32>=25,H32<25.99),OR(I32<12,I32>35.99)), "Please Call",IF(AND(AND(H32>=26,H32<26.99),OR(I32<12,I32>36.99)), "Please Call",IF(AND(AND(H32>=27,H32<28.99),OR(I32<12,I32>37.99)), "Please Call",IF(AND(AND(H32>=29,H32<29.99),OR(I32<12,I32>39.99)), "Please Call",IF(AND(AND(H32>=30,H32<32.99),OR(I32<12,I32>41)), "Please Call",IF(AND(AND(H32>=33,H32<33.99),OR(I32<12,I32>39.99)), "Please Call",IF(AND(AND(H32>=34,H32<34.99),OR(I32<12,I32>38.99)), "Please Call",IF(AND(AND(H32>=35,H32<35.99),OR(I32<12,I32>37.99)), "Please Call",IF(AND(AND(H32>=36,H32<36.99),OR(I32<12,I32>36.99)), "Please Call",IF(AND(AND(H32>=37,H32<37.99),OR(I32<12,I32>35.99)), "Please Call",IF(AND(AND(H32>=38,H32<38.99),OR(I32<12,I32>34.99)), "Please Call",IF(AND(AND(H32>=39,H32<39.99),OR(I32<12,I32>33.99)), "Please Call",IF(AND(AND(H32>=40,H32<40.99),OR(I32<12,I32>32.99)), "Please Call",IF(AND(AND(H32>=41,H32<41.99),OR(I32<12,I32>31.99)), "Please Call",IF(AND(AND(H32>=42,H32<43.99),OR(I32<12,I32>30.99)), "Please Call",IF(AND(AND(H32>=44,H32<44.99),OR(I32<12,I32>29.99)), "Please Call",IF(AND(AND(H32>=45,H32<46.99),OR(I32<12,I32>28.99)), "Please Call",IF(AND(AND(H32>=47,H32<48.99),OR(I32<12,I32>27.99)), "Please Call",IF(AND(AND(H32>=49,H32<49.99),OR(I32<12,I32>26.99)), "Please Call",IF(AND(AND(H32>=50,H32<51.99),OR(I32<12,I32>25.99)), "Please Call",IF(AND(AND(H32>=52,H32<54),OR(I32<12,I32>24.99)), "Please Call","OKAY")))))))))))))))))))))))))))))))))) | AA32: =IF(A32="","",IF(OR(A32=$AD$99,A32=$AD$100,A32=$AD$101,A32=$AD$102,C32=$AD$81),"N/A",IF(AND(AND(H32<8,H32>48),OR(I32<18,I32>80)), "Please Call",IF(AND(H32>36,I32>36),"Please Call",IF(K32>18.2,"Please Call","OKAY"))))) | AB32: =IF(A32="","",IF(OR(A32=$AD$99,A32=$AD$100,A32=$AD$101,A32=$AD$102,C32=$AD$82),"N/A",IF(AND(AND(H32<8,H32>48),OR(I32<18,I32>80)), "Please Call",IF(AND(H32>36,I32>36),"Please Call",IF(K32>=15,"Please Call","OKAY"))))) | AC32: =VLOOKUP(A32,$AD$99:$AE$103,2,0) -> #N/A | AD32: =VLOOKUP(C32,$AD$81:$AE$82,2,0) -> #N/A | AE32: =VLOOKUP(D32,$AD$58:$AE$70,2,0) -> #N/A | AF32: =IF(AND(K32>=1,K32<=2),$AD$105,IF(AND(K32>=2,K32<=3),$AD$106,IF(AND(K32>=3,K32<=5),$AD$107,IF(AND(K32>=5,K32<=7),$AD$108,IF(AND(K32>=7,K32<=9),$AD$109,IF(AND(K32>=9,K32<=11),$AD$110,IF(AND(K32>=11,K32<=13),$AD$111,IF(AND(K32>=13,K32<=15),$AD$112,IF(AND(K32>=15,K32<=17),$AD$113,IF(AND(K32>=17,K32<=19),$AD$114,"INVALID CODE")))))))))) -> INVALID CODE | AG32: =VLOOKUP(AF32,$AD$105:$AE$114,2,0) -> #N/A | AH32: =CONCATENATE(AC32,AD32,AE32,AG32) -> #N/A | AI32: =VLOOKUP(AH32,'Price DATA'!$A$8:$C$1156,3,0) -> #N/A | AJ32: =VLOOKUP(G32,$AD$92:$AE$97,2,0) -> #N/A | AK32: =IF(AJ32="Upcharge",(VLOOKUP(AD32,$AE$81:$AF$82,2,0)),0) -> #N/A | AL32: =IF(A32=$AD$100,VLOOKUP(C32,$AD$81:$AG$82,4,0),IF(A32=$AD$103,VLOOKUP(C32,$AD$81:$AH$82,5,0),VLOOKUP(A32,$AD$83:$AG$86,4,0))) -> #N/A | AP32: =AP31+0.0625 -> 14.4375 | AQ32: =AQ31+0.0625 -> 42.4375 | AS32: =AS31+0.0625 -> 9.0625 | AT32: =AT31+0.0625 -> 13.4375 | AU32: =AU31+0.0625 -> 30.4375 | AW32: =AW31+0.0625 -> 8.4375 | AX32: =AX31+0.0625 -> 12.4375 | AZ32: =AZ31+0.0625 -> 15.4375 | BA32: =BA31+0.0625 -> 12.4375 | BC32: =BC31+0.0625 -> 8.4375 | BD32: =BD31+0.0625 -> 18.4375
K33: =IF(I33="","",ROUND(((H33*I33)/144),2)) | L33: =IF(K33="","",IF(K33>AL33,"",(AI33+AK33))) | M33: =IF(F33=$AF$89,'Price DATA'!$U$3,0) -> 0 | N33: =IF(OR(A33="",B33="",C33="",D33="",E33="",,F33="",G33="",H33="",I33="",J33=""),"",IF(OR(AF33="INVALID CODE",V33="Please Call",W33="Please Call",X33="Please Call",Y33="Please Call",Z33="Please Call",AA33="Please Call",AB33="Please Call"),"Please Call",IF(K33>AL33,"Please Call",IF(AND(E33=$AD$89,I33<30),"Incorrect Operator Position",IF(AND(H33>=36,I33>=36),"Please Call",IF(OR(V33="OKAY",W33="OKAY",X33="OKAY",Y33="OKAY",Z33="OKAY",AA33="OKAY",,AB33="OKAY"),((L33*K33)+M33),"")))))) | O33: =IF(OR(J33="",N33="",N33="Please Call",N33="Incorrect Operator Position"),"",J33*N33) | V33: =IF(A33="","",IF(OR(A33=$AD$100,A33=$AD$99,A33=$AD$102,A33=$AD$103),"N/A",IF(AND(H33>36,I33>36),"Please Call",IF(AND(AND(H33>=8,H33<9.99),OR(I33<12,I33>36)), "Please Call",IF(AND(AND(H33>=10,H33<13.99),OR(I33<12,I33>54)), "Please Call",IF(AND(AND(H33>=14,H33<19.99),OR(I33<12,I33>68)), "Please Call",IF(AND(AND(H33>=20,H33<20.99),OR(I33<12,I33>65)), "Please Call",IF(AND(AND(H33>=21,H33<21.99),OR(I33<12,I33>62)), "Please Call",IF(AND(AND(H33>=22,H33<22.99),OR(I33<12,I33>59)), "Please Call",IF(AND(AND(H33>=23,H33<23.99),OR(I33<12,I33>57)), "Please Call",IF(AND(AND(H33>=24,H33<24.99),OR(I33<12,I33>54)), "Please Call",IF(AND(AND(H33>=25,H33<25.99),OR(I33<12,I33>52)), "Please Call",IF(AND(AND(H33>=26,H33<26.99),OR(I33<12,I33>50)), "Please Call",IF(AND(AND(H33>=27,H33<27.99),OR(I33<12,I33>49)), "Please Call",IF(AND(AND(H33>=28,H33<28.99),OR(I33<12,I33>47)), "Please Call",IF(AND(AND(H33>=29,H33<29.99),OR(I33<12,I33>45)), "Please Call",IF(AND(AND(H33>=30,H33<30.99),OR(I33<12,I33>44)), "Please Call",IF(AND(AND(H33>=31,H33<31.99),OR(I33<12,I33>42)), "Please Call",IF(AND(AND(H33>=32,H33<32.99),OR(I33<12,I33>41)), "Please Call",IF(AND(AND(H33>=33,H33<33.99),OR(I33<12,I33>40)), "Please Call",IF(AND(AND(H33>=34,H33<34.99),OR(I33<12,I33>39)), "Please Call",IF(AND(AND(H33>=35,H33<35.99),OR(I33<12,I33>38)), "Please Call",IF(AND(AND(H33>=36,H33<36.99),OR(I33<12,I33>37)), "Please Call",IF(AND(AND(H33>=37,H33<37.99),OR(I33<12,I33>36)), "Please Call",IF(AND(AND(H33>=38,H33<38.99),OR(I33<12,I33>35)), "Please Call",IF(AND(AND(H33>=39,H33<39.99),OR(I33<12,I33>34)), "Please Call",IF(AND(AND(H33>=40,H33<40.99),OR(I33<12,I33>33)), "Please Call",IF(AND(AND(H33>=41,H33<41.99),OR(I33<12,I33>32)), "Please Call",IF(AND(AND(H33>=42,H33<45.99),OR(I33<12,I33>31)), "Please Call",IF(AND(AND(H33>=46,H33<47.99),OR(I33<12,I33>30)), "Please Call",IF(AND(AND(H33>=48,H33<48.99),OR(I33<12,I33>29)), "Please Call",IF(AND(AND(H33>=49,H33<50.99),OR(I33<12,I33>28)), "Please Call",IF(AND(AND(H33>=51,H33<54),OR(I33<12,I33>26)), "Please Call","OKAY"))))))))))))))))))))))))))))))))) | W33: =IF(A33="","",IF(OR(A33=$AD$100,A33=$AD$101,A33=$AD$102,A33=$AD$103),"N/A",IF(AND(H33>36,I33>36),"Please Call",IF(AND(AND(H33>=14,H33<29.99),OR(I33<42,I33>80)), "Please Call",IF(AND(AND(H33>=30,H33<30.99),OR(I33<42,I33>79)), "Please Call",IF(AND(AND(H33>=31,H33<31.99),OR(I33<42,I33>76)), "Please Call",IF(AND(AND(H33>=32,H33<32.99),OR(I33<42,I33>74)), "Please Call",IF(AND(AND(H33>=33,H33<33.99),OR(I33<42,I33>72)), "Please Call",IF(AND(AND(H33>=34,H33<34.99),OR(I33<42,I33>70)), "Please Call",IF(AND(AND(H33>=35,H33<36),OR(I33<42,I33>69)), "Please Call","OKAY")))))))))) | X33: =IF(A33="","",IF(OR(A33=$AD$101,A33=$AD$99,A33=$AD$102,C33=$AD$82,A33=$AD$103),"N/A",IF(AND(H33>36,I33>36),"Please Call",IF(AND(AND(H33>=8.625,H33<9.99),OR(I33<13,I33>36)), "Please Call",IF(AND(AND(H33>=10,H33<13.99),OR(I33<13,I33>48)), "Please Call",IF(AND(AND(H33>=14,H33<24.99),OR(I33<13,I33>80)), "Please Call",IF(AND(AND(H33>=25,H33<26.99),OR(I33<14,I33>80)), "Please Call",IF(AND(AND(H33>=27,H33<27.99),OR(I33<14,I33>79)), "Please Call",IF(AND(AND(H33>=28,H33<28.99),OR(I33<14,I33>77)), "Please Call",IF(AND(AND(H33>=29,H33<29.99),OR(I33<14,I33>75)), "Please Call",IF(AND(AND(H33>=30,H33<30.99),OR(I33<14,I33>72)), "Please Call",IF(AND(AND(H33>=31,H33<31.99),OR(I33<14,I33>70)), "Please Call",IF(AND(AND(H33>=32,H33<32.99),OR(I33<14,I33>68)), "Please Call",IF(AND(AND(H33>=33,H33<33.99),OR(I33<14,I33>66)), "Please Call",IF(AND(AND(H33>=34,H33<34.99),OR(I33<14,I33>64)), "Please Call",IF(AND(AND(H33>=35,H33<35.99),OR(I33<14,I33>62)), "Please Call",IF(AND(AND(H33>=36,H33<36.99),OR(I33<14,I33>60)), "Please Call",IF(AND(AND(H33>=37,H33<41.99),OR(I33<15,I33>36)), "Please Call",IF(AND(AND(H33>=42,H33<59.99),OR(I33<18,I33>36)), "Please Call",IF(AND(AND(H33>=60,H33<61.99),OR(I33<18,I33>35)), "Please Call",IF(AND(AND(H33>=62,H33<63.99),OR(I33<18,I33>34)), "Please Call",IF(AND(AND(H33>=64,H33<65.99),OR(I33<18,I33>33)), "Please Call",IF(AND(AND(H33>=66,H33<67.99),OR(I33<18,I33>32)), "Please Call",IF(AND(AND(H33>=68,H33<69.99),OR(I33<18,I33>31)), "Please Call",IF(AND(AND(H33>=70,H33<71.99),OR(I33<18,I33>30)), "Please Call",IF(AND(AND(H33>=72,H33<74.99),OR(I33<18,I33>29)), "Please Call",IF(AND(AND(H33>=75,H33<77.99),OR(I33<18,I33>28)), "Please Call",IF(AND(AND(H33>=78,H33<78.99),OR(I33<18,I33>27)), "Please Call",IF(AND(AND(H33>=79,H33<80),OR(I33<18,I33>26)), "Please Call","OKAY"))))))))))))))))))))))))))))) | Y33: =IF(A33="","",IF(OR(A33=$AD$99,A33=$AD$101,A33=$AD$102,C33=$AD$81,A33=$AD$103),"N/A",IF(AND(H33>36,I33>36),"Please Call",IF(AND(AND(H33>=8.625,H33<9.99),OR(I33<13,I33>36)), "Please Call",IF(AND(AND(H33>=10,H33<13.99),OR(I33<13,I33>48)), "Please Call",IF(AND(AND(H33>=14,H33<24.99),OR(I33<13,I33>80)), "Please Call",IF(AND(AND(H33>=25,H33<30.99),OR(I33<14,I33>80)), "Please Call",IF(AND(AND(H33>=31,H33<31.99),OR(I33<14,I33>78)), "Please Call",IF(AND(AND(H33>=32,H33<32.99),OR(I33<14,I33>76)), "Please Call",IF(AND(AND(H33>=33,H33<33.99),OR(I33<14,I33>75)), "Please Call",IF(AND(AND(H33>=34,H33<34.99),OR(I33<14,I33>73)), "Please Call",IF(AND(AND(H33>=35,H33<36.99),OR(I33<14,I33>69)), "Please Call",IF(AND(AND(H33>=37,H33<41.99),OR(I33<15,I33>36)), "Please Call",IF(AND(AND(H33>=42,H33<47.99),OR(I33<18,I33>36)), "Please Call",IF(AND(AND(H33>=48,H33<49.99),OR(I33<18,I33>35)), "Please Call",IF(AND(AND(H33>=50,H33<50.99),OR(I33<18,I33>34)), "Please Call",IF(AND(AND(H33>=51,H33<52.99),OR(I33<18,I33>33)), "Please Call",IF(AND(AND(H33>=53,H33<53.99),OR(I33<18,I33>32)), "Please Call",IF(AND(AND(H33>=54,H33<55.99),OR(I33<18,I33>31)), "Please Call",IF(AND(AND(H33>=56,H33<57.99),OR(I33<18,I33>30)), "Please Call",IF(AND(AND(H33>=58,H33<59.99),OR(I33<18,I33>29)), "Please Call",IF(AND(AND(H33>=60,H33<61.99),OR(I33<18,I33>28)), "Please Call",IF(AND(AND(H33>=62,H33<63.99),OR(I33<18,I33>27)), "Please Call",IF(AND(AND(H33>=64,H33<66.99),OR(I33<18,I33>26)), "Please Call",IF(AND(AND(H33>=67,H33<69.99),OR(I33<18,I33>25)), "Please Call",IF(AND(AND(H33>=70,H33<71.99),OR(I33<18,I33>24)), "Please Call",IF(AND(AND(H33>=72,H33<75.99),OR(I33<18,I33>23)), "Please Call",IF(AND(AND(H33>=76,H33<77.99),OR(I33<18,I33>22)), "Please Call",IF(AND(AND(H33>=78,H33<80),OR(I33<18,I33>21)), "Please Call","OKAY"))))))))))))))))))))))))))))) | Z33: =IF(A33="","",IF(OR(A33=$AD$100,A33=$AD$99,A33=$AD$101,A33=$AD$103),"N/A",IF(AND(H33>36,I33>36),"Please Call",IF(AND(AND(H33>=15,H33<15.99),OR(I33<12,I33>13.99)), "Please Call",IF(AND(AND(H33>=16,H33<16.99),OR(I33<12,I33>15.99)), "Please Call",IF(AND(AND(H33>=17,H33<17.99),OR(I33<12,I33>18.99)), "Please Call",IF(AND(AND(H33>=18,H33<18.99),OR(I33<12,I33>20.99)), "Please Call",IF(AND(AND(H33>=19,H33<19.99),OR(I33<12,I33>22.99)), "Please Call",IF(AND(AND(H33>=20,H33<20.99),OR(I33<12,I33>24.99)), "Please Call",IF(AND(AND(H33>=21,H33<21.99),OR(I33<12,I33>26.99)), "Please Call",IF(AND(AND(H33>=22,H33<22.99),OR(I33<12,I33>28.99)), "Please Call",IF(AND(AND(H33>=23,H33<23.99),OR(I33<12,I33>30.99)), "Please Call",IF(AND(AND(H33>=24,H33<24.99),OR(I33<12,I33>31.99)), "Please Call",IF(AND(AND(H33>=25,H33<25.99),OR(I33<12,I33>35.99)), "Please Call",IF(AND(AND(H33>=26,H33<26.99),OR(I33<12,I33>36.99)), "Please Call",IF(AND(AND(H33>=27,H33<28.99),OR(I33<12,I33>37.99)), "Please Call",IF(AND(AND(H33>=29,H33<29.99),OR(I33<12,I33>39.99)), "Please Call",IF(AND(AND(H33>=30,H33<32.99),OR(I33<12,I33>41)), "Please Call",IF(AND(AND(H33>=33,H33<33.99),OR(I33<12,I33>39.99)), "Please Call",IF(AND(AND(H33>=34,H33<34.99),OR(I33<12,I33>38.99)), "Please Call",IF(AND(AND(H33>=35,H33<35.99),OR(I33<12,I33>37.99)), "Please Call",IF(AND(AND(H33>=36,H33<36.99),OR(I33<12,I33>36.99)), "Please Call",IF(AND(AND(H33>=37,H33<37.99),OR(I33<12,I33>35.99)), "Please Call",IF(AND(AND(H33>=38,H33<38.99),OR(I33<12,I33>34.99)), "Please Call",IF(AND(AND(H33>=39,H33<39.99),OR(I33<12,I33>33.99)), "Please Call",IF(AND(AND(H33>=40,H33<40.99),OR(I33<12,I33>32.99)), "Please Call",IF(AND(AND(H33>=41,H33<41.99),OR(I33<12,I33>31.99)), "Please Call",IF(AND(AND(H33>=42,H33<43.99),OR(I33<12,I33>30.99)), "Please Call",IF(AND(AND(H33>=44,H33<44.99),OR(I33<12,I33>29.99)), "Please Call",IF(AND(AND(H33>=45,H33<46.99),OR(I33<12,I33>28.99)), "Please Call",IF(AND(AND(H33>=47,H33<48.99),OR(I33<12,I33>27.99)), "Please Call",IF(AND(AND(H33>=49,H33<49.99),OR(I33<12,I33>26.99)), "Please Call",IF(AND(AND(H33>=50,H33<51.99),OR(I33<12,I33>25.99)), "Please Call",IF(AND(AND(H33>=52,H33<54),OR(I33<12,I33>24.99)), "Please Call","OKAY")))))))))))))))))))))))))))))))))) | AA33: =IF(A33="","",IF(OR(A33=$AD$99,A33=$AD$100,A33=$AD$101,A33=$AD$102,C33=$AD$81),"N/A",IF(AND(AND(H33<8,H33>48),OR(I33<18,I33>80)), "Please Call",IF(AND(H33>36,I33>36),"Please Call",IF(K33>18.2,"Please Call","OKAY"))))) | AB33: =IF(A33="","",IF(OR(A33=$AD$99,A33=$AD$100,A33=$AD$101,A33=$AD$102,C33=$AD$82),"N/A",IF(AND(AND(H33<8,H33>48),OR(I33<18,I33>80)), "Please Call",IF(AND(H33>36,I33>36),"Please Call",IF(K33>=15,"Please Call","OKAY"))))) | AC33: =VLOOKUP(A33,$AD$99:$AE$103,2,0) -> #N/A | AD33: =VLOOKUP(C33,$AD$81:$AE$82,2,0) -> #N/A | AE33: =VLOOKUP(D33,$AD$58:$AE$70,2,0) -> #N/A | AF33: =IF(AND(K33>=1,K33<=2),$AD$105,IF(AND(K33>=2,K33<=3),$AD$106,IF(AND(K33>=3,K33<=5),$AD$107,IF(AND(K33>=5,K33<=7),$AD$108,IF(AND(K33>=7,K33<=9),$AD$109,IF(AND(K33>=9,K33<=11),$AD$110,IF(AND(K33>=11,K33<=13),$AD$111,IF(AND(K33>=13,K33<=15),$AD$112,IF(AND(K33>=15,K33<=17),$AD$113,IF(AND(K33>=17,K33<=19),$AD$114,"INVALID CODE")))))))))) -> INVALID CODE | AG33: =VLOOKUP(AF33,$AD$105:$AE$114,2,0) -> #N/A | AH33: =CONCATENATE(AC33,AD33,AE33,AG33) -> #N/A | AI33: =VLOOKUP(AH33,'Price DATA'!$A$8:$C$1156,3,0) -> #N/A | AJ33: =VLOOKUP(G33,$AD$92:$AE$97,2,0) -> #N/A | AK33: =IF(AJ33="Upcharge",(VLOOKUP(AD33,$AE$81:$AF$82,2,0)),0) -> #N/A | AL33: =IF(A33=$AD$100,VLOOKUP(C33,$AD$81:$AG$82,4,0),IF(A33=$AD$103,VLOOKUP(C33,$AD$81:$AH$82,5,0),VLOOKUP(A33,$AD$83:$AG$86,4,0))) -> #N/A | AP33: =AP32+0.0625 -> 14.5 | AQ33: =AQ32+0.0625 -> 42.5 | AS33: =AS32+0.0625 -> 9.125 | AT33: =AT32+0.0625 -> 13.5 | AU33: =AU32+0.0625 -> 30.5 | AW33: =AW32+0.0625 -> 8.5 | AX33: =AX32+0.0625 -> 12.5 | AZ33: =AZ32+0.0625 -> 15.5 | BA33: =BA32+0.0625 -> 12.5 | BC33: =BC32+0.0625 -> 8.5 | BD33: =BD32+0.0625 -> 18.5
K34: =IF(I34="","",ROUND(((H34*I34)/144),2)) | L34: =IF(K34="","",IF(K34>AL34,"",(AI34+AK34))) | M34: =IF(F34=$AF$89,'Price DATA'!$U$3,0) -> 0 | N34: =IF(OR(A34="",B34="",C34="",D34="",E34="",,F34="",G34="",H34="",I34="",J34=""),"",IF(OR(AF34="INVALID CODE",V34="Please Call",W34="Please Call",X34="Please Call",Y34="Please Call",Z34="Please Call",AA34="Please Call",AB34="Please Call"),"Please Call",IF(K34>AL34,"Please Call",IF(AND(E34=$AD$89,I34<30),"Incorrect Operator Position",IF(AND(H34>=36,I34>=36),"Please Call",IF(OR(V34="OKAY",W34="OKAY",X34="OKAY",Y34="OKAY",Z34="OKAY",AA34="OKAY",,AB34="OKAY"),((L34*K34)+M34),"")))))) | O34: =IF(OR(J34="",N34="",N34="Please Call",N34="Incorrect Operator Position"),"",J34*N34) | V34: =IF(A34="","",IF(OR(A34=$AD$100,A34=$AD$99,A34=$AD$102,A34=$AD$103),"N/A",IF(AND(H34>36,I34>36),"Please Call",IF(AND(AND(H34>=8,H34<9.99),OR(I34<12,I34>36)), "Please Call",IF(AND(AND(H34>=10,H34<13.99),OR(I34<12,I34>54)), "Please Call",IF(AND(AND(H34>=14,H34<19.99),OR(I34<12,I34>68)), "Please Call",IF(AND(AND(H34>=20,H34<20.99),OR(I34<12,I34>65)), "Please Call",IF(AND(AND(H34>=21,H34<21.99),OR(I34<12,I34>62)), "Please Call",IF(AND(AND(H34>=22,H34<22.99),OR(I34<12,I34>59)), "Please Call",IF(AND(AND(H34>=23,H34<23.99),OR(I34<12,I34>57)), "Please Call",IF(AND(AND(H34>=24,H34<24.99),OR(I34<12,I34>54)), "Please Call",IF(AND(AND(H34>=25,H34<25.99),OR(I34<12,I34>52)), "Please Call",IF(AND(AND(H34>=26,H34<26.99),OR(I34<12,I34>50)), "Please Call",IF(AND(AND(H34>=27,H34<27.99),OR(I34<12,I34>49)), "Please Call",IF(AND(AND(H34>=28,H34<28.99),OR(I34<12,I34>47)), "Please Call",IF(AND(AND(H34>=29,H34<29.99),OR(I34<12,I34>45)), "Please Call",IF(AND(AND(H34>=30,H34<30.99),OR(I34<12,I34>44)), "Please Call",IF(AND(AND(H34>=31,H34<31.99),OR(I34<12,I34>42)), "Please Call",IF(AND(AND(H34>=32,H34<32.99),OR(I34<12,I34>41)), "Please Call",IF(AND(AND(H34>=33,H34<33.99),OR(I34<12,I34>40)), "Please Call",IF(AND(AND(H34>=34,H34<34.99),OR(I34<12,I34>39)), "Please Call",IF(AND(AND(H34>=35,H34<35.99),OR(I34<12,I34>38)), "Please Call",IF(AND(AND(H34>=36,H34<36.99),OR(I34<12,I34>37)), "Please Call",IF(AND(AND(H34>=37,H34<37.99),OR(I34<12,I34>36)), "Please Call",IF(AND(AND(H34>=38,H34<38.99),OR(I34<12,I34>35)), "Please Call",IF(AND(AND(H34>=39,H34<39.99),OR(I34<12,I34>34)), "Please Call",IF(AND(AND(H34>=40,H34<40.99),OR(I34<12,I34>33)), "Please Call",IF(AND(AND(H34>=41,H34<41.99),OR(I34<12,I34>32)), "Please Call",IF(AND(AND(H34>=42,H34<45.99),OR(I34<12,I34>31)), "Please Call",IF(AND(AND(H34>=46,H34<47.99),OR(I34<12,I34>30)), "Please Call",IF(AND(AND(H34>=48,H34<48.99),OR(I34<12,I34>29)), "Please Call",IF(AND(AND(H34>=49,H34<50.99),OR(I34<12,I34>28)), "Please Call",IF(AND(AND(H34>=51,H34<54),OR(I34<12,I34>26)), "Please Call","OKAY"))))))))))))))))))))))))))))))))) | W34: =IF(A34="","",IF(OR(A34=$AD$100,A34=$AD$101,A34=$AD$102,A34=$AD$103),"N/A",IF(AND(H34>36,I34>36),"Please Call",IF(AND(AND(H34>=14,H34<29.99),OR(I34<42,I34>80)), "Please Call",IF(AND(AND(H34>=30,H34<30.99),OR(I34<42,I34>79)), "Please Call",IF(AND(AND(H34>=31,H34<31.99),OR(I34<42,I34>76)), "Please Call",IF(AND(AND(H34>=32,H34<32.99),OR(I34<42,I34>74)), "Please Call",IF(AND(AND(H34>=33,H34<33.99),OR(I34<42,I34>72)), "Please Call",IF(AND(AND(H34>=34,H34<34.99),OR(I34<42,I34>70)), "Please Call",IF(AND(AND(H34>=35,H34<36),OR(I34<42,I34>69)), "Please Call","OKAY")))))))))) | X34: =IF(A34="","",IF(OR(A34=$AD$101,A34=$AD$99,A34=$AD$102,C34=$AD$82,A34=$AD$103),"N/A",IF(AND(H34>36,I34>36),"Please Call",IF(AND(AND(H34>=8.625,H34<9.99),OR(I34<13,I34>36)), "Please Call",IF(AND(AND(H34>=10,H34<13.99),OR(I34<13,I34>48)), "Please Call",IF(AND(AND(H34>=14,H34<24.99),OR(I34<13,I34>80)), "Please Call",IF(AND(AND(H34>=25,H34<26.99),OR(I34<14,I34>80)), "Please Call",IF(AND(AND(H34>=27,H34<27.99),OR(I34<14,I34>79)), "Please Call",IF(AND(AND(H34>=28,H34<28.99),OR(I34<14,I34>77)), "Please Call",IF(AND(AND(H34>=29,H34<29.99),OR(I34<14,I34>75)), "Please Call",IF(AND(AND(H34>=30,H34<30.99),OR(I34<14,I34>72)), "Please Call",IF(AND(AND(H34>=31,H34<31.99),OR(I34<14,I34>70)), "Please Call",IF(AND(AND(H34>=32,H34<32.99),OR(I34<14,I34>68)), "Please Call",IF(AND(AND(H34>=33,H34<33.99),OR(I34<14,I34>66)), "Please Call",IF(AND(AND(H34>=34,H34<34.99),OR(I34<14,I34>64)), "Please Call",IF(AND(AND(H34>=35,H34<35.99),OR(I34<14,I34>62)), "Please Call",IF(AND(AND(H34>=36,H34<36.99),OR(I34<14,I34>60)), "Please Call",IF(AND(AND(H34>=37,H34<41.99),OR(I34<15,I34>36)), "Please Call",IF(AND(AND(H34>=42,H34<59.99),OR(I34<18,I34>36)), "Please Call",IF(AND(AND(H34>=60,H34<61.99),OR(I34<18,I34>35)), "Please Call",IF(AND(AND(H34>=62,H34<63.99),OR(I34<18,I34>34)), "Please Call",IF(AND(AND(H34>=64,H34<65.99),OR(I34<18,I34>33)), "Please Call",IF(AND(AND(H34>=66,H34<67.99),OR(I34<18,I34>32)), "Please Call",IF(AND(AND(H34>=68,H34<69.99),OR(I34<18,I34>31)), "Please Call",IF(AND(AND(H34>=70,H34<71.99),OR(I34<18,I34>30)), "Please Call",IF(AND(AND(H34>=72,H34<74.99),OR(I34<18,I34>29)), "Please Call",IF(AND(AND(H34>=75,H34<77.99),OR(I34<18,I34>28)), "Please Call",IF(AND(AND(H34>=78,H34<78.99),OR(I34<18,I34>27)), "Please Call",IF(AND(AND(H34>=79,H34<80),OR(I34<18,I34>26)), "Please Call","OKAY"))))))))))))))))))))))))))))) | Y34: =IF(A34="","",IF(OR(A34=$AD$99,A34=$AD$101,A34=$AD$102,C34=$AD$81,A34=$AD$103),"N/A",IF(AND(H34>36,I34>36),"Please Call",IF(AND(AND(H34>=8.625,H34<9.99),OR(I34<13,I34>36)), "Please Call",IF(AND(AND(H34>=10,H34<13.99),OR(I34<13,I34>48)), "Please Call",IF(AND(AND(H34>=14,H34<24.99),OR(I34<13,I34>80)), "Please Call",IF(AND(AND(H34>=25,H34<30.99),OR(I34<14,I34>80)), "Please Call",IF(AND(AND(H34>=31,H34<31.99),OR(I34<14,I34>78)), "Please Call",IF(AND(AND(H34>=32,H34<32.99),OR(I34<14,I34>76)), "Please Call",IF(AND(AND(H34>=33,H34<33.99),OR(I34<14,I34>75)), "Please Call",IF(AND(AND(H34>=34,H34<34.99),OR(I34<14,I34>73)), "Please Call",IF(AND(AND(H34>=35,H34<36.99),OR(I34<14,I34>69)), "Please Call",IF(AND(AND(H34>=37,H34<41.99),OR(I34<15,I34>36)), "Please Call",IF(AND(AND(H34>=42,H34<47.99),OR(I34<18,I34>36)), "Please Call",IF(AND(AND(H34>=48,H34<49.99),OR(I34<18,I34>35)), "Please Call",IF(AND(AND(H34>=50,H34<50.99),OR(I34<18,I34>34)), "Please Call",IF(AND(AND(H34>=51,H34<52.99),OR(I34<18,I34>33)), "Please Call",IF(AND(AND(H34>=53,H34<53.99),OR(I34<18,I34>32)), "Please Call",IF(AND(AND(H34>=54,H34<55.99),OR(I34<18,I34>31)), "Please Call",IF(AND(AND(H34>=56,H34<57.99),OR(I34<18,I34>30)), "Please Call",IF(AND(AND(H34>=58,H34<59.99),OR(I34<18,I34>29)), "Please Call",IF(AND(AND(H34>=60,H34<61.99),OR(I34<18,I34>28)), "Please Call",IF(AND(AND(H34>=62,H34<63.99),OR(I34<18,I34>27)), "Please Call",IF(AND(AND(H34>=64,H34<66.99),OR(I34<18,I34>26)), "Please Call",IF(AND(AND(H34>=67,H34<69.99),OR(I34<18,I34>25)), "Please Call",IF(AND(AND(H34>=70,H34<71.99),OR(I34<18,I34>24)), "Please Call",IF(AND(AND(H34>=72,H34<75.99),OR(I34<18,I34>23)), "Please Call",IF(AND(AND(H34>=76,H34<77.99),OR(I34<18,I34>22)), "Please Call",IF(AND(AND(H34>=78,H34<80),OR(I34<18,I34>21)), "Please Call","OKAY"))))))))))))))))))))))))))))) | Z34: =IF(A34="","",IF(OR(A34=$AD$100,A34=$AD$99,A34=$AD$101,A34=$AD$103),"N/A",IF(AND(H34>36,I34>36),"Please Call",IF(AND(AND(H34>=15,H34<15.99),OR(I34<12,I34>13.99)), "Please Call",IF(AND(AND(H34>=16,H34<16.99),OR(I34<12,I34>15.99)), "Please Call",IF(AND(AND(H34>=17,H34<17.99),OR(I34<12,I34>18.99)), "Please Call",IF(AND(AND(H34>=18,H34<18.99),OR(I34<12,I34>20.99)), "Please Call",IF(AND(AND(H34>=19,H34<19.99),OR(I34<12,I34>22.99)), "Please Call",IF(AND(AND(H34>=20,H34<20.99),OR(I34<12,I34>24.99)), "Please Call",IF(AND(AND(H34>=21,H34<21.99),OR(I34<12,I34>26.99)), "Please Call",IF(AND(AND(H34>=22,H34<22.99),OR(I34<12,I34>28.99)), "Please Call",IF(AND(AND(H34>=23,H34<23.99),OR(I34<12,I34>30.99)), "Please Call",IF(AND(AND(H34>=24,H34<24.99),OR(I34<12,I34>31.99)), "Please Call",IF(AND(AND(H34>=25,H34<25.99),OR(I34<12,I34>35.99)), "Please Call",IF(AND(AND(H34>=26,H34<26.99),OR(I34<12,I34>36.99)), "Please Call",IF(AND(AND(H34>=27,H34<28.99),OR(I34<12,I34>37.99)), "Please Call",IF(AND(AND(H34>=29,H34<29.99),OR(I34<12,I34>39.99)), "Please Call",IF(AND(AND(H34>=30,H34<32.99),OR(I34<12,I34>41)), "Please Call",IF(AND(AND(H34>=33,H34<33.99),OR(I34<12,I34>39.99)), "Please Call",IF(AND(AND(H34>=34,H34<34.99),OR(I34<12,I34>38.99)), "Please Call",IF(AND(AND(H34>=35,H34<35.99),OR(I34<12,I34>37.99)), "Please Call",IF(AND(AND(H34>=36,H34<36.99),OR(I34<12,I34>36.99)), "Please Call",IF(AND(AND(H34>=37,H34<37.99),OR(I34<12,I34>35.99)), "Please Call",IF(AND(AND(H34>=38,H34<38.99),OR(I34<12,I34>34.99)), "Please Call",IF(AND(AND(H34>=39,H34<39.99),OR(I34<12,I34>33.99)), "Please Call",IF(AND(AND(H34>=40,H34<40.99),OR(I34<12,I34>32.99)), "Please Call",IF(AND(AND(H34>=41,H34<41.99),OR(I34<12,I34>31.99)), "Please Call",IF(AND(AND(H34>=42,H34<43.99),OR(I34<12,I34>30.99)), "Please Call",IF(AND(AND(H34>=44,H34<44.99),OR(I34<12,I34>29.99)), "Please Call",IF(AND(AND(H34>=45,H34<46.99),OR(I34<12,I34>28.99)), "Please Call",IF(AND(AND(H34>=47,H34<48.99),OR(I34<12,I34>27.99)), "Please Call",IF(AND(AND(H34>=49,H34<49.99),OR(I34<12,I34>26.99)), "Please Call",IF(AND(AND(H34>=50,H34<51.99),OR(I34<12,I34>25.99)), "Please Call",IF(AND(AND(H34>=52,H34<54),OR(I34<12,I34>24.99)), "Please Call","OKAY")))))))))))))))))))))))))))))))))) | AA34: =IF(A34="","",IF(OR(A34=$AD$99,A34=$AD$100,A34=$AD$101,A34=$AD$102,C34=$AD$81),"N/A",IF(AND(AND(H34<8,H34>48),OR(I34<18,I34>80)), "Please Call",IF(AND(H34>36,I34>36),"Please Call",IF(K34>18.2,"Please Call","OKAY"))))) | AB34: =IF(A34="","",IF(OR(A34=$AD$99,A34=$AD$100,A34=$AD$101,A34=$AD$102,C34=$AD$82),"N/A",IF(AND(AND(H34<8,H34>48),OR(I34<18,I34>80)), "Please Call",IF(AND(H34>36,I34>36),"Please Call",IF(K34>=15,"Please Call","OKAY"))))) | AC34: =VLOOKUP(A34,$AD$99:$AE$103,2,0) -> #N/A | AD34: =VLOOKUP(C34,$AD$81:$AE$82,2,0) -> #N/A | AE34: =VLOOKUP(D34,$AD$58:$AE$70,2,0) -> #N/A | AF34: =IF(AND(K34>=1,K34<=2),$AD$105,IF(AND(K34>=2,K34<=3),$AD$106,IF(AND(K34>=3,K34<=5),$AD$107,IF(AND(K34>=5,K34<=7),$AD$108,IF(AND(K34>=7,K34<=9),$AD$109,IF(AND(K34>=9,K34<=11),$AD$110,IF(AND(K34>=11,K34<=13),$AD$111,IF(AND(K34>=13,K34<=15),$AD$112,IF(AND(K34>=15,K34<=17),$AD$113,IF(AND(K34>=17,K34<=19),$AD$114,"INVALID CODE")))))))))) -> INVALID CODE | AG34: =VLOOKUP(AF34,$AD$105:$AE$114,2,0) -> #N/A | AH34: =CONCATENATE(AC34,AD34,AE34,AG34) -> #N/A | AI34: =VLOOKUP(AH34,'Price DATA'!$A$8:$C$1156,3,0) -> #N/A | AJ34: =VLOOKUP(G34,$AD$92:$AE$97,2,0) -> #N/A | AK34: =IF(AJ34="Upcharge",(VLOOKUP(AD34,$AE$81:$AF$82,2,0)),0) -> #N/A | AL34: =IF(A34=$AD$100,VLOOKUP(C34,$AD$81:$AG$82,4,0),IF(A34=$AD$103,VLOOKUP(C34,$AD$81:$AH$82,5,0),VLOOKUP(A34,$AD$83:$AG$86,4,0))) -> #N/A | AP34: =AP33+0.0625 -> 14.5625 | AQ34: =AQ33+0.0625 -> 42.5625 | AS34: =AS33+0.0625 -> 9.1875 | AT34: =AT33+0.0625 -> 13.5625 | AU34: =AU33+0.0625 -> 30.5625 | AW34: =AW33+0.0625 -> 8.5625 | AX34: =AX33+0.0625 -> 12.5625 | AZ34: =AZ33+0.0625 -> 15.5625 | BA34: =BA33+0.0625 -> 12.5625 | BC34: =BC33+0.0625 -> 8.5625 | BD34: =BD33+0.0625 -> 18.5625
K35: =IF(I35="","",ROUND(((H35*I35)/144),2)) | L35: =IF(K35="","",IF(K35>AL35,"",(AI35+AK35))) | M35: =IF(F35=$AF$89,'Price DATA'!$U$3,0) -> 0 | N35: =IF(OR(A35="",B35="",C35="",D35="",E35="",,F35="",G35="",H35="",I35="",J35=""),"",IF(OR(AF35="INVALID CODE",V35="Please Call",W35="Please Call",X35="Please Call",Y35="Please Call",Z35="Please Call",AA35="Please Call",AB35="Please Call"),"Please Call",IF(K35>AL35,"Please Call",IF(AND(E35=$AD$89,I35<30),"Incorrect Operator Position",IF(AND(H35>=36,I35>=36),"Please Call",IF(OR(V35="OKAY",W35="OKAY",X35="OKAY",Y35="OKAY",Z35="OKAY",AA35="OKAY",,AB35="OKAY"),((L35*K35)+M35),"")))))) | O35: =IF(OR(J35="",N35="",N35="Please Call",N35="Incorrect Operator Position"),"",J35*N35) | V35: =IF(A35="","",IF(OR(A35=$AD$100,A35=$AD$99,A35=$AD$102,A35=$AD$103),"N/A",IF(AND(H35>36,I35>36),"Please Call",IF(AND(AND(H35>=8,H35<9.99),OR(I35<12,I35>36)), "Please Call",IF(AND(AND(H35>=10,H35<13.99),OR(I35<12,I35>54)), "Please Call",IF(AND(AND(H35>=14,H35<19.99),OR(I35<12,I35>68)), "Please Call",IF(AND(AND(H35>=20,H35<20.99),OR(I35<12,I35>65)), "Please Call",IF(AND(AND(H35>=21,H35<21.99),OR(I35<12,I35>62)), "Please Call",IF(AND(AND(H35>=22,H35<22.99),OR(I35<12,I35>59)), "Please Call",IF(AND(AND(H35>=23,H35<23.99),OR(I35<12,I35>57)), "Please Call",IF(AND(AND(H35>=24,H35<24.99),OR(I35<12,I35>54)), "Please Call",IF(AND(AND(H35>=25,H35<25.99),OR(I35<12,I35>52)), "Please Call",IF(AND(AND(H35>=26,H35<26.99),OR(I35<12,I35>50)), "Please Call",IF(AND(AND(H35>=27,H35<27.99),OR(I35<12,I35>49)), "Please Call",IF(AND(AND(H35>=28,H35<28.99),OR(I35<12,I35>47)), "Please Call",IF(AND(AND(H35>=29,H35<29.99),OR(I35<12,I35>45)), "Please Call",IF(AND(AND(H35>=30,H35<30.99),OR(I35<12,I35>44)), "Please Call",IF(AND(AND(H35>=31,H35<31.99),OR(I35<12,I35>42)), "Please Call",IF(AND(AND(H35>=32,H35<32.99),OR(I35<12,I35>41)), "Please Call",IF(AND(AND(H35>=33,H35<33.99),OR(I35<12,I35>40)), "Please Call",IF(AND(AND(H35>=34,H35<34.99),OR(I35<12,I35>39)), "Please Call",IF(AND(AND(H35>=35,H35<35.99),OR(I35<12,I35>38)), "Please Call",IF(AND(AND(H35>=36,H35<36.99),OR(I35<12,I35>37)), "Please Call",IF(AND(AND(H35>=37,H35<37.99),OR(I35<12,I35>36)), "Please Call",IF(AND(AND(H35>=38,H35<38.99),OR(I35<12,I35>35)), "Please Call",IF(AND(AND(H35>=39,H35<39.99),OR(I35<12,I35>34)), "Please Call",IF(AND(AND(H35>=40,H35<40.99),OR(I35<12,I35>33)), "Please Call",IF(AND(AND(H35>=41,H35<41.99),OR(I35<12,I35>32)), "Please Call",IF(AND(AND(H35>=42,H35<45.99),OR(I35<12,I35>31)), "Please Call",IF(AND(AND(H35>=46,H35<47.99),OR(I35<12,I35>30)), "Please Call",IF(AND(AND(H35>=48,H35<48.99),OR(I35<12,I35>29)), "Please Call",IF(AND(AND(H35>=49,H35<50.99),OR(I35<12,I35>28)), "Please Call",IF(AND(AND(H35>=51,H35<54),OR(I35<12,I35>26)), "Please Call","OKAY"))))))))))))))))))))))))))))))))) | W35: =IF(A35="","",IF(OR(A35=$AD$100,A35=$AD$101,A35=$AD$102,A35=$AD$103),"N/A",IF(AND(H35>36,I35>36),"Please Call",IF(AND(AND(H35>=14,H35<29.99),OR(I35<42,I35>80)), "Please Call",IF(AND(AND(H35>=30,H35<30.99),OR(I35<42,I35>79)), "Please Call",IF(AND(AND(H35>=31,H35<31.99),OR(I35<42,I35>76)), "Please Call",IF(AND(AND(H35>=32,H35<32.99),OR(I35<42,I35>74)), "Please Call",IF(AND(AND(H35>=33,H35<33.99),OR(I35<42,I35>72)), "Please Call",IF(AND(AND(H35>=34,H35<34.99),OR(I35<42,I35>70)), "Please Call",IF(AND(AND(H35>=35,H35<36),OR(I35<42,I35>69)), "Please Call","OKAY")))))))))) | X35: =IF(A35="","",IF(OR(A35=$AD$101,A35=$AD$99,A35=$AD$102,C35=$AD$82,A35=$AD$103),"N/A",IF(AND(H35>36,I35>36),"Please Call",IF(AND(AND(H35>=8.625,H35<9.99),OR(I35<13,I35>36)), "Please Call",IF(AND(AND(H35>=10,H35<13.99),OR(I35<13,I35>48)), "Please Call",IF(AND(AND(H35>=14,H35<24.99),OR(I35<13,I35>80)), "Please Call",IF(AND(AND(H35>=25,H35<26.99),OR(I35<14,I35>80)), "Please Call",IF(AND(AND(H35>=27,H35<27.99),OR(I35<14,I35>79)), "Please Call",IF(AND(AND(H35>=28,H35<28.99),OR(I35<14,I35>77)), "Please Call",IF(AND(AND(H35>=29,H35<29.99),OR(I35<14,I35>75)), "Please Call",IF(AND(AND(H35>=30,H35<30.99),OR(I35<14,I35>72)), "Please Call",IF(AND(AND(H35>=31,H35<31.99),OR(I35<14,I35>70)), "Please Call",IF(AND(AND(H35>=32,H35<32.99),OR(I35<14,I35>68)), "Please Call",IF(AND(AND(H35>=33,H35<33.99),OR(I35<14,I35>66)), "Please Call",IF(AND(AND(H35>=34,H35<34.99),OR(I35<14,I35>64)), "Please Call",IF(AND(AND(H35>=35,H35<35.99),OR(I35<14,I35>62)), "Please Call",IF(AND(AND(H35>=36,H35<36.99),OR(I35<14,I35>60)), "Please Call",IF(AND(AND(H35>=37,H35<41.99),OR(I35<15,I35>36)), "Please Call",IF(AND(AND(H35>=42,H35<59.99),OR(I35<18,I35>36)), "Please Call",IF(AND(AND(H35>=60,H35<61.99),OR(I35<18,I35>35)), "Please Call",IF(AND(AND(H35>=62,H35<63.99),OR(I35<18,I35>34)), "Please Call",IF(AND(AND(H35>=64,H35<65.99),OR(I35<18,I35>33)), "Please Call",IF(AND(AND(H35>=66,H35<67.99),OR(I35<18,I35>32)), "Please Call",IF(AND(AND(H35>=68,H35<69.99),OR(I35<18,I35>31)), "Please Call",IF(AND(AND(H35>=70,H35<71.99),OR(I35<18,I35>30)), "Please Call",IF(AND(AND(H35>=72,H35<74.99),OR(I35<18,I35>29)), "Please Call",IF(AND(AND(H35>=75,H35<77.99),OR(I35<18,I35>28)), "Please Call",IF(AND(AND(H35>=78,H35<78.99),OR(I35<18,I35>27)), "Please Call",IF(AND(AND(H35>=79,H35<80),OR(I35<18,I35>26)), "Please Call","OKAY"))))))))))))))))))))))))))))) | Y35: =IF(A35="","",IF(OR(A35=$AD$99,A35=$AD$101,A35=$AD$102,C35=$AD$81,A35=$AD$103),"N/A",IF(AND(H35>36,I35>36),"Please Call",IF(AND(AND(H35>=8.625,H35<9.99),OR(I35<13,I35>36)), "Please Call",IF(AND(AND(H35>=10,H35<13.99),OR(I35<13,I35>48)), "Please Call",IF(AND(AND(H35>=14,H35<24.99),OR(I35<13,I35>80)), "Please Call",IF(AND(AND(H35>=25,H35<30.99),OR(I35<14,I35>80)), "Please Call",IF(AND(AND(H35>=31,H35<31.99),OR(I35<14,I35>78)), "Please Call",IF(AND(AND(H35>=32,H35<32.99),OR(I35<14,I35>76)), "Please Call",IF(AND(AND(H35>=33,H35<33.99),OR(I35<14,I35>75)), "Please Call",IF(AND(AND(H35>=34,H35<34.99),OR(I35<14,I35>73)), "Please Call",IF(AND(AND(H35>=35,H35<36.99),OR(I35<14,I35>69)), "Please Call",IF(AND(AND(H35>=37,H35<41.99),OR(I35<15,I35>36)), "Please Call",IF(AND(AND(H35>=42,H35<47.99),OR(I35<18,I35>36)), "Please Call",IF(AND(AND(H35>=48,H35<49.99),OR(I35<18,I35>35)), "Please Call",IF(AND(AND(H35>=50,H35<50.99),OR(I35<18,I35>34)), "Please Call",IF(AND(AND(H35>=51,H35<52.99),OR(I35<18,I35>33)), "Please Call",IF(AND(AND(H35>=53,H35<53.99),OR(I35<18,I35>32)), "Please Call",IF(AND(AND(H35>=54,H35<55.99),OR(I35<18,I35>31)), "Please Call",IF(AND(AND(H35>=56,H35<57.99),OR(I35<18,I35>30)), "Please Call",IF(AND(AND(H35>=58,H35<59.99),OR(I35<18,I35>29)), "Please Call",IF(AND(AND(H35>=60,H35<61.99),OR(I35<18,I35>28)), "Please Call",IF(AND(AND(H35>=62,H35<63.99),OR(I35<18,I35>27)), "Please Call",IF(AND(AND(H35>=64,H35<66.99),OR(I35<18,I35>26)), "Please Call",IF(AND(AND(H35>=67,H35<69.99),OR(I35<18,I35>25)), "Please Call",IF(AND(AND(H35>=70,H35<71.99),OR(I35<18,I35>24)), "Please Call",IF(AND(AND(H35>=72,H35<75.99),OR(I35<18,I35>23)), "Please Call",IF(AND(AND(H35>=76,H35<77.99),OR(I35<18,I35>22)), "Please Call",IF(AND(AND(H35>=78,H35<80),OR(I35<18,I35>21)), "Please Call","OKAY"))))))))))))))))))))))))))))) | Z35: =IF(A35="","",IF(OR(A35=$AD$100,A35=$AD$99,A35=$AD$101,A35=$AD$103),"N/A",IF(AND(H35>36,I35>36),"Please Call",IF(AND(AND(H35>=15,H35<15.99),OR(I35<12,I35>13.99)), "Please Call",IF(AND(AND(H35>=16,H35<16.99),OR(I35<12,I35>15.99)), "Please Call",IF(AND(AND(H35>=17,H35<17.99),OR(I35<12,I35>18.99)), "Please Call",IF(AND(AND(H35>=18,H35<18.99),OR(I35<12,I35>20.99)), "Please Call",IF(AND(AND(H35>=19,H35<19.99),OR(I35<12,I35>22.99)), "Please Call",IF(AND(AND(H35>=20,H35<20.99),OR(I35<12,I35>24.99)), "Please Call",IF(AND(AND(H35>=21,H35<21.99),OR(I35<12,I35>26.99)), "Please Call",IF(AND(AND(H35>=22,H35<22.99),OR(I35<12,I35>28.99)), "Please Call",IF(AND(AND(H35>=23,H35<23.99),OR(I35<12,I35>30.99)), "Please Call",IF(AND(AND(H35>=24,H35<24.99),OR(I35<12,I35>31.99)), "Please Call",IF(AND(AND(H35>=25,H35<25.99),OR(I35<12,I35>35.99)), "Please Call",IF(AND(AND(H35>=26,H35<26.99),OR(I35<12,I35>36.99)), "Please Call",IF(AND(AND(H35>=27,H35<28.99),OR(I35<12,I35>37.99)), "Please Call",IF(AND(AND(H35>=29,H35<29.99),OR(I35<12,I35>39.99)), "Please Call",IF(AND(AND(H35>=30,H35<32.99),OR(I35<12,I35>41)), "Please Call",IF(AND(AND(H35>=33,H35<33.99),OR(I35<12,I35>39.99)), "Please Call",IF(AND(AND(H35>=34,H35<34.99),OR(I35<12,I35>38.99)), "Please Call",IF(AND(AND(H35>=35,H35<35.99),OR(I35<12,I35>37.99)), "Please Call",IF(AND(AND(H35>=36,H35<36.99),OR(I35<12,I35>36.99)), "Please Call",IF(AND(AND(H35>=37,H35<37.99),OR(I35<12,I35>35.99)), "Please Call",IF(AND(AND(H35>=38,H35<38.99),OR(I35<12,I35>34.99)), "Please Call",IF(AND(AND(H35>=39,H35<39.99),OR(I35<12,I35>33.99)), "Please Call",IF(AND(AND(H35>=40,H35<40.99),OR(I35<12,I35>32.99)), "Please Call",IF(AND(AND(H35>=41,H35<41.99),OR(I35<12,I35>31.99)), "Please Call",IF(AND(AND(H35>=42,H35<43.99),OR(I35<12,I35>30.99)), "Please Call",IF(AND(AND(H35>=44,H35<44.99),OR(I35<12,I35>29.99)), "Please Call",IF(AND(AND(H35>=45,H35<46.99),OR(I35<12,I35>28.99)), "Please Call",IF(AND(AND(H35>=47,H35<48.99),OR(I35<12,I35>27.99)), "Please Call",IF(AND(AND(H35>=49,H35<49.99),OR(I35<12,I35>26.99)), "Please Call",IF(AND(AND(H35>=50,H35<51.99),OR(I35<12,I35>25.99)), "Please Call",IF(AND(AND(H35>=52,H35<54),OR(I35<12,I35>24.99)), "Please Call","OKAY")))))))))))))))))))))))))))))))))) | AA35: =IF(A35="","",IF(OR(A35=$AD$99,A35=$AD$100,A35=$AD$101,A35=$AD$102,C35=$AD$81),"N/A",IF(AND(AND(H35<8,H35>48),OR(I35<18,I35>80)), "Please Call",IF(AND(H35>36,I35>36),"Please Call",IF(K35>18.2,"Please Call","OKAY"))))) | AB35: =IF(A35="","",IF(OR(A35=$AD$99,A35=$AD$100,A35=$AD$101,A35=$AD$102,C35=$AD$82),"N/A",IF(AND(AND(H35<8,H35>48),OR(I35<18,I35>80)), "Please Call",IF(AND(H35>36,I35>36),"Please Call",IF(K35>=15,"Please Call","OKAY"))))) | AC35: =VLOOKUP(A35,$AD$99:$AE$103,2,0) -> #N/A | AD35: =VLOOKUP(C35,$AD$81:$AE$82,2,0) -> #N/A | AE35: =VLOOKUP(D35,$AD$58:$AE$70,2,0) -> #N/A | AF35: =IF(AND(K35>=1,K35<=2),$AD$105,IF(AND(K35>=2,K35<=3),$AD$106,IF(AND(K35>=3,K35<=5),$AD$107,IF(AND(K35>=5,K35<=7),$AD$108,IF(AND(K35>=7,K35<=9),$AD$109,IF(AND(K35>=9,K35<=11),$AD$110,IF(AND(K35>=11,K35<=13),$AD$111,IF(AND(K35>=13,K35<=15),$AD$112,IF(AND(K35>=15,K35<=17),$AD$113,IF(AND(K35>=17,K35<=19),$AD$114,"INVALID CODE")))))))))) -> INVALID CODE | AG35: =VLOOKUP(AF35,$AD$105:$AE$114,2,0) -> #N/A | AH35: =CONCATENATE(AC35,AD35,AE35,AG35) -> #N/A | AI35: =VLOOKUP(AH35,'Price DATA'!$A$8:$C$1156,3,0) -> #N/A | AJ35: =VLOOKUP(G35,$AD$92:$AE$97,2,0) -> #N/A | AK35: =IF(AJ35="Upcharge",(VLOOKUP(AD35,$AE$81:$AF$82,2,0)),0) -> #N/A | AL35: =IF(A35=$AD$100,VLOOKUP(C35,$AD$81:$AG$82,4,0),IF(A35=$AD$103,VLOOKUP(C35,$AD$81:$AH$82,5,0),VLOOKUP(A35,$AD$83:$AG$86,4,0))) -> #N/A | AP35: =AP34+0.0625 -> 14.625 | AQ35: =AQ34+0.0625 -> 42.625 | AS35: =AS34+0.0625 -> 9.25 | AT35: =AT34+0.0625 -> 13.625 | AU35: =AU34+0.0625 -> 30.625 | AW35: =AW34+0.0625 -> 8.625 | AX35: =AX34+0.0625 -> 12.625 | AZ35: =AZ34+0.0625 -> 15.625 | BA35: =BA34+0.0625 -> 12.625 | BC35: =BC34+0.0625 -> 8.625 | BD35: =BD34+0.0625 -> 18.625
K36: =IF(I36="","",ROUND(((H36*I36)/144),2)) | L36: =IF(K36="","",IF(K36>AL36,"",(AI36+AK36))) | M36: =IF(F36=$AF$89,'Price DATA'!$U$3,0) -> 0 | N36: =IF(OR(A36="",B36="",C36="",D36="",E36="",,F36="",G36="",H36="",I36="",J36=""),"",IF(OR(AF36="INVALID CODE",V36="Please Call",W36="Please Call",X36="Please Call",Y36="Please Call",Z36="Please Call",AA36="Please Call",AB36="Please Call"),"Please Call",IF(K36>AL36,"Please Call",IF(AND(E36=$AD$89,I36<30),"Incorrect Operator Position",IF(AND(H36>=36,I36>=36),"Please Call",IF(OR(V36="OKAY",W36="OKAY",X36="OKAY",Y36="OKAY",Z36="OKAY",AA36="OKAY",,AB36="OKAY"),((L36*K36)+M36),"")))))) | O36: =IF(OR(J36="",N36="",N36="Please Call",N36="Incorrect Operator Position"),"",J36*N36) | V36: =IF(A36="","",IF(OR(A36=$AD$100,A36=$AD$99,A36=$AD$102,A36=$AD$103),"N/A",IF(AND(H36>36,I36>36),"Please Call",IF(AND(AND(H36>=8,H36<9.99),OR(I36<12,I36>36)), "Please Call",IF(AND(AND(H36>=10,H36<13.99),OR(I36<12,I36>54)), "Please Call",IF(AND(AND(H36>=14,H36<19.99),OR(I36<12,I36>68)), "Please Call",IF(AND(AND(H36>=20,H36<20.99),OR(I36<12,I36>65)), "Please Call",IF(AND(AND(H36>=21,H36<21.99),OR(I36<12,I36>62)), "Please Call",IF(AND(AND(H36>=22,H36<22.99),OR(I36<12,I36>59)), "Please Call",IF(AND(AND(H36>=23,H36<23.99),OR(I36<12,I36>57)), "Please Call",IF(AND(AND(H36>=24,H36<24.99),OR(I36<12,I36>54)), "Please Call",IF(AND(AND(H36>=25,H36<25.99),OR(I36<12,I36>52)), "Please Call",IF(AND(AND(H36>=26,H36<26.99),OR(I36<12,I36>50)), "Please Call",IF(AND(AND(H36>=27,H36<27.99),OR(I36<12,I36>49)), "Please Call",IF(AND(AND(H36>=28,H36<28.99),OR(I36<12,I36>47)), "Please Call",IF(AND(AND(H36>=29,H36<29.99),OR(I36<12,I36>45)), "Please Call",IF(AND(AND(H36>=30,H36<30.99),OR(I36<12,I36>44)), "Please Call",IF(AND(AND(H36>=31,H36<31.99),OR(I36<12,I36>42)), "Please Call",IF(AND(AND(H36>=32,H36<32.99),OR(I36<12,I36>41)), "Please Call",IF(AND(AND(H36>=33,H36<33.99),OR(I36<12,I36>40)), "Please Call",IF(AND(AND(H36>=34,H36<34.99),OR(I36<12,I36>39)), "Please Call",IF(AND(AND(H36>=35,H36<35.99),OR(I36<12,I36>38)), "Please Call",IF(AND(AND(H36>=36,H36<36.99),OR(I36<12,I36>37)), "Please Call",IF(AND(AND(H36>=37,H36<37.99),OR(I36<12,I36>36)), "Please Call",IF(AND(AND(H36>=38,H36<38.99),OR(I36<12,I36>35)), "Please Call",IF(AND(AND(H36>=39,H36<39.99),OR(I36<12,I36>34)), "Please Call",IF(AND(AND(H36>=40,H36<40.99),OR(I36<12,I36>33)), "Please Call",IF(AND(AND(H36>=41,H36<41.99),OR(I36<12,I36>32)), "Please Call",IF(AND(AND(H36>=42,H36<45.99),OR(I36<12,I36>31)), "Please Call",IF(AND(AND(H36>=46,H36<47.99),OR(I36<12,I36>30)), "Please Call",IF(AND(AND(H36>=48,H36<48.99),OR(I36<12,I36>29)), "Please Call",IF(AND(AND(H36>=49,H36<50.99),OR(I36<12,I36>28)), "Please Call",IF(AND(AND(H36>=51,H36<54),OR(I36<12,I36>26)), "Please Call","OKAY"))))))))))))))))))))))))))))))))) | W36: =IF(A36="","",IF(OR(A36=$AD$100,A36=$AD$101,A36=$AD$102,A36=$AD$103),"N/A",IF(AND(H36>36,I36>36),"Please Call",IF(AND(AND(H36>=14,H36<29.99),OR(I36<42,I36>80)), "Please Call",IF(AND(AND(H36>=30,H36<30.99),OR(I36<42,I36>79)), "Please Call",IF(AND(AND(H36>=31,H36<31.99),OR(I36<42,I36>76)), "Please Call",IF(AND(AND(H36>=32,H36<32.99),OR(I36<42,I36>74)), "Please Call",IF(AND(AND(H36>=33,H36<33.99),OR(I36<42,I36>72)), "Please Call",IF(AND(AND(H36>=34,H36<34.99),OR(I36<42,I36>70)), "Please Call",IF(AND(AND(H36>=35,H36<36),OR(I36<42,I36>69)), "Please Call","OKAY")))))))))) | X36: =IF(A36="","",IF(OR(A36=$AD$101,A36=$AD$99,A36=$AD$102,C36=$AD$82,A36=$AD$103),"N/A",IF(AND(H36>36,I36>36),"Please Call",IF(AND(AND(H36>=8.625,H36<9.99),OR(I36<13,I36>36)), "Please Call",IF(AND(AND(H36>=10,H36<13.99),OR(I36<13,I36>48)), "Please Call",IF(AND(AND(H36>=14,H36<24.99),OR(I36<13,I36>80)), "Please Call",IF(AND(AND(H36>=25,H36<26.99),OR(I36<14,I36>80)), "Please Call",IF(AND(AND(H36>=27,H36<27.99),OR(I36<14,I36>79)), "Please Call",IF(AND(AND(H36>=28,H36<28.99),OR(I36<14,I36>77)), "Please Call",IF(AND(AND(H36>=29,H36<29.99),OR(I36<14,I36>75)), "Please Call",IF(AND(AND(H36>=30,H36<30.99),OR(I36<14,I36>72)), "Please Call",IF(AND(AND(H36>=31,H36<31.99),OR(I36<14,I36>70)), "Please Call",IF(AND(AND(H36>=32,H36<32.99),OR(I36<14,I36>68)), "Please Call",IF(AND(AND(H36>=33,H36<33.99),OR(I36<14,I36>66)), "Please Call",IF(AND(AND(H36>=34,H36<34.99),OR(I36<14,I36>64)), "Please Call",IF(AND(AND(H36>=35,H36<35.99),OR(I36<14,I36>62)), "Please Call",IF(AND(AND(H36>=36,H36<36.99),OR(I36<14,I36>60)), "Please Call",IF(AND(AND(H36>=37,H36<41.99),OR(I36<15,I36>36)), "Please Call",IF(AND(AND(H36>=42,H36<59.99),OR(I36<18,I36>36)), "Please Call",IF(AND(AND(H36>=60,H36<61.99),OR(I36<18,I36>35)), "Please Call",IF(AND(AND(H36>=62,H36<63.99),OR(I36<18,I36>34)), "Please Call",IF(AND(AND(H36>=64,H36<65.99),OR(I36<18,I36>33)), "Please Call",IF(AND(AND(H36>=66,H36<67.99),OR(I36<18,I36>32)), "Please Call",IF(AND(AND(H36>=68,H36<69.99),OR(I36<18,I36>31)), "Please Call",IF(AND(AND(H36>=70,H36<71.99),OR(I36<18,I36>30)), "Please Call",IF(AND(AND(H36>=72,H36<74.99),OR(I36<18,I36>29)), "Please Call",IF(AND(AND(H36>=75,H36<77.99),OR(I36<18,I36>28)), "Please Call",IF(AND(AND(H36>=78,H36<78.99),OR(I36<18,I36>27)), "Please Call",IF(AND(AND(H36>=79,H36<80),OR(I36<18,I36>26)), "Please Call","OKAY"))))))))))))))))))))))))))))) | Y36: =IF(A36="","",IF(OR(A36=$AD$99,A36=$AD$101,A36=$AD$102,C36=$AD$81,A36=$AD$103),"N/A",IF(AND(H36>36,I36>36),"Please Call",IF(AND(AND(H36>=8.625,H36<9.99),OR(I36<13,I36>36)), "Please Call",IF(AND(AND(H36>=10,H36<13.99),OR(I36<13,I36>48)), "Please Call",IF(AND(AND(H36>=14,H36<24.99),OR(I36<13,I36>80)), "Please Call",IF(AND(AND(H36>=25,H36<30.99),OR(I36<14,I36>80)), "Please Call",IF(AND(AND(H36>=31,H36<31.99),OR(I36<14,I36>78)), "Please Call",IF(AND(AND(H36>=32,H36<32.99),OR(I36<14,I36>76)), "Please Call",IF(AND(AND(H36>=33,H36<33.99),OR(I36<14,I36>75)), "Please Call",IF(AND(AND(H36>=34,H36<34.99),OR(I36<14,I36>73)), "Please Call",IF(AND(AND(H36>=35,H36<36.99),OR(I36<14,I36>69)), "Please Call",IF(AND(AND(H36>=37,H36<41.99),OR(I36<15,I36>36)), "Please Call",IF(AND(AND(H36>=42,H36<47.99),OR(I36<18,I36>36)), "Please Call",IF(AND(AND(H36>=48,H36<49.99),OR(I36<18,I36>35)), "Please Call",IF(AND(AND(H36>=50,H36<50.99),OR(I36<18,I36>34)), "Please Call",IF(AND(AND(H36>=51,H36<52.99),OR(I36<18,I36>33)), "Please Call",IF(AND(AND(H36>=53,H36<53.99),OR(I36<18,I36>32)), "Please Call",IF(AND(AND(H36>=54,H36<55.99),OR(I36<18,I36>31)), "Please Call",IF(AND(AND(H36>=56,H36<57.99),OR(I36<18,I36>30)), "Please Call",IF(AND(AND(H36>=58,H36<59.99),OR(I36<18,I36>29)), "Please Call",IF(AND(AND(H36>=60,H36<61.99),OR(I36<18,I36>28)), "Please Call",IF(AND(AND(H36>=62,H36<63.99),OR(I36<18,I36>27)), "Please Call",IF(AND(AND(H36>=64,H36<66.99),OR(I36<18,I36>26)), "Please Call",IF(AND(AND(H36>=67,H36<69.99),OR(I36<18,I36>25)), "Please Call",IF(AND(AND(H36>=70,H36<71.99),OR(I36<18,I36>24)), "Please Call",IF(AND(AND(H36>=72,H36<75.99),OR(I36<18,I36>23)), "Please Call",IF(AND(AND(H36>=76,H36<77.99),OR(I36<18,I36>22)), "Please Call",IF(AND(AND(H36>=78,H36<80),OR(I36<18,I36>21)), "Please Call","OKAY"))))))))))))))))))))))))))))) | Z36: =IF(A36="","",IF(OR(A36=$AD$100,A36=$AD$99,A36=$AD$101,A36=$AD$103),"N/A",IF(AND(H36>36,I36>36),"Please Call",IF(AND(AND(H36>=15,H36<15.99),OR(I36<12,I36>13.99)), "Please Call",IF(AND(AND(H36>=16,H36<16.99),OR(I36<12,I36>15.99)), "Please Call",IF(AND(AND(H36>=17,H36<17.99),OR(I36<12,I36>18.99)), "Please Call",IF(AND(AND(H36>=18,H36<18.99),OR(I36<12,I36>20.99)), "Please Call",IF(AND(AND(H36>=19,H36<19.99),OR(I36<12,I36>22.99)), "Please Call",IF(AND(AND(H36>=20,H36<20.99),OR(I36<12,I36>24.99)), "Please Call",IF(AND(AND(H36>=21,H36<21.99),OR(I36<12,I36>26.99)), "Please Call",IF(AND(AND(H36>=22,H36<22.99),OR(I36<12,I36>28.99)), "Please Call",IF(AND(AND(H36>=23,H36<23.99),OR(I36<12,I36>30.99)), "Please Call",IF(AND(AND(H36>=24,H36<24.99),OR(I36<12,I36>31.99)), "Please Call",IF(AND(AND(H36>=25,H36<25.99),OR(I36<12,I36>35.99)), "Please Call",IF(AND(AND(H36>=26,H36<26.99),OR(I36<12,I36>36.99)), "Please Call",IF(AND(AND(H36>=27,H36<28.99),OR(I36<12,I36>37.99)), "Please Call",IF(AND(AND(H36>=29,H36<29.99),OR(I36<12,I36>39.99)), "Please Call",IF(AND(AND(H36>=30,H36<32.99),OR(I36<12,I36>41)), "Please Call",IF(AND(AND(H36>=33,H36<33.99),OR(I36<12,I36>39.99)), "Please Call",IF(AND(AND(H36>=34,H36<34.99),OR(I36<12,I36>38.99)), "Please Call",IF(AND(AND(H36>=35,H36<35.99),OR(I36<12,I36>37.99)), "Please Call",IF(AND(AND(H36>=36,H36<36.99),OR(I36<12,I36>36.99)), "Please Call",IF(AND(AND(H36>=37,H36<37.99),OR(I36<12,I36>35.99)), "Please Call",IF(AND(AND(H36>=38,H36<38.99),OR(I36<12,I36>34.99)), "Please Call",IF(AND(AND(H36>=39,H36<39.99),OR(I36<12,I36>33.99)), "Please Call",IF(AND(AND(H36>=40,H36<40.99),OR(I36<12,I36>32.99)), "Please Call",IF(AND(AND(H36>=41,H36<41.99),OR(I36<12,I36>31.99)), "Please Call",IF(AND(AND(H36>=42,H36<43.99),OR(I36<12,I36>30.99)), "Please Call",IF(AND(AND(H36>=44,H36<44.99),OR(I36<12,I36>29.99)), "Please Call",IF(AND(AND(H36>=45,H36<46.99),OR(I36<12,I36>28.99)), "Please Call",IF(AND(AND(H36>=47,H36<48.99),OR(I36<12,I36>27.99)), "Please Call",IF(AND(AND(H36>=49,H36<49.99),OR(I36<12,I36>26.99)), "Please Call",IF(AND(AND(H36>=50,H36<51.99),OR(I36<12,I36>25.99)), "Please Call",IF(AND(AND(H36>=52,H36<54),OR(I36<12,I36>24.99)), "Please Call","OKAY")))))))))))))))))))))))))))))))))) | AA36: =IF(A36="","",IF(OR(A36=$AD$99,A36=$AD$100,A36=$AD$101,A36=$AD$102,C36=$AD$81),"N/A",IF(AND(AND(H36<8,H36>48),OR(I36<18,I36>80)), "Please Call",IF(AND(H36>36,I36>36),"Please Call",IF(K36>18.2,"Please Call","OKAY"))))) | AB36: =IF(A36="","",IF(OR(A36=$AD$99,A36=$AD$100,A36=$AD$101,A36=$AD$102,C36=$AD$82),"N/A",IF(AND(AND(H36<8,H36>48),OR(I36<18,I36>80)), "Please Call",IF(AND(H36>36,I36>36),"Please Call",IF(K36>=15,"Please Call","OKAY"))))) | AC36: =VLOOKUP(A36,$AD$99:$AE$103,2,0) -> #N/A | AD36: =VLOOKUP(C36,$AD$81:$AE$82,2,0) -> #N/A | AE36: =VLOOKUP(D36,$AD$58:$AE$70,2,0) -> #N/A | AF36: =IF(AND(K36>=1,K36<=2),$AD$105,IF(AND(K36>=2,K36<=3),$AD$106,IF(AND(K36>=3,K36<=5),$AD$107,IF(AND(K36>=5,K36<=7),$AD$108,IF(AND(K36>=7,K36<=9),$AD$109,IF(AND(K36>=9,K36<=11),$AD$110,IF(AND(K36>=11,K36<=13),$AD$111,IF(AND(K36>=13,K36<=15),$AD$112,IF(AND(K36>=15,K36<=17),$AD$113,IF(AND(K36>=17,K36<=19),$AD$114,"INVALID CODE")))))))))) -> INVALID CODE | AG36: =VLOOKUP(AF36,$AD$105:$AE$114,2,0) -> #N/A | AH36: =CONCATENATE(AC36,AD36,AE36,AG36) -> #N/A | AI36: =VLOOKUP(AH36,'Price DATA'!$A$8:$C$1156,3,0) -> #N/A | AJ36: =VLOOKUP(G36,$AD$92:$AE$97,2,0) -> #N/A | AK36: =IF(AJ36="Upcharge",(VLOOKUP(AD36,$AE$81:$AF$82,2,0)),0) -> #N/A | AL36: =IF(A36=$AD$100,VLOOKUP(C36,$AD$81:$AG$82,4,0),IF(A36=$AD$103,VLOOKUP(C36,$AD$81:$AH$82,5,0),VLOOKUP(A36,$AD$83:$AG$86,4,0))) -> #N/A | AP36: =AP35+0.0625 -> 14.6875 | AQ36: =AQ35+0.0625 -> 42.6875 | AS36: =AS35+0.0625 -> 9.3125 | AT36: =AT35+0.0625 -> 13.6875 | AU36: =AU35+0.0625 -> 30.6875 | AW36: =AW35+0.0625 -> 8.6875 | AX36: =AX35+0.0625 -> 12.6875 | AZ36: =AZ35+0.0625 -> 15.6875 | BA36: =BA35+0.0625 -> 12.6875 | BC36: =BC35+0.0625 -> 8.6875 | BD36: =BD35+0.0625 -> 18.6875
K37: =IF(I37="","",ROUND(((H37*I37)/144),2)) | L37: =IF(K37="","",IF(K37>AL37,"",(AI37+AK37))) | M37: =IF(F37=$AF$89,'Price DATA'!$U$3,0) -> 0 | N37: =IF(OR(A37="",B37="",C37="",D37="",E37="",,F37="",G37="",H37="",I37="",J37=""),"",IF(OR(AF37="INVALID CODE",V37="Please Call",W37="Please Call",X37="Please Call",Y37="Please Call",Z37="Please Call",AA37="Please Call",AB37="Please Call"),"Please Call",IF(K37>AL37,"Please Call",IF(AND(E37=$AD$89,I37<30),"Incorrect Operator Position",IF(AND(H37>=36,I37>=36),"Please Call",IF(OR(V37="OKAY",W37="OKAY",X37="OKAY",Y37="OKAY",Z37="OKAY",AA37="OKAY",,AB37="OKAY"),((L37*K37)+M37),"")))))) | O37: =IF(OR(J37="",N37="",N37="Please Call",N37="Incorrect Operator Position"),"",J37*N37) | V37: =IF(A37="","",IF(OR(A37=$AD$100,A37=$AD$99,A37=$AD$102,A37=$AD$103),"N/A",IF(AND(H37>36,I37>36),"Please Call",IF(AND(AND(H37>=8,H37<9.99),OR(I37<12,I37>36)), "Please Call",IF(AND(AND(H37>=10,H37<13.99),OR(I37<12,I37>54)), "Please Call",IF(AND(AND(H37>=14,H37<19.99),OR(I37<12,I37>68)), "Please Call",IF(AND(AND(H37>=20,H37<20.99),OR(I37<12,I37>65)), "Please Call",IF(AND(AND(H37>=21,H37<21.99),OR(I37<12,I37>62)), "Please Call",IF(AND(AND(H37>=22,H37<22.99),OR(I37<12,I37>59)), "Please Call",IF(AND(AND(H37>=23,H37<23.99),OR(I37<12,I37>57)), "Please Call",IF(AND(AND(H37>=24,H37<24.99),OR(I37<12,I37>54)), "Please Call",IF(AND(AND(H37>=25,H37<25.99),OR(I37<12,I37>52)), "Please Call",IF(AND(AND(H37>=26,H37<26.99),OR(I37<12,I37>50)), "Please Call",IF(AND(AND(H37>=27,H37<27.99),OR(I37<12,I37>49)), "Please Call",IF(AND(AND(H37>=28,H37<28.99),OR(I37<12,I37>47)), "Please Call",IF(AND(AND(H37>=29,H37<29.99),OR(I37<12,I37>45)), "Please Call",IF(AND(AND(H37>=30,H37<30.99),OR(I37<12,I37>44)), "Please Call",IF(AND(AND(H37>=31,H37<31.99),OR(I37<12,I37>42)), "Please Call",IF(AND(AND(H37>=32,H37<32.99),OR(I37<12,I37>41)), "Please Call",IF(AND(AND(H37>=33,H37<33.99),OR(I37<12,I37>40)), "Please Call",IF(AND(AND(H37>=34,H37<34.99),OR(I37<12,I37>39)), "Please Call",IF(AND(AND(H37>=35,H37<35.99),OR(I37<12,I37>38)), "Please Call",IF(AND(AND(H37>=36,H37<36.99),OR(I37<12,I37>37)), "Please Call",IF(AND(AND(H37>=37,H37<37.99),OR(I37<12,I37>36)), "Please Call",IF(AND(AND(H37>=38,H37<38.99),OR(I37<12,I37>35)), "Please Call",IF(AND(AND(H37>=39,H37<39.99),OR(I37<12,I37>34)), "Please Call",IF(AND(AND(H37>=40,H37<40.99),OR(I37<12,I37>33)), "Please Call",IF(AND(AND(H37>=41,H37<41.99),OR(I37<12,I37>32)), "Please Call",IF(AND(AND(H37>=42,H37<45.99),OR(I37<12,I37>31)), "Please Call",IF(AND(AND(H37>=46,H37<47.99),OR(I37<12,I37>30)), "Please Call",IF(AND(AND(H37>=48,H37<48.99),OR(I37<12,I37>29)), "Please Call",IF(AND(AND(H37>=49,H37<50.99),OR(I37<12,I37>28)), "Please Call",IF(AND(AND(H37>=51,H37<54),OR(I37<12,I37>26)), "Please Call","OKAY"))))))))))))))))))))))))))))))))) | W37: =IF(A37="","",IF(OR(A37=$AD$100,A37=$AD$101,A37=$AD$102,A37=$AD$103),"N/A",IF(AND(H37>36,I37>36),"Please Call",IF(AND(AND(H37>=14,H37<29.99),OR(I37<42,I37>80)), "Please Call",IF(AND(AND(H37>=30,H37<30.99),OR(I37<42,I37>79)), "Please Call",IF(AND(AND(H37>=31,H37<31.99),OR(I37<42,I37>76)), "Please Call",IF(AND(AND(H37>=32,H37<32.99),OR(I37<42,I37>74)), "Please Call",IF(AND(AND(H37>=33,H37<33.99),OR(I37<42,I37>72)), "Please Call",IF(AND(AND(H37>=34,H37<34.99),OR(I37<42,I37>70)), "Please Call",IF(AND(AND(H37>=35,H37<36),OR(I37<42,I37>69)), "Please Call","OKAY")))))))))) | X37: =IF(A37="","",IF(OR(A37=$AD$101,A37=$AD$99,A37=$AD$102,C37=$AD$82,A37=$AD$103),"N/A",IF(AND(H37>36,I37>36),"Please Call",IF(AND(AND(H37>=8.625,H37<9.99),OR(I37<13,I37>36)), "Please Call",IF(AND(AND(H37>=10,H37<13.99),OR(I37<13,I37>48)), "Please Call",IF(AND(AND(H37>=14,H37<24.99),OR(I37<13,I37>80)), "Please Call",IF(AND(AND(H37>=25,H37<26.99),OR(I37<14,I37>80)), "Please Call",IF(AND(AND(H37>=27,H37<27.99),OR(I37<14,I37>79)), "Please Call",IF(AND(AND(H37>=28,H37<28.99),OR(I37<14,I37>77)), "Please Call",IF(AND(AND(H37>=29,H37<29.99),OR(I37<14,I37>75)), "Please Call",IF(AND(AND(H37>=30,H37<30.99),OR(I37<14,I37>72)), "Please Call",IF(AND(AND(H37>=31,H37<31.99),OR(I37<14,I37>70)), "Please Call",IF(AND(AND(H37>=32,H37<32.99),OR(I37<14,I37>68)), "Please Call",IF(AND(AND(H37>=33,H37<33.99),OR(I37<14,I37>66)), "Please Call",IF(AND(AND(H37>=34,H37<34.99),OR(I37<14,I37>64)), "Please Call",IF(AND(AND(H37>=35,H37<35.99),OR(I37<14,I37>62)), "Please Call",IF(AND(AND(H37>=36,H37<36.99),OR(I37<14,I37>60)), "Please Call",IF(AND(AND(H37>=37,H37<41.99),OR(I37<15,I37>36)), "Please Call",IF(AND(AND(H37>=42,H37<59.99),OR(I37<18,I37>36)), "Please Call",IF(AND(AND(H37>=60,H37<61.99),OR(I37<18,I37>35)), "Please Call",IF(AND(AND(H37>=62,H37<63.99),OR(I37<18,I37>34)), "Please Call",IF(AND(AND(H37>=64,H37<65.99),OR(I37<18,I37>33)), "Please Call",IF(AND(AND(H37>=66,H37<67.99),OR(I37<18,I37>32)), "Please Call",IF(AND(AND(H37>=68,H37<69.99),OR(I37<18,I37>31)), "Please Call",IF(AND(AND(H37>=70,H37<71.99),OR(I37<18,I37>30)), "Please Call",IF(AND(AND(H37>=72,H37<74.99),OR(I37<18,I37>29)), "Please Call",IF(AND(AND(H37>=75,H37<77.99),OR(I37<18,I37>28)), "Please Call",IF(AND(AND(H37>=78,H37<78.99),OR(I37<18,I37>27)), "Please Call",IF(AND(AND(H37>=79,H37<80),OR(I37<18,I37>26)), "Please Call","OKAY"))))))))))))))))))))))))))))) | Y37: =IF(A37="","",IF(OR(A37=$AD$99,A37=$AD$101,A37=$AD$102,C37=$AD$81,A37=$AD$103),"N/A",IF(AND(H37>36,I37>36),"Please Call",IF(AND(AND(H37>=8.625,H37<9.99),OR(I37<13,I37>36)), "Please Call",IF(AND(AND(H37>=10,H37<13.99),OR(I37<13,I37>48)), "Please Call",IF(AND(AND(H37>=14,H37<24.99),OR(I37<13,I37>80)), "Please Call",IF(AND(AND(H37>=25,H37<30.99),OR(I37<14,I37>80)), "Please Call",IF(AND(AND(H37>=31,H37<31.99),OR(I37<14,I37>78)), "Please Call",IF(AND(AND(H37>=32,H37<32.99),OR(I37<14,I37>76)), "Please Call",IF(AND(AND(H37>=33,H37<33.99),OR(I37<14,I37>75)), "Please Call",IF(AND(AND(H37>=34,H37<34.99),OR(I37<14,I37>73)), "Please Call",IF(AND(AND(H37>=35,H37<36.99),OR(I37<14,I37>69)), "Please Call",IF(AND(AND(H37>=37,H37<41.99),OR(I37<15,I37>36)), "Please Call",IF(AND(AND(H37>=42,H37<47.99),OR(I37<18,I37>36)), "Please Call",IF(AND(AND(H37>=48,H37<49.99),OR(I37<18,I37>35)), "Please Call",IF(AND(AND(H37>=50,H37<50.99),OR(I37<18,I37>34)), "Please Call",IF(AND(AND(H37>=51,H37<52.99),OR(I37<18,I37>33)), "Please Call",IF(AND(AND(H37>=53,H37<53.99),OR(I37<18,I37>32)), "Please Call",IF(AND(AND(H37>=54,H37<55.99),OR(I37<18,I37>31)), "Please Call",IF(AND(AND(H37>=56,H37<57.99),OR(I37<18,I37>30)), "Please Call",IF(AND(AND(H37>=58,H37<59.99),OR(I37<18,I37>29)), "Please Call",IF(AND(AND(H37>=60,H37<61.99),OR(I37<18,I37>28)), "Please Call",IF(AND(AND(H37>=62,H37<63.99),OR(I37<18,I37>27)), "Please Call",IF(AND(AND(H37>=64,H37<66.99),OR(I37<18,I37>26)), "Please Call",IF(AND(AND(H37>=67,H37<69.99),OR(I37<18,I37>25)), "Please Call",IF(AND(AND(H37>=70,H37<71.99),OR(I37<18,I37>24)), "Please Call",IF(AND(AND(H37>=72,H37<75.99),OR(I37<18,I37>23)), "Please Call",IF(AND(AND(H37>=76,H37<77.99),OR(I37<18,I37>22)), "Please Call",IF(AND(AND(H37>=78,H37<80),OR(I37<18,I37>21)), "Please Call","OKAY"))))))))))))))))))))))))))))) | Z37: =IF(A37="","",IF(OR(A37=$AD$100,A37=$AD$99,A37=$AD$101,A37=$AD$103),"N/A",IF(AND(H37>36,I37>36),"Please Call",IF(AND(AND(H37>=15,H37<15.99),OR(I37<12,I37>13.99)), "Please Call",IF(AND(AND(H37>=16,H37<16.99),OR(I37<12,I37>15.99)), "Please Call",IF(AND(AND(H37>=17,H37<17.99),OR(I37<12,I37>18.99)), "Please Call",IF(AND(AND(H37>=18,H37<18.99),OR(I37<12,I37>20.99)), "Please Call",IF(AND(AND(H37>=19,H37<19.99),OR(I37<12,I37>22.99)), "Please Call",IF(AND(AND(H37>=20,H37<20.99),OR(I37<12,I37>24.99)), "Please Call",IF(AND(AND(H37>=21,H37<21.99),OR(I37<12,I37>26.99)), "Please Call",IF(AND(AND(H37>=22,H37<22.99),OR(I37<12,I37>28.99)), "Please Call",IF(AND(AND(H37>=23,H37<23.99),OR(I37<12,I37>30.99)), "Please Call",IF(AND(AND(H37>=24,H37<24.99),OR(I37<12,I37>31.99)), "Please Call",IF(AND(AND(H37>=25,H37<25.99),OR(I37<12,I37>35.99)), "Please Call",IF(AND(AND(H37>=26,H37<26.99),OR(I37<12,I37>36.99)), "Please Call",IF(AND(AND(H37>=27,H37<28.99),OR(I37<12,I37>37.99)), "Please Call",IF(AND(AND(H37>=29,H37<29.99),OR(I37<12,I37>39.99)), "Please Call",IF(AND(AND(H37>=30,H37<32.99),OR(I37<12,I37>41)), "Please Call",IF(AND(AND(H37>=33,H37<33.99),OR(I37<12,I37>39.99)), "Please Call",IF(AND(AND(H37>=34,H37<34.99),OR(I37<12,I37>38.99)), "Please Call",IF(AND(AND(H37>=35,H37<35.99),OR(I37<12,I37>37.99)), "Please Call",IF(AND(AND(H37>=36,H37<36.99),OR(I37<12,I37>36.99)), "Please Call",IF(AND(AND(H37>=37,H37<37.99),OR(I37<12,I37>35.99)), "Please Call",IF(AND(AND(H37>=38,H37<38.99),OR(I37<12,I37>34.99)), "Please Call",IF(AND(AND(H37>=39,H37<39.99),OR(I37<12,I37>33.99)), "Please Call",IF(AND(AND(H37>=40,H37<40.99),OR(I37<12,I37>32.99)), "Please Call",IF(AND(AND(H37>=41,H37<41.99),OR(I37<12,I37>31.99)), "Please Call",IF(AND(AND(H37>=42,H37<43.99),OR(I37<12,I37>30.99)), "Please Call",IF(AND(AND(H37>=44,H37<44.99),OR(I37<12,I37>29.99)), "Please Call",IF(AND(AND(H37>=45,H37<46.99),OR(I37<12,I37>28.99)), "Please Call",IF(AND(AND(H37>=47,H37<48.99),OR(I37<12,I37>27.99)), "Please Call",IF(AND(AND(H37>=49,H37<49.99),OR(I37<12,I37>26.99)), "Please Call",IF(AND(AND(H37>=50,H37<51.99),OR(I37<12,I37>25.99)), "Please Call",IF(AND(AND(H37>=52,H37<54),OR(I37<12,I37>24.99)), "Please Call","OKAY")))))))))))))))))))))))))))))))))) | AA37: =IF(A37="","",IF(OR(A37=$AD$99,A37=$AD$100,A37=$AD$101,A37=$AD$102,C37=$AD$81),"N/A",IF(AND(AND(H37<8,H37>48),OR(I37<18,I37>80)), "Please Call",IF(AND(H37>36,I37>36),"Please Call",IF(K37>18.2,"Please Call","OKAY"))))) | AB37: =IF(A37="","",IF(OR(A37=$AD$99,A37=$AD$100,A37=$AD$101,A37=$AD$102,C37=$AD$82),"N/A",IF(AND(AND(H37<8,H37>48),OR(I37<18,I37>80)), "Please Call",IF(AND(H37>36,I37>36),"Please Call",IF(K37>=15,"Please Call","OKAY"))))) | AC37: =VLOOKUP(A37,$AD$99:$AE$103,2,0) -> #N/A | AD37: =VLOOKUP(C37,$AD$81:$AE$82,2,0) -> #N/A | AE37: =VLOOKUP(D37,$AD$58:$AE$70,2,0) -> #N/A | AF37: =IF(AND(K37>=1,K37<=2),$AD$105,IF(AND(K37>=2,K37<=3),$AD$106,IF(AND(K37>=3,K37<=5),$AD$107,IF(AND(K37>=5,K37<=7),$AD$108,IF(AND(K37>=7,K37<=9),$AD$109,IF(AND(K37>=9,K37<=11),$AD$110,IF(AND(K37>=11,K37<=13),$AD$111,IF(AND(K37>=13,K37<=15),$AD$112,IF(AND(K37>=15,K37<=17),$AD$113,IF(AND(K37>=17,K37<=19),$AD$114,"INVALID CODE")))))))))) -> INVALID CODE | AG37: =VLOOKUP(AF37,$AD$105:$AE$114,2,0) -> #N/A | AH37: =CONCATENATE(AC37,AD37,AE37,AG37) -> #N/A | AI37: =VLOOKUP(AH37,'Price DATA'!$A$8:$C$1156,3,0) -> #N/A | AJ37: =VLOOKUP(G37,$AD$92:$AE$97,2,0) -> #N/A | AK37: =IF(AJ37="Upcharge",(VLOOKUP(AD37,$AE$81:$AF$82,2,0)),0) -> #N/A | AL37: =IF(A37=$AD$100,VLOOKUP(C37,$AD$81:$AG$82,4,0),IF(A37=$AD$103,VLOOKUP(C37,$AD$81:$AH$82,5,0),VLOOKUP(A37,$AD$83:$AG$86,4,0))) -> #N/A | AP37: =AP36+0.0625 -> 14.75 | AQ37: =AQ36+0.0625 -> 42.75 | AS37: =AS36+0.0625 -> 9.375 | AT37: =AT36+0.0625 -> 13.75 | AU37: =AU36+0.0625 -> 30.75 | AW37: =AW36+0.0625 -> 8.75 | AX37: =AX36+0.0625 -> 12.75 | AZ37: =AZ36+0.0625 -> 15.75 | BA37: =BA36+0.0625 -> 12.75 | BC37: =BC36+0.0625 -> 8.75 | BD37: =BD36+0.0625 -> 18.75
K38: =IF(I38="","",ROUND(((H38*I38)/144),2)) | L38: =IF(K38="","",IF(K38>AL38,"",(AI38+AK38))) | M38: =IF(F38=$AF$89,'Price DATA'!$U$3,0) -> 0 | N38: =IF(OR(A38="",B38="",C38="",D38="",E38="",,F38="",G38="",H38="",I38="",J38=""),"",IF(OR(AF38="INVALID CODE",V38="Please Call",W38="Please Call",X38="Please Call",Y38="Please Call",Z38="Please Call",AA38="Please Call",AB38="Please Call"),"Please Call",IF(K38>AL38,"Please Call",IF(AND(E38=$AD$89,I38<30),"Incorrect Operator Position",IF(AND(H38>=36,I38>=36),"Please Call",IF(OR(V38="OKAY",W38="OKAY",X38="OKAY",Y38="OKAY",Z38="OKAY",AA38="OKAY",,AB38="OKAY"),((L38*K38)+M38),"")))))) | O38: =IF(OR(J38="",N38="",N38="Please Call",N38="Incorrect Operator Position"),"",J38*N38) | V38: =IF(A38="","",IF(OR(A38=$AD$100,A38=$AD$99,A38=$AD$102,A38=$AD$103),"N/A",IF(AND(H38>36,I38>36),"Please Call",IF(AND(AND(H38>=8,H38<9.99),OR(I38<12,I38>36)), "Please Call",IF(AND(AND(H38>=10,H38<13.99),OR(I38<12,I38>54)), "Please Call",IF(AND(AND(H38>=14,H38<19.99),OR(I38<12,I38>68)), "Please Call",IF(AND(AND(H38>=20,H38<20.99),OR(I38<12,I38>65)), "Please Call",IF(AND(AND(H38>=21,H38<21.99),OR(I38<12,I38>62)), "Please Call",IF(AND(AND(H38>=22,H38<22.99),OR(I38<12,I38>59)), "Please Call",IF(AND(AND(H38>=23,H38<23.99),OR(I38<12,I38>57)), "Please Call",IF(AND(AND(H38>=24,H38<24.99),OR(I38<12,I38>54)), "Please Call",IF(AND(AND(H38>=25,H38<25.99),OR(I38<12,I38>52)), "Please Call",IF(AND(AND(H38>=26,H38<26.99),OR(I38<12,I38>50)), "Please Call",IF(AND(AND(H38>=27,H38<27.99),OR(I38<12,I38>49)), "Please Call",IF(AND(AND(H38>=28,H38<28.99),OR(I38<12,I38>47)), "Please Call",IF(AND(AND(H38>=29,H38<29.99),OR(I38<12,I38>45)), "Please Call",IF(AND(AND(H38>=30,H38<30.99),OR(I38<12,I38>44)), "Please Call",IF(AND(AND(H38>=31,H38<31.99),OR(I38<12,I38>42)), "Please Call",IF(AND(AND(H38>=32,H38<32.99),OR(I38<12,I38>41)), "Please Call",IF(AND(AND(H38>=33,H38<33.99),OR(I38<12,I38>40)), "Please Call",IF(AND(AND(H38>=34,H38<34.99),OR(I38<12,I38>39)), "Please Call",IF(AND(AND(H38>=35,H38<35.99),OR(I38<12,I38>38)), "Please Call",IF(AND(AND(H38>=36,H38<36.99),OR(I38<12,I38>37)), "Please Call",IF(AND(AND(H38>=37,H38<37.99),OR(I38<12,I38>36)), "Please Call",IF(AND(AND(H38>=38,H38<38.99),OR(I38<12,I38>35)), "Please Call",IF(AND(AND(H38>=39,H38<39.99),OR(I38<12,I38>34)), "Please Call",IF(AND(AND(H38>=40,H38<40.99),OR(I38<12,I38>33)), "Please Call",IF(AND(AND(H38>=41,H38<41.99),OR(I38<12,I38>32)), "Please Call",IF(AND(AND(H38>=42,H38<45.99),OR(I38<12,I38>31)), "Please Call",IF(AND(AND(H38>=46,H38<47.99),OR(I38<12,I38>30)), "Please Call",IF(AND(AND(H38>=48,H38<48.99),OR(I38<12,I38>29)), "Please Call",IF(AND(AND(H38>=49,H38<50.99),OR(I38<12,I38>28)), "Please Call",IF(AND(AND(H38>=51,H38<54),OR(I38<12,I38>26)), "Please Call","OKAY"))))))))))))))))))))))))))))))))) | W38: =IF(A38="","",IF(OR(A38=$AD$100,A38=$AD$101,A38=$AD$102,A38=$AD$103),"N/A",IF(AND(H38>36,I38>36),"Please Call",IF(AND(AND(H38>=14,H38<29.99),OR(I38<42,I38>80)), "Please Call",IF(AND(AND(H38>=30,H38<30.99),OR(I38<42,I38>79)), "Please Call",IF(AND(AND(H38>=31,H38<31.99),OR(I38<42,I38>76)), "Please Call",IF(AND(AND(H38>=32,H38<32.99),OR(I38<42,I38>74)), "Please Call",IF(AND(AND(H38>=33,H38<33.99),OR(I38<42,I38>72)), "Please Call",IF(AND(AND(H38>=34,H38<34.99),OR(I38<42,I38>70)), "Please Call",IF(AND(AND(H38>=35,H38<36),OR(I38<42,I38>69)), "Please Call","OKAY")))))))))) | X38: =IF(A38="","",IF(OR(A38=$AD$101,A38=$AD$99,A38=$AD$102,C38=$AD$82,A38=$AD$103),"N/A",IF(AND(H38>36,I38>36),"Please Call",IF(AND(AND(H38>=8.625,H38<9.99),OR(I38<13,I38>36)), "Please Call",IF(AND(AND(H38>=10,H38<13.99),OR(I38<13,I38>48)), "Please Call",IF(AND(AND(H38>=14,H38<24.99),OR(I38<13,I38>80)), "Please Call",IF(AND(AND(H38>=25,H38<26.99),OR(I38<14,I38>80)), "Please Call",IF(AND(AND(H38>=27,H38<27.99),OR(I38<14,I38>79)), "Please Call",IF(AND(AND(H38>=28,H38<28.99),OR(I38<14,I38>77)), "Please Call",IF(AND(AND(H38>=29,H38<29.99),OR(I38<14,I38>75)), "Please Call",IF(AND(AND(H38>=30,H38<30.99),OR(I38<14,I38>72)), "Please Call",IF(AND(AND(H38>=31,H38<31.99),OR(I38<14,I38>70)), "Please Call",IF(AND(AND(H38>=32,H38<32.99),OR(I38<14,I38>68)), "Please Call",IF(AND(AND(H38>=33,H38<33.99),OR(I38<14,I38>66)), "Please Call",IF(AND(AND(H38>=34,H38<34.99),OR(I38<14,I38>64)), "Please Call",IF(AND(AND(H38>=35,H38<35.99),OR(I38<14,I38>62)), "Please Call",IF(AND(AND(H38>=36,H38<36.99),OR(I38<14,I38>60)), "Please Call",IF(AND(AND(H38>=37,H38<41.99),OR(I38<15,I38>36)), "Please Call",IF(AND(AND(H38>=42,H38<59.99),OR(I38<18,I38>36)), "Please Call",IF(AND(AND(H38>=60,H38<61.99),OR(I38<18,I38>35)), "Please Call",IF(AND(AND(H38>=62,H38<63.99),OR(I38<18,I38>34)), "Please Call",IF(AND(AND(H38>=64,H38<65.99),OR(I38<18,I38>33)), "Please Call",IF(AND(AND(H38>=66,H38<67.99),OR(I38<18,I38>32)), "Please Call",IF(AND(AND(H38>=68,H38<69.99),OR(I38<18,I38>31)), "Please Call",IF(AND(AND(H38>=70,H38<71.99),OR(I38<18,I38>30)), "Please Call",IF(AND(AND(H38>=72,H38<74.99),OR(I38<18,I38>29)), "Please Call",IF(AND(AND(H38>=75,H38<77.99),OR(I38<18,I38>28)), "Please Call",IF(AND(AND(H38>=78,H38<78.99),OR(I38<18,I38>27)), "Please Call",IF(AND(AND(H38>=79,H38<80),OR(I38<18,I38>26)), "Please Call","OKAY"))))))))))))))))))))))))))))) | Y38: =IF(A38="","",IF(OR(A38=$AD$99,A38=$AD$101,A38=$AD$102,C38=$AD$81,A38=$AD$103),"N/A",IF(AND(H38>36,I38>36),"Please Call",IF(AND(AND(H38>=8.625,H38<9.99),OR(I38<13,I38>36)), "Please Call",IF(AND(AND(H38>=10,H38<13.99),OR(I38<13,I38>48)), "Please Call",IF(AND(AND(H38>=14,H38<24.99),OR(I38<13,I38>80)), "Please Call",IF(AND(AND(H38>=25,H38<30.99),OR(I38<14,I38>80)), "Please Call",IF(AND(AND(H38>=31,H38<31.99),OR(I38<14,I38>78)), "Please Call",IF(AND(AND(H38>=32,H38<32.99),OR(I38<14,I38>76)), "Please Call",IF(AND(AND(H38>=33,H38<33.99),OR(I38<14,I38>75)), "Please Call",IF(AND(AND(H38>=34,H38<34.99),OR(I38<14,I38>73)), "Please Call",IF(AND(AND(H38>=35,H38<36.99),OR(I38<14,I38>69)), "Please Call",IF(AND(AND(H38>=37,H38<41.99),OR(I38<15,I38>36)), "Please Call",IF(AND(AND(H38>=42,H38<47.99),OR(I38<18,I38>36)), "Please Call",IF(AND(AND(H38>=48,H38<49.99),OR(I38<18,I38>35)), "Please Call",IF(AND(AND(H38>=50,H38<50.99),OR(I38<18,I38>34)), "Please Call",IF(AND(AND(H38>=51,H38<52.99),OR(I38<18,I38>33)), "Please Call",IF(AND(AND(H38>=53,H38<53.99),OR(I38<18,I38>32)), "Please Call",IF(AND(AND(H38>=54,H38<55.99),OR(I38<18,I38>31)), "Please Call",IF(AND(AND(H38>=56,H38<57.99),OR(I38<18,I38>30)), "Please Call",IF(AND(AND(H38>=58,H38<59.99),OR(I38<18,I38>29)), "Please Call",IF(AND(AND(H38>=60,H38<61.99),OR(I38<18,I38>28)), "Please Call",IF(AND(AND(H38>=62,H38<63.99),OR(I38<18,I38>27)), "Please Call",IF(AND(AND(H38>=64,H38<66.99),OR(I38<18,I38>26)), "Please Call",IF(AND(AND(H38>=67,H38<69.99),OR(I38<18,I38>25)), "Please Call",IF(AND(AND(H38>=70,H38<71.99),OR(I38<18,I38>24)), "Please Call",IF(AND(AND(H38>=72,H38<75.99),OR(I38<18,I38>23)), "Please Call",IF(AND(AND(H38>=76,H38<77.99),OR(I38<18,I38>22)), "Please Call",IF(AND(AND(H38>=78,H38<80),OR(I38<18,I38>21)), "Please Call","OKAY"))))))))))))))))))))))))))))) | Z38: =IF(A38="","",IF(OR(A38=$AD$100,A38=$AD$99,A38=$AD$101,A38=$AD$103),"N/A",IF(AND(H38>36,I38>36),"Please Call",IF(AND(AND(H38>=15,H38<15.99),OR(I38<12,I38>13.99)), "Please Call",IF(AND(AND(H38>=16,H38<16.99),OR(I38<12,I38>15.99)), "Please Call",IF(AND(AND(H38>=17,H38<17.99),OR(I38<12,I38>18.99)), "Please Call",IF(AND(AND(H38>=18,H38<18.99),OR(I38<12,I38>20.99)), "Please Call",IF(AND(AND(H38>=19,H38<19.99),OR(I38<12,I38>22.99)), "Please Call",IF(AND(AND(H38>=20,H38<20.99),OR(I38<12,I38>24.99)), "Please Call",IF(AND(AND(H38>=21,H38<21.99),OR(I38<12,I38>26.99)), "Please Call",IF(AND(AND(H38>=22,H38<22.99),OR(I38<12,I38>28.99)), "Please Call",IF(AND(AND(H38>=23,H38<23.99),OR(I38<12,I38>30.99)), "Please Call",IF(AND(AND(H38>=24,H38<24.99),OR(I38<12,I38>31.99)), "Please Call",IF(AND(AND(H38>=25,H38<25.99),OR(I38<12,I38>35.99)), "Please Call",IF(AND(AND(H38>=26,H38<26.99),OR(I38<12,I38>36.99)), "Please Call",IF(AND(AND(H38>=27,H38<28.99),OR(I38<12,I38>37.99)), "Please Call",IF(AND(AND(H38>=29,H38<29.99),OR(I38<12,I38>39.99)), "Please Call",IF(AND(AND(H38>=30,H38<32.99),OR(I38<12,I38>41)), "Please Call",IF(AND(AND(H38>=33,H38<33.99),OR(I38<12,I38>39.99)), "Please Call",IF(AND(AND(H38>=34,H38<34.99),OR(I38<12,I38>38.99)), "Please Call",IF(AND(AND(H38>=35,H38<35.99),OR(I38<12,I38>37.99)), "Please Call",IF(AND(AND(H38>=36,H38<36.99),OR(I38<12,I38>36.99)), "Please Call",IF(AND(AND(H38>=37,H38<37.99),OR(I38<12,I38>35.99)), "Please Call",IF(AND(AND(H38>=38,H38<38.99),OR(I38<12,I38>34.99)), "Please Call",IF(AND(AND(H38>=39,H38<39.99),OR(I38<12,I38>33.99)), "Please Call",IF(AND(AND(H38>=40,H38<40.99),OR(I38<12,I38>32.99)), "Please Call",IF(AND(AND(H38>=41,H38<41.99),OR(I38<12,I38>31.99)), "Please Call",IF(AND(AND(H38>=42,H38<43.99),OR(I38<12,I38>30.99)), "Please Call",IF(AND(AND(H38>=44,H38<44.99),OR(I38<12,I38>29.99)), "Please Call",IF(AND(AND(H38>=45,H38<46.99),OR(I38<12,I38>28.99)), "Please Call",IF(AND(AND(H38>=47,H38<48.99),OR(I38<12,I38>27.99)), "Please Call",IF(AND(AND(H38>=49,H38<49.99),OR(I38<12,I38>26.99)), "Please Call",IF(AND(AND(H38>=50,H38<51.99),OR(I38<12,I38>25.99)), "Please Call",IF(AND(AND(H38>=52,H38<54),OR(I38<12,I38>24.99)), "Please Call","OKAY")))))))))))))))))))))))))))))))))) | AA38: =IF(A38="","",IF(OR(A38=$AD$99,A38=$AD$100,A38=$AD$101,A38=$AD$102,C38=$AD$81),"N/A",IF(AND(AND(H38<8,H38>48),OR(I38<18,I38>80)), "Please Call",IF(AND(H38>36,I38>36),"Please Call",IF(K38>18.2,"Please Call","OKAY"))))) | AB38: =IF(A38="","",IF(OR(A38=$AD$99,A38=$AD$100,A38=$AD$101,A38=$AD$102,C38=$AD$82),"N/A",IF(AND(AND(H38<8,H38>48),OR(I38<18,I38>80)), "Please Call",IF(AND(H38>36,I38>36),"Please Call",IF(K38>=15,"Please Call","OKAY"))))) | AC38: =VLOOKUP(A38,$AD$99:$AE$103,2,0) -> #N/A | AD38: =VLOOKUP(C38,$AD$81:$AE$82,2,0) -> #N/A | AE38: =VLOOKUP(D38,$AD$58:$AE$70,2,0) -> #N/A | AF38: =IF(AND(K38>=1,K38<=2),$AD$105,IF(AND(K38>=2,K38<=3),$AD$106,IF(AND(K38>=3,K38<=5),$AD$107,IF(AND(K38>=5,K38<=7),$AD$108,IF(AND(K38>=7,K38<=9),$AD$109,IF(AND(K38>=9,K38<=11),$AD$110,IF(AND(K38>=11,K38<=13),$AD$111,IF(AND(K38>=13,K38<=15),$AD$112,IF(AND(K38>=15,K38<=17),$AD$113,IF(AND(K38>=17,K38<=19),$AD$114,"INVALID CODE")))))))))) -> INVALID CODE | AG38: =VLOOKUP(AF38,$AD$105:$AE$114,2,0) -> #N/A | AH38: =CONCATENATE(AC38,AD38,AE38,AG38) -> #N/A | AI38: =VLOOKUP(AH38,'Price DATA'!$A$8:$C$1156,3,0) -> #N/A | AJ38: =VLOOKUP(G38,$AD$92:$AE$97,2,0) -> #N/A | AK38: =IF(AJ38="Upcharge",(VLOOKUP(AD38,$AE$81:$AF$82,2,0)),0) -> #N/A | AL38: =IF(A38=$AD$100,VLOOKUP(C38,$AD$81:$AG$82,4,0),IF(A38=$AD$103,VLOOKUP(C38,$AD$81:$AH$82,5,0),VLOOKUP(A38,$AD$83:$AG$86,4,0))) -> #N/A | AP38: =AP37+0.0625 -> 14.8125 | AQ38: =AQ37+0.0625 -> 42.8125 | AS38: =AS37+0.0625 -> 9.4375 | AT38: =AT37+0.0625 -> 13.8125 | AU38: =AU37+0.0625 -> 30.8125 | AW38: =AW37+0.0625 -> 8.8125 | AX38: =AX37+0.0625 -> 12.8125 | AZ38: =AZ37+0.0625 -> 15.8125 | BA38: =BA37+0.0625 -> 12.8125 | BC38: =BC37+0.0625 -> 8.8125 | BD38: =BD37+0.0625 -> 18.8125
N39: Subtotal | O39: =SUM(O24:O38) -> 0 | P39: =SUM(Q24:Q38) -> 0 | R39: =SUM(S24:S38) -> 0 | AP39: =AP38+0.0625 -> 14.875 | AQ39: =AQ38+0.0625 -> 42.875 | AS39: =AS38+0.0625 -> 9.5 | AT39: =AT38+0.0625 -> 13.875 | AU39: =AU38+0.0625 -> 30.875 | AW39: =AW38+0.0625 -> 8.875 | AX39: =AX38+0.0625 -> 12.875 | AZ39: =AZ38+0.0625 -> 15.875 | BA39: =BA38+0.0625 -> 12.875 | BC39: =BC38+0.0625 -> 8.875 | BD39: =BD38+0.0625 -> 18.875
N40: ='Division Details'!B28 -> Freight | O40: =IF(N40="Taxes",(O39*0.13),IF(O39>='Division Details'!B23,0,(SUM(J24:J38)*25))) -> 0 | P40: =IF(N40="Taxes",(P39*0.13),IF(P39>=1500,0,(SUM(J24:J38)*25))) -> 0 | R40: =IF(N40="Taxes",(R39*0.13),IF(R39>=1500,0,(SUM(J24:J38)*25))) -> 0 | AP40: =AP39+0.0625 -> 14.9375 | AQ40: =AQ39+0.0625 -> 42.9375 | AS40: =AS39+0.0625 -> 9.5625 | AT40: =AT39+0.0625 -> 13.9375 | AU40: =AU39+0.0625 -> 30.9375 | AW40: =AW39+0.0625 -> 8.9375 | AX40: =AX39+0.0625 -> 12.9375 | AZ40: =AZ39+0.0625 -> 15.9375 | BA40: =BA39+0.0625 -> 12.9375 | BC40: =BC39+0.0625 -> 8.9375 | BD40: =BD39+0.0625 -> 18.9375
N41: =CONCATENATE(V41,X41) -> 0% Discount | O41: =ROUND(O39*(V41/100),2) -> 0 | P41: =P39+P40 -> 0 | R41: =R39+R40 -> 0 | V41: 0 | X41: % Discount | AP41: =AP40+0.0625 -> 15 | AQ41: =AQ40+0.0625 -> 43 | AS41: =AS40+0.0625 -> 9.625 | AT41: =AT40+0.0625 -> 14 | AU41: =AU40+0.0625 -> 31 | AW41: =AW40+0.0625 -> 9 | AX41: =AX40+0.0625 -> 13 | AZ41: =AZ40+0.0625 -> 16 | BA41: =BA40+0.0625 -> 13 | BC41: =BC40+0.0625 -> 9 | BD41: =BD40+0.0625 -> 19
N42: Grand Total | O42: =O39+O40-O41 -> 0 | AP42: =AP41+0.0625 -> 15.0625 | AQ42: =AQ41+0.0625 -> 43.0625 | AS42: =AS41+0.0625 -> 9.6875 | AT42: =AT41+0.0625 -> 14.0625 | AU42: =AU41+0.0625 -> 31.0625 | AW42: =AW41+0.0625 -> 9.0625 | AX42: =AX41+0.0625 -> 13.0625 | AZ42: =AZ41+0.0625 -> 16.0625 | BA42: =BA41+0.0625 -> 13.0625 | BC42: =BC41+0.0625 -> 9.0625 | BD42: =BD41+0.0625 -> 19.0625
AP43: =AP42+0.0625 -> 15.125 | AQ43: =AQ42+0.0625 -> 43.125 | AS43: =AS42+0.0625 -> 9.75 | AT43: =AT42+0.0625 -> 14.125 | AU43: =AU42+0.0625 -> 31.125 | AW43: =AW42+0.0625 -> 9.125 | AX43: =AX42+0.0625 -> 13.125 | AZ43: =AZ42+0.0625 -> 16.125 | BA43: =BA42+0.0625 -> 13.125 | BC43: =BC42+0.0625 -> 9.125 | BD43: =BD42+0.0625 -> 19.125
A44: ='Division Details'!$B$17 -> *This is a price estimate and is subject to change. Please call 866-472-0042 to verify exact pricing. | AP44: =AP43+0.0625 -> 15.1875 | AQ44: =AQ43+0.0625 -> 43.1875 | AS44: =AS43+0.0625 -> 9.8125 | AT44: =AT43+0.0625 -> 14.1875 | AU44: =AU43+0.0625 -> 31.1875 | AW44: =AW43+0.0625 -> 9.1875 | AX44: =AX43+0.0625 -> 13.1875 | AZ44: =AZ43+0.0625 -> 16.1875 | BA44: =BA43+0.0625 -> 13.1875 | BC44: =BC43+0.0625 -> 9.1875 | BD44: =BD43+0.0625 -> 19.1875
E45: • Lead Time from the date PO received | AP45: =AP44+0.0625 -> 15.25 | AQ45: =AQ44+0.0625 -> 43.25 | AS45: =AS44+0.0625 -> 9.875 | AT45: =AT44+0.0625 -> 14.25 | AU45: =AU44+0.0625 -> 31.25 | AW45: =AW44+0.0625 -> 9.25 | AX45: =AX44+0.0625 -> 13.25 | AZ45: =AZ44+0.0625 -> 16.25 | BA45: =BA44+0.0625 -> 13.25 | BC45: =BC44+0.0625 -> 9.25 | BD45: =BD44+0.0625 -> 19.25
E46: ○ Annealed | O46: =IF(N24="Unavailable",0,IF(N24="Please Call",0,J24)) -> 0 | AP46: =AP45+0.0625 -> 15.3125 | AQ46: =AQ45+0.0625 -> 43.3125 | AS46: =AS45+0.0625 -> 9.9375 | AT46: =AT45+0.0625 -> 14.3125 | AU46: =AU45+0.0625 -> 31.3125 | AW46: =AW45+0.0625 -> 9.3125 | AX46: =AX45+0.0625 -> 13.3125 | AZ46: =AZ45+0.0625 -> 16.3125 | BA46: =BA45+0.0625 -> 13.3125 | BC46: =BC45+0.0625 -> 9.3125 | BD46: =BD45+0.0625 -> 19.3125
F47: =CONCATENATE("• ",'Division Details'!$B$19) -> • 7 Business days + transit | AP47: =AP46+0.0625 -> 15.375 | AQ47: =AQ46+0.0625 -> 43.375 | AS47: =AS46+0.0625 -> 10 | AT47: =AT46+0.0625 -> 14.375 | AU47: =AU46+0.0625 -> 31.375 | AW47: =AW46+0.0625 -> 9.375 | AX47: =AX46+0.0625 -> 13.375 | AZ47: =AZ46+0.0625 -> 16.375 | BA47: =BA46+0.0625 -> 13.375 | BC47: =BC46+0.0625 -> 9.375 | BD47: =BD46+0.0625 -> 19.375
E48: • 1 | AP48: =AP47+0.0625 -> 15.4375 | AQ48: =AQ47+0.0625 -> 43.4375 | AS48: =AS47+0.0625 -> 10.0625 | AT48: =AT47+0.0625 -> 14.4375 | AU48: =AU47+0.0625 -> 31.4375 | AW48: =AW47+0.0625 -> 9.4375 | AX48: =AX47+0.0625 -> 13.4375 | AZ48: =AZ47+0.0625 -> 16.4375 | BA48: =BA47+0.0625 -> 13.4375 | BC48: =BC47+0.0625 -> 9.4375 | BD48: =BD47+0.0625 -> 19.4375
E49: ○ Tempered | AP49: =AP48+0.0625 -> 15.5 | AQ49: =AQ48+0.0625 -> 43.5 | AS49: =AS48+0.0625 -> 10.125 | AT49: =AT48+0.0625 -> 14.5 | AU49: =AU48+0.0625 -> 31.5 | AW49: =AW48+0.0625 -> 9.5 | AX49: =AX48+0.0625 -> 13.5 | AZ49: =AZ48+0.0625 -> 16.5 | BA49: =BA48+0.0625 -> 13.5 | BC49: =BC48+0.0625 -> 9.5 | BD49: =BD48+0.0625 -> 19.5
F50: =CONCATENATE("• ",'Division Details'!$B$20) -> • 12 Business days + transit | AP50: =AP49+0.0625 -> 15.5625 | AQ50: =AQ49+0.0625 -> 43.5625 | AS50: =AS49+0.0625 -> 10.1875 | AT50: =AT49+0.0625 -> 14.5625 | AU50: =AU49+0.0625 -> 31.5625 | AW50: =AW49+0.0625 -> 9.5625 | AX50: =AX49+0.0625 -> 13.5625 | AZ50: =AZ49+0.0625 -> 16.5625 | BA50: =BA49+0.0625 -> 13.5625 | BC50: =BC49+0.0625 -> 9.5625 | BD50: =BD49+0.0625 -> 19.5625
E51: • | O51: =IF(N25="Unavailable",0,IF(N25="Please Call",0,J25)) -> 0 | AP51: =AP50+0.0625 -> 15.625 | AQ51: =AQ50+0.0625 -> 43.625 | AS51: =AS50+0.0625 -> 10.25 | AT51: =AT50+0.0625 -> 14.625 | AU51: =AU50+0.0625 -> 31.625 | AW51: =AW50+0.0625 -> 9.625 | AX51: =AX50+0.0625 -> 13.625 | AZ51: =AZ50+0.0625 -> 16.625 | BA51: =BA50+0.0625 -> 13.625 | BC51: =BC50+0.0625 -> 9.625 | BD51: =BD50+0.0625 -> 19.625
E52: =CONCATENATE("• Freight: ",'Division Details'!$B$22) -> • Freight: $25.00 per panel on orders less than $2,500 | O52: =IF(N37="Unavailable",0,IF(N37="Please Call",0,J37)) -> 0 | AD52: Operator Handing | AP52: =AP51+0.0625 -> 15.6875 | AQ52: =AQ51+0.0625 -> 43.6875 | AS52: =AS51+0.0625 -> 10.3125 | AT52: =AT51+0.0625 -> 14.6875 | AU52: =AU51+0.0625 -> 31.6875 | AW52: =AW51+0.0625 -> 9.6875 | AX52: =AX51+0.0625 -> 13.6875 | AZ52: =AZ51+0.0625 -> 16.6875 | BA52: =BA51+0.0625 -> 13.6875 | BC52: =BC51+0.0625 -> 9.6875 | BD52: =BD51+0.0625 -> 19.6875
E53: • Minimum Order Quantity of 1 | O53: =IF(N38="Unavailable",0,IF(N38="Please Call",0,J38)) -> 0 | AD53: Left Hand | AP53: =AP52+0.0625 -> 15.75 | AQ53: =AQ52+0.0625 -> 43.75 | AS53: =AS52+0.0625 -> 10.375 | AT53: =AT52+0.0625 -> 14.75 | AU53: =AU52+0.0625 -> 31.75 | AW53: =AW52+0.0625 -> 9.75 | AX53: =AX52+0.0625 -> 13.75 | AZ53: =AZ52+0.0625 -> 16.75 | BA53: =BA52+0.0625 -> 13.75 | BC53: =BC52+0.0625 -> 9.75 | BD53: =BD52+0.0625 -> 19.75
AD54: Right Hand | AP54: =AP53+0.0625 -> 15.8125 | AQ54: =AQ53+0.0625 -> 43.8125 | AS54: =AS53+0.0625 -> 10.4375 | AT54: =AT53+0.0625 -> 14.8125 | AU54: =AU53+0.0625 -> 31.8125 | AW54: =AW53+0.0625 -> 9.8125 | AX54: =AX53+0.0625 -> 13.8125 | AZ54: =AZ53+0.0625 -> 16.8125 | BA54: =BA53+0.0625 -> 13.8125 | BC54: =BC53+0.0625 -> 9.8125 | BD54: =BD53+0.0625 -> 19.8125
A55: ='Division Details'!$B$10 -> Send Orders to: Diane Spuhler via fax (615) 452-0283 or email diane.spuhler@western-reflections.com | AD55: N/A | AP55: =AP54+0.0625 -> 15.875 | AQ55: =AQ54+0.0625 -> 43.875 | AS55: =AS54+0.0625 -> 10.5 | AT55: =AT54+0.0625 -> 14.875 | AU55: =AU54+0.0625 -> 31.875 | AW55: =AW54+0.0625 -> 9.875 | AX55: =AX54+0.0625 -> 13.875 | AZ55: =AZ54+0.0625 -> 16.875 | BA55: =BA54+0.0625 -> 13.875 | BC55: =BC54+0.0625 -> 9.875 | BD55: =BD54+0.0625 -> 19.875
AP56: =AP55+0.0625 -> 15.9375 | AQ56: =AQ55+0.0625 -> 43.9375 | AS56: =AS55+0.0625 -> 10.5625 | AT56: =AT55+0.0625 -> 14.9375 | AU56: =AU55+0.0625 -> 31.9375 | AW56: =AW55+0.0625 -> 9.9375 | AX56: =AX55+0.0625 -> 13.9375 | AZ56: =AZ55+0.0625 -> 16.9375 | BA56: =BA55+0.0625 -> 13.9375 | BC56: =BC55+0.0625 -> 9.9375 | BD56: =BD55+0.0625 -> 19.9375
A57: Please feel free to contact me with any questions or concerns | AD57: Glass Options | AE57: Code | AP57: =AP56+0.0625 -> 16 | AQ57: =AQ56+0.0625 -> 44 | AS57: =AS56+0.0625 -> 10.625 | AT57: =AT56+0.0625 -> 15 | AU57: =AU56+0.0625 -> 32 | AW57: =AW56+0.0625 -> 10 | AX57: =AX56+0.0625 -> 14 | AZ57: =AZ56+0.0625 -> 17 | BA57: =BA56+0.0625 -> 14 | BC57: =BC56+0.0625 -> 10 | BD57: =BD56+0.0625 -> 20
A58: =CONCATENATE("Phone: ",'Division Details'!B14," Email: ",'Division Details'!$B$15) -> Phone: (615) 230-4342 Email: ken.jordan@odl.com | AD58: Clear | AE58: CC1 | AP58: =AP57+0.0625 -> 16.0625 | AQ58: =AQ57+0.0625 -> 44.0625 | AS58: =AS57+0.0625 -> 10.6875 | AT58: =AT57+0.0625 -> 15.0625 | AU58: =AU57+0.0625 -> 32.0625 | AW58: =AW57+0.0625 -> 10.0625 | AX58: =AX57+0.0625 -> 14.0625 | AZ58: =AZ57+0.0625 -> 17.0625 | BA58: =BA57+0.0625 -> 14.0625 | BC58: =BC57+0.0625 -> 10.0625 | BD58: =BD57+0.0625 -> 20.0625
AD59: CL/270 | AE59: CL2 | AP59: =AP58+0.0625 -> 16.125 | AQ59: =AQ58+0.0625 -> 44.125 | AS59: =AS58+0.0625 -> 10.75 | AT59: =AT58+0.0625 -> 15.125 | AU59: =AU58+0.0625 -> 32.125 | AW59: =AW58+0.0625 -> 10.125 | AX59: =AX58+0.0625 -> 14.125 | AZ59: =AZ58+0.0625 -> 17.125 | BA59: =BA58+0.0625 -> 14.125 | BC59: =BC58+0.0625 -> 10.125 | BD59: =BD58+0.0625 -> 20.125
AD60: CL/272 | AE60: CL2 | AP60: =AP59+0.0625 -> 16.1875 | AQ60: =AQ59+0.0625 -> 44.1875 | AS60: =AS59+0.0625 -> 10.8125 | AT60: =AT59+0.0625 -> 15.1875 | AU60: =AU59+0.0625 -> 32.1875 | AW60: =AW59+0.0625 -> 10.1875 | AX60: =AX59+0.0625 -> 14.1875 | AZ60: =AZ59+0.0625 -> 17.1875 | BA60: =BA59+0.0625 -> 14.1875 | BC60: =BC59+0.0625 -> 10.1875 | BD60: =BD59+0.0625 -> 20.1875
AD61: CL/340 | AE61: CL4 | AP61: =AP60+0.0625 -> 16.25 | AQ61: =AQ60+0.0625 -> 44.25 | AS61: =AS60+0.0625 -> 10.875 | AT61: =AT60+0.0625 -> 15.25 | AU61: =AU60+0.0625 -> 32.25 | AW61: =AW60+0.0625 -> 10.25 | AX61: =AX60+0.0625 -> 14.25 | AZ61: =AZ60+0.0625 -> 17.25 | BA61: =BA60+0.0625 -> 14.25 | BC61: =BC60+0.0625 -> 10.25 | BD61: =BD60+0.0625 -> 20.25
A62: Thank you for your business and the opportunity to quote this pricing! | AD62: CL/366 | AE62: CL3 | AP62: =AP61+0.0625 -> 16.3125 | AQ62: =AQ61+0.0625 -> 44.3125 | AS62: =AS61+0.0625 -> 10.9375 | AT62: =AT61+0.0625 -> 15.3125 | AU62: =AU61+0.0625 -> 32.3125 | AW62: =AW61+0.0625 -> 10.3125 | AX62: =AX61+0.0625 -> 14.3125 | AZ62: =AZ61+0.0625 -> 17.3125 | BA62: =BA61+0.0625 -> 14.3125 | BC62: =BC61+0.0625 -> 10.3125 | BD62: =BD61+0.0625 -> 20.3125
AD63: I89/270 | AE63: LL2 | AP63: =AP62+0.0625 -> 16.375 | AQ63: =AQ62+0.0625 -> 44.375 | AS63: =AS62+0.0625 -> 11 | AT63: =AT62+0.0625 -> 15.375 | AU63: =AU62+0.0625 -> 32.375 | AW63: =AW62+0.0625 -> 10.375 | AX63: =AX62+0.0625 -> 14.375 | AZ63: =AZ62+0.0625 -> 17.375 | BA63: =BA62+0.0625 -> 14.375 | BC63: =BC62+0.0625 -> 10.375 | BD63: =BD62+0.0625 -> 20.375
AD64: I89/272 | AE64: LL2 | AP64: =AP63+0.0625 -> 16.4375 | AQ64: =AQ63+0.0625 -> 44.4375 | AS64: =AS63+0.0625 -> 11.0625 | AT64: =AT63+0.0625 -> 15.4375 | AU64: =AU63+0.0625 -> 32.4375 | AW64: =AW63+0.0625 -> 10.4375 | AX64: =AX63+0.0625 -> 14.4375 | AZ64: =AZ63+0.0625 -> 17.4375 | BA64: =BA63+0.0625 -> 14.4375 | BC64: =BC63+0.0625 -> 10.4375 | BD64: =BD63+0.0625 -> 20.4375
AD65: I89/340 | AE65: LL4 | AP65: =AP64+0.0625 -> 16.5 | AQ65: =AQ64+0.0625 -> 44.5 | AS65: =AS64+0.0625 -> 11.125 | AT65: =AT64+0.0625 -> 15.5 | AU65: =AU64+0.0625 -> 32.5 | AW65: =AW64+0.0625 -> 10.5 | AX65: =AX64+0.0625 -> 14.5 | AZ65: =AZ64+0.0625 -> 17.5 | BA65: =BA64+0.0625 -> 14.5 | BC65: =BC64+0.0625 -> 10.5 | BD65: =BD64+0.0625 -> 20.5
AD66: I89/366 | AE66: LL3 | AP66: =AP65+0.0625 -> 16.5625 | AQ66: =AQ65+0.0625 -> 44.5625 | AS66: =AS65+0.0625 -> 11.1875 | AT66: =AT65+0.0625 -> 15.5625 | AU66: =AU65+0.0625 -> 32.5625 | AW66: =AW65+0.0625 -> 10.5625 | AX66: =AX65+0.0625 -> 14.5625 | AZ66: =AZ65+0.0625 -> 17.5625 | BA66: =BA65+0.0625 -> 14.5625 | BC66: =BC65+0.0625 -> 10.5625 | BD66: =BD65+0.0625 -> 20.5625
AD67: CL/270/NEAT | AE67: NCL2 | AP67: =AP66+0.0625 -> 16.625 | AQ67: =AQ66+0.0625 -> 44.625 | AS67: =AS66+0.0625 -> 11.25 | AT67: =AT66+0.0625 -> 15.625 | AU67: =AU66+0.0625 -> 32.625 | AW67: =AW66+0.0625 -> 10.625 | AX67: =AX66+0.0625 -> 14.625 | AZ67: =AZ66+0.0625 -> 17.625 | BA67: =BA66+0.0625 -> 14.625 | BC67: =BC66+0.0625 -> 10.625 | BD67: =BD66+0.0625 -> 20.625
AD68: CL/366/NEAT | AE68: NCL3 | AP68: =AP67+0.0625 -> 16.6875 | AQ68: =AQ67+0.0625 -> 44.6875 | AS68: =AS67+0.0625 -> 11.3125 | AT68: =AT67+0.0625 -> 15.6875 | AU68: =AU67+0.0625 -> 32.6875 | AW68: =AW67+0.0625 -> 10.6875 | AX68: =AX67+0.0625 -> 14.6875 | AZ68: =AZ67+0.0625 -> 17.6875 | BA68: =BA67+0.0625 -> 14.6875 | BC68: =BC67+0.0625 -> 10.6875 | BD68: =BD67+0.0625 -> 20.6875
AD69: I89/270/NEAT | AE69: NLL2 | AP69: =AP68+0.0625 -> 16.75 | AQ69: =AQ68+0.0625 -> 44.75 | AS69: =AS68+0.0625 -> 11.375 | AT69: =AT68+0.0625 -> 15.75 | AU69: =AU68+0.0625 -> 32.75 | AW69: =AW68+0.0625 -> 10.75 | AX69: =AX68+0.0625 -> 14.75 | AZ69: =AZ68+0.0625 -> 17.75 | BA69: =BA68+0.0625 -> 14.75 | BC69: =BC68+0.0625 -> 10.75 | BD69: =BD68+0.0625 -> 20.75
AD70: I89/366/NEAT | AE70: NLL3 | AP70: =AP69+0.0625 -> 16.8125 | AQ70: =AQ69+0.0625 -> 44.8125 | AS70: =AS69+0.0625 -> 11.4375 | AT70: =AT69+0.0625 -> 15.8125 | AU70: =AU69+0.0625 -> 32.8125 | AW70: =AW69+0.0625 -> 10.8125 | AX70: =AX69+0.0625 -> 14.8125 | AZ70: =AZ69+0.0625 -> 17.8125 | BA70: =BA69+0.0625 -> 14.8125 | BC70: =BC69+0.0625 -> 10.8125 | BD70: =BD69+0.0625 -> 20.8125
AD71: Classic - Glass Options | AP71: =AP70+0.0625 -> 16.875 | AQ71: =AQ70+0.0625 -> 44.875 | AS71: =AS70+0.0625 -> 11.5 | AT71: =AT70+0.0625 -> 15.875 | AU71: =AU70+0.0625 -> 32.875 | AW71: =AW70+0.0625 -> 10.875 | AX71: =AX70+0.0625 -> 14.875 | AZ71: =AZ70+0.0625 -> 17.875 | BA71: =BA70+0.0625 -> 14.875 | BC71: =BC70+0.0625 -> 10.875 | BD71: =BD70+0.0625 -> 20.875
AD72: =AD58 -> Clear | AP72: =AP71+0.0625 -> 16.9375 | AQ72: =AQ71+0.0625 -> 44.9375 | AS72: =AS71+0.0625 -> 11.5625 | AT72: =AT71+0.0625 -> 15.9375 | AU72: =AU71+0.0625 -> 32.9375 | AW72: =AW71+0.0625 -> 10.9375 | AX72: =AX71+0.0625 -> 14.9375 | AZ72: =AZ71+0.0625 -> 17.9375 | BA72: =BA71+0.0625 -> 14.9375 | BC72: =BC71+0.0625 -> 10.9375 | BD72: =BD71+0.0625 -> 20.9375
AD73: =AD59 -> CL/270 | AP73: =AP72+0.0625 -> 17 | AQ73: =AQ72+0.0625 -> 45 | AS73: =AS72+0.0625 -> 11.625 | AT73: =AT72+0.0625 -> 16 | AU73: =AU72+0.0625 -> 33 | AW73: =AW72+0.0625 -> 11 | AX73: =AX72+0.0625 -> 15 | AZ73: =AZ72+0.0625 -> 18 | BA73: =BA72+0.0625 -> 15 | BC73: =BC72+0.0625 -> 11 | BD73: =BD72+0.0625 -> 21
AD74: =AD60 -> CL/272 | AP74: =AP73+0.0625 -> 17.0625 | AQ74: =AQ73+0.0625 -> 45.0625 | AS74: =AS73+0.0625 -> 11.6875 | AT74: =AT73+0.0625 -> 16.0625 | AU74: =AU73+0.0625 -> 33.0625 | AW74: =AW73+0.0625 -> 11.0625 | AX74: =AX73+0.0625 -> 15.0625 | AZ74: =AZ73+0.0625 -> 18.0625 | BA74: =BA73+0.0625 -> 15.0625 | BC74: =BC73+0.0625 -> 11.0625 | BD74: =BD73+0.0625 -> 21.0625
AD75: =AD62 -> CL/366 | AP75: =AP74+0.0625 -> 17.125 | AQ75: =AQ74+0.0625 -> 45.125 | AS75: =AS74+0.0625 -> 11.75 | AT75: =AT74+0.0625 -> 16.125 | AU75: =AU74+0.0625 -> 33.125 | AW75: =AW74+0.0625 -> 11.125 | AX75: =AX74+0.0625 -> 15.125 | AZ75: =AZ74+0.0625 -> 18.125 | BA75: =BA74+0.0625 -> 15.125 | BC75: =BC74+0.0625 -> 11.125 | BD75: =BD74+0.0625 -> 21.125
AD76: =AD63 -> I89/270 | AP76: =AP75+0.0625 -> 17.1875 | AQ76: =AQ75+0.0625 -> 45.1875 | AS76: =AS75+0.0625 -> 11.8125 | AT76: =AT75+0.0625 -> 16.1875 | AU76: =AU75+0.0625 -> 33.1875 | AW76: =AW75+0.0625 -> 11.1875 | AX76: =AX75+0.0625 -> 15.1875 | AZ76: =AZ75+0.0625 -> 18.1875 | BA76: =BA75+0.0625 -> 15.1875 | BC76: =BC75+0.0625 -> 11.1875 | BD76: =BD75+0.0625 -> 21.1875
AD77: =AD64 -> I89/272 | AP77: =AP76+0.0625 -> 17.25 | AQ77: =AQ76+0.0625 -> 45.25 | AS77: =AS76+0.0625 -> 11.875 | AT77: =AT76+0.0625 -> 16.25 | AU77: =AU76+0.0625 -> 33.25 | AW77: =AW76+0.0625 -> 11.25 | AX77: =AX76+0.0625 -> 15.25 | AZ77: =AZ76+0.0625 -> 18.25 | BA77: =BA76+0.0625 -> 15.25 | BC77: =BC76+0.0625 -> 11.25 | BD77: =BD76+0.0625 -> 21.25
AD78: I89/366 | AP78: =AP77+0.0625 -> 17.3125 | AQ78: =AQ77+0.0625 -> 45.3125 | AS78: =AS77+0.0625 -> 11.9375 | AT78: =AT77+0.0625 -> 16.3125 | AU78: =AU77+0.0625 -> 33.3125 | AW78: =AW77+0.0625 -> 11.3125 | AX78: =AX77+0.0625 -> 15.3125 | AZ78: =AZ77+0.0625 -> 18.3125 | BA78: =BA77+0.0625 -> 15.3125 | BC78: =BC77+0.0625 -> 11.3125 | BD78: =BD77+0.0625 -> 21.3125
AG79: =AD100 -> 1" Custom | AH79: =AD103 -> 7/8" Custom | AP79: =AP78+0.0625 -> 17.375 | AQ79: =AQ78+0.0625 -> 45.375 | AS79: =AS78+0.0625 -> 12 | AT79: =AT78+0.0625 -> 16.375 | AU79: =AU78+0.0625 -> 33.375 | AW79: =AW78+0.0625 -> 11.375 | AX79: =AX78+0.0625 -> 15.375 | AZ79: =AZ78+0.0625 -> 18.375 | BA79: =BA78+0.0625 -> 15.375 | BC79: =BC78+0.0625 -> 11.375 | BD79: =BD78+0.0625 -> 21.375
AD80: Glass/Blink Options | AE80: Glass Type | AF80: Color charge | AG80: Sq ft cap | AH80: =AG80 -> Sq ft cap | AP80: =AP79+0.0625 -> 17.4375 | AQ80: =AQ79+0.0625 -> 45.4375 | AS80: =AS79+0.0625 -> 12.0625 | AT80: =AT79+0.0625 -> 16.4375 | AU80: =AU79+0.0625 -> 33.4375 | AW80: =AW79+0.0625 -> 11.4375 | AX80: =AX79+0.0625 -> 15.4375 | AZ80: =AZ79+0.0625 -> 18.4375 | BA80: =BA79+0.0625 -> 15.4375 | BC80: =BC79+0.0625 -> 11.4375 | BD80: =BD79+0.0625 -> 21.4375
AD81: Annealed | AE81: A | AF81: ='Price DATA'!Z3 -> 1 | AG81: 15 | AH81: =AG81 -> 15 | AP81: =AP80+0.0625 -> 17.5 | AQ81: =AQ80+0.0625 -> 45.5 | AS81: =AS80+0.0625 -> 12.125 | AT81: =AT80+0.0625 -> 16.5 | AU81: =AU80+0.0625 -> 33.5 | AW81: =AW80+0.0625 -> 11.5 | AX81: =AX80+0.0625 -> 15.5 | AZ81: =AZ80+0.0625 -> 18.5 | BA81: =BA80+0.0625 -> 15.5 | BC81: =BC80+0.0625 -> 11.5 | BD81: =BD80+0.0625 -> 21.5
AD82: Tempered | AE82: T | AF82: =AF81 -> 1 | AG82: 17 | AH82: =AG86 -> 18 | AP82: =AP81+0.0625 -> 17.5625 | AQ82: =AQ81+0.0625 -> 45.5625 | AS82: =AS81+0.0625 -> 12.1875 | AT82: =AT81+0.0625 -> 16.5625 | AU82: =AU81+0.0625 -> 33.5625 | AW82: =AW81+0.0625 -> 11.5625 | AX82: =AX81+0.0625 -> 15.5625 | AZ82: =AZ81+0.0625 -> 18.5625 | BA82: =BA81+0.0625 -> 15.5625 | BC82: =BC81+0.0625 -> 11.5625 | BD82: =BD81+0.0625 -> 21.5625
AD83: Blink Classic | AG83: 17 | AP83: =AP82+0.0625 -> 17.625 | AQ83: =AQ82+0.0625 -> 45.625 | AS83: =AS82+0.0625 -> 12.25 | AT83: =AT82+0.0625 -> 16.625 | AU83: =AU82+0.0625 -> 33.625 | AW83: =AW82+0.0625 -> 11.625 | AX83: =AX82+0.0625 -> 15.625 | AZ83: =AZ82+0.0625 -> 18.625 | BA83: =BA82+0.0625 -> 15.625 | BC83: =BC82+0.0625 -> 11.625 | BD83: =BD82+0.0625 -> 21.625
AD84: 7/8" Tilt | AG84: 9 | AP84: =AP83+0.0625 -> 17.6875 | AQ84: =AQ83+0.0625 -> 45.6875 | AS84: =AS83+0.0625 -> 12.3125 | AT84: =AT83+0.0625 -> 16.6875 | AU84: =AU83+0.0625 -> 33.6875 | AW84: =AW83+0.0625 -> 11.6875 | AX84: =AX83+0.0625 -> 15.6875 | AZ84: =AZ83+0.0625 -> 18.6875 | BA84: =BA83+0.0625 -> 15.6875 | BC84: =BC83+0.0625 -> 11.6875 | BD84: =BD83+0.0625 -> 21.6875
AD85: 7/8" RLT-Top | AG85: 9 | AP85: =AP84+0.0625 -> 17.75 | AQ85: =AQ84+0.0625 -> 45.75 | AS85: =AS84+0.0625 -> 12.375 | AT85: =AT84+0.0625 -> 16.75 | AU85: =AU84+0.0625 -> 33.75 | AW85: =AW84+0.0625 -> 11.75 | AX85: =AX84+0.0625 -> 15.75 | AZ85: =AZ84+0.0625 -> 18.75 | BA85: =BA84+0.0625 -> 15.75 | BC85: =BC84+0.0625 -> 11.75 | BD85: =BD84+0.0625 -> 21.75
AD86: =AD103 -> 7/8" Custom | AG86: 18
AD87: Operator Position | AE87: Operator Type | AP87: =AP85+0.0625 -> 17.8125 | AQ87: =AQ85+0.0625 -> 45.8125 | AS87: =AS85+0.0625 -> 12.4375 | AT87: =AT85+0.0625 -> 16.8125 | AU87: =AU85+0.0625 -> 33.8125 | AW87: =AW85+0.0625 -> 11.8125 | AX87: =AX85+0.0625 -> 15.8125 | AZ87: =AZ85+0.0625 -> 18.8125 | BA87: =BA85+0.0625 -> 15.8125 | BC87: =BC85+0.0625 -> 11.8125 | BD87: =BD85+0.0625 -> 21.8125
AD88: Standard Position (high) | AE88: Standard Profile | AF88: EasyGlide | AP88: =AP87+0.0625 -> 17.875 | AQ88: =AQ87+0.0625 -> 45.875 | AS88: =AS87+0.0625 -> 12.5 | AT88: =AT87+0.0625 -> 16.875 | AU88: =AU87+0.0625 -> 33.875 | AW88: =AW87+0.0625 -> 11.875 | AX88: =AX87+0.0625 -> 15.875 | AZ88: =AZ87+0.0625 -> 18.875 | BA88: =BA87+0.0625 -> 15.875 | BC88: =BC87+0.0625 -> 11.875 | BD88: =BD87+0.0625 -> 21.875
AD89: Low Position | AE89: Low Profile | AF89: SlimLine | AP89: =AP88+0.0625 -> 17.9375 | AQ89: =AQ88+0.0625 -> 45.9375 | AS89: =AS88+0.0625 -> 12.5625 | AT89: =AT88+0.0625 -> 16.9375 | AU89: =AU88+0.0625 -> 33.9375 | AW89: =AW88+0.0625 -> 11.9375 | AX89: =AX88+0.0625 -> 15.9375 | AZ89: =AZ88+0.0625 -> 18.9375 | BA89: =BA88+0.0625 -> 15.9375 | BC89: =BC88+0.0625 -> 11.9375 | BD89: =BD88+0.0625 -> 21.9375
AD90: N/A | AP90: =AP89+0.0625 -> 18 | AQ90: =AQ89+0.0625 -> 46 | AS90: =AS89+0.0625 -> 12.625 | AT90: =AT89+0.0625 -> 17 | AU90: =AU89+0.0625 -> 34 | AW90: =AW89+0.0625 -> 12 | AX90: =AX89+0.0625 -> 16 | AZ90: =AZ89+0.0625 -> 19 | BA90: =BA89+0.0625 -> 16 | BC90: =BC89+0.0625 -> 12 | BD90: =BD89+0.0625 -> 22
AD91: Blind Color | AP91: =AP90+0.0625 -> 18.0625 | AQ91: =AQ90+0.0625 -> 46.0625 | AS91: =AS90+0.0625 -> 12.6875 | AT91: =AT90+0.0625 -> 17.0625 | AU91: =AU90+0.0625 -> 34.0625 | AW91: =AW90+0.0625 -> 12.0625 | AX91: =AX90+0.0625 -> 16.0625 | AZ91: =AZ90+0.0625 -> 19.0625 | BA91: =BA90+0.0625 -> 16.0625 | BC91: =BC90+0.0625 -> 12.0625 | BD91: =BD90+0.0625 -> 22.0625
AD92: White | AE92: N/C | AP92: =AP91+0.0625 -> 18.125 | AQ92: =AQ91+0.0625 -> 46.125 | AS92: =AS91+0.0625 -> 12.75 | AT92: =AT91+0.0625 -> 17.125 | AU92: =AU91+0.0625 -> 34.125 | AW92: =AW91+0.0625 -> 12.125 | AX92: =AX91+0.0625 -> 16.125 | AZ92: =AZ91+0.0625 -> 19.125 | BA92: =BA91+0.0625 -> 16.125 | BC92: =BC91+0.0625 -> 12.125 | BD92: =BD91+0.0625 -> 22.125
AD93: Espresso | AE93: Upcharge | AP93: =AP92+0.0625 -> 18.1875 | AQ93: =AQ92+0.0625 -> 46.1875 | AS93: =AS92+0.0625 -> 12.8125 | AT93: =AT92+0.0625 -> 17.1875 | AU93: =AU92+0.0625 -> 34.1875 | AW93: =AW92+0.0625 -> 12.1875 | AX93: =AX92+0.0625 -> 16.1875 | AZ93: =AZ92+0.0625 -> 19.1875 | BA93: =BA92+0.0625 -> 16.1875 | BC93: =BC92+0.0625 -> 12.1875 | BD93: =BD92+0.0625 -> 22.1875
AD94: Sandstone | AE94: Upcharge | AP94: =AP93+0.0625 -> 18.25 | AQ94: =AQ93+0.0625 -> 46.25 | AS94: =AS93+0.0625 -> 12.875 | AT94: =AT93+0.0625 -> 17.25 | AU94: =AU93+0.0625 -> 34.25 | AW94: =AW93+0.0625 -> 12.25 | AX94: =AX93+0.0625 -> 16.25 | AZ94: =AZ93+0.0625 -> 19.25 | BA94: =BA93+0.0625 -> 16.25 | BC94: =BC93+0.0625 -> 12.25 | BD94: =BD93+0.0625 -> 22.25
AD95: Tan | AE95: Upcharge | AP95: =AP94+0.0625 -> 18.3125 | AQ95: =AQ94+0.0625 -> 46.3125 | AS95: =AS94+0.0625 -> 12.9375 | AT95: =AT94+0.0625 -> 17.3125 | AU95: =AU94+0.0625 -> 34.3125 | AW95: =AW94+0.0625 -> 12.3125 | AX95: =AX94+0.0625 -> 16.3125 | AZ95: =AZ94+0.0625 -> 19.3125 | BA95: =BA94+0.0625 -> 16.3125 | BC95: =BC94+0.0625 -> 12.3125 | BD95: =BD94+0.0625 -> 22.3125
AD96: Silver Moon | AE96: Upcharge | AP96: =AP95+0.0625 -> 18.375 | AQ96: =AQ95+0.0625 -> 46.375 | AS96: =AS95+0.0625 -> 13 | AT96: =AT95+0.0625 -> 17.375 | AU96: =AU95+0.0625 -> 34.375 | AW96: =AW95+0.0625 -> 12.375 | AX96: =AX95+0.0625 -> 16.375 | AZ96: =AZ95+0.0625 -> 19.375 | BA96: =BA95+0.0625 -> 16.375 | BC96: =BC95+0.0625 -> 12.375 | BD96: =BD95+0.0625 -> 22.375
AD97: Slate Gray | AE97: Upcharge | AP97: =AP96+0.0625 -> 18.4375 | AQ97: =AQ96+0.0625 -> 46.4375 | AS97: =AS96+0.0625 -> 13.0625 | AT97: =AT96+0.0625 -> 17.4375 | AU97: =AU96+0.0625 -> 34.4375 | AW97: =AW96+0.0625 -> 12.4375 | AX97: =AX96+0.0625 -> 16.4375 | AZ97: =AZ96+0.0625 -> 19.4375 | BA97: =BA96+0.0625 -> 16.4375 | BC97: =BC96+0.0625 -> 12.4375 | BD97: =BD96+0.0625 -> 22.4375
AD98: Blink Type | AP98: =AP97+0.0625 -> 18.5 | AQ98: =AQ97+0.0625 -> 46.5 | AS98: =AS97+0.0625 -> 13.125 | AT98: =AT97+0.0625 -> 17.5 | AU98: =AU97+0.0625 -> 34.5 | AW98: =AW97+0.0625 -> 12.5 | AX98: =AX97+0.0625 -> 16.5 | AZ98: =AZ97+0.0625 -> 19.5 | BA98: =BA97+0.0625 -> 16.5 | BC98: =BC97+0.0625 -> 12.5 | BD98: =BD97+0.0625 -> 22.5
AD99: Blink Classic | AE99: O | AF99: =AD100 -> 1" Custom | AP99: =AP98+0.0625 -> 18.5625 | AQ99: =AQ98+0.0625 -> 46.5625 | AS99: =AS98+0.0625 -> 13.1875 | AT99: =AT98+0.0625 -> 17.5625 | AU99: =AU98+0.0625 -> 34.5625 | AW99: =AW98+0.0625 -> 12.5625 | AX99: =AX98+0.0625 -> 16.5625 | AZ99: =AZ98+0.0625 -> 19.5625 | BA99: =BA98+0.0625 -> 16.5625 | BC99: =BC98+0.0625 -> 12.5625 | BD99: =BD98+0.0625 -> 22.5625
AD100: 1" Custom | AE100: C | AF100: =AD101 -> 7/8" Tilt | AP100: =AP99+0.0625 -> 18.625 | AQ100: =AQ99+0.0625 -> 46.625 | AS100: =AS99+0.0625 -> 13.25 | AT100: =AT99+0.0625 -> 17.625 | AU100: =AU99+0.0625 -> 34.625 | AW100: =AW99+0.0625 -> 12.625 | AX100: =AX99+0.0625 -> 16.625 | AZ100: =AZ99+0.0625 -> 19.625 | BA100: =BA99+0.0625 -> 16.625 | BC100: =BC99+0.0625 -> 12.625 | BD100: =BD99+0.0625 -> 22.625
AD101: 7/8" Tilt | AE101: T | AF101: =AD102 -> 7/8" RLT-Top | AP101: =AP100+0.0625 -> 18.6875 | AQ101: =AQ100+0.0625 -> 46.6875 | AS101: =AS100+0.0625 -> 13.3125 | AT101: =AT100+0.0625 -> 17.6875 | AU101: =AU100+0.0625 -> 34.6875 | AW101: =AW100+0.0625 -> 12.6875 | AX101: =AX100+0.0625 -> 16.6875 | AZ101: =AZ100+0.0625 -> 19.6875 | BA101: =BA100+0.0625 -> 16.6875 | BC101: =BC100+0.0625 -> 12.6875 | BD101: =BD100+0.0625 -> 22.6875
AD102: 7/8" RLT-Top | AE102: R | AF102: =AD99 -> Blink Classic | AP102: =AP101+0.0625 -> 18.75 | AQ102: =AQ101+0.0625 -> 46.75 | AS102: =AS101+0.0625 -> 13.375 | AT102: =AT101+0.0625 -> 17.75 | AU102: =AU101+0.0625 -> 34.75 | AW102: =AW101+0.0625 -> 12.75 | AX102: =AX101+0.0625 -> 16.75 | AZ102: =AZ101+0.0625 -> 19.75 | BA102: =BA101+0.0625 -> 16.75 | BC102: =BC101+0.0625 -> 12.75 | BD102: =BD101+0.0625 -> 22.75
AD103: 7/8" Custom | AE103: Z | AF103: =AD103 -> 7/8" Custom | AP103: =AP102+0.0625 -> 18.8125 | AQ103: =AQ102+0.0625 -> 46.8125 | AS103: =AS102+0.0625 -> 13.4375 | AT103: =AT102+0.0625 -> 17.8125 | AU103: =AU102+0.0625 -> 34.8125 | AW103: =AW102+0.0625 -> 12.8125 | AX103: =AX102+0.0625 -> 16.8125 | AZ103: =AZ102+0.0625 -> 19.8125 | BA103: =BA102+0.0625 -> 16.8125 | BC103: =BC102+0.0625 -> 12.8125 | BD103: =BD102+0.0625 -> 22.8125
AD104: Square Ft Group | AP104: =AP103+0.0625 -> 18.875 | AQ104: =AQ103+0.0625 -> 46.875 | AS104: =AS103+0.0625 -> 13.5 | AT104: =AT103+0.0625 -> 17.875 | AU104: =AU103+0.0625 -> 34.875 | AW104: =AW103+0.0625 -> 12.875 | AX104: =AX103+0.0625 -> 16.875 | AZ104: =AZ103+0.0625 -> 19.875 | BA104: =BA103+0.0625 -> 16.875 | BC104: =BC103+0.0625 -> 12.875 | BD104: =BD103+0.0625 -> 22.875
AD105: 1 to 2 Ft2 | AE105: 1 | AP105: =AP104+0.0625 -> 18.9375 | AQ105: =AQ104+0.0625 -> 46.9375 | AS105: =AS104+0.0625 -> 13.5625 | AT105: =AT104+0.0625 -> 17.9375 | AU105: =AU104+0.0625 -> 34.9375 | AW105: =AW104+0.0625 -> 12.9375 | AX105: =AX104+0.0625 -> 16.9375 | AZ105: =AZ104+0.0625 -> 19.9375 | BA105: =BA104+0.0625 -> 16.9375 | BC105: =BC104+0.0625 -> 12.9375 | BD105: =BD104+0.0625 -> 22.9375
AD106: 2 to 3 Ft2 | AE106: 2 | AP106: =AP105+0.0625 -> 19 | AQ106: =AQ105+0.0625 -> 47 | AS106: =AS105+0.0625 -> 13.625 | AT106: =AT105+0.0625 -> 18 | AU106: =AU105+0.0625 -> 35 | AW106: =AW105+0.0625 -> 13 | AX106: =AX105+0.0625 -> 17 | AZ106: =AZ105+0.0625 -> 20 | BA106: =BA105+0.0625 -> 17 | BC106: =BC105+0.0625 -> 13 | BD106: =BD105+0.0625 -> 23
AD107: 3 to 5 Ft2 | AE107: 3 | AP107: =AP106+0.0625 -> 19.0625 | AQ107: =AQ106+0.0625 -> 47.0625 | AS107: =AS106+0.0625 -> 13.6875 | AT107: =AT106+0.0625 -> 18.0625 | AU107: =AU106+0.0625 -> 35.0625 | AW107: =AW106+0.0625 -> 13.0625 | AX107: =AX106+0.0625 -> 17.0625 | AZ107: =AZ106+0.0625 -> 20.0625 | BA107: =BA106+0.0625 -> 17.0625 | BC107: =BC106+0.0625 -> 13.0625 | BD107: =BD106+0.0625 -> 23.0625
AD108: 5 to 7 Ft2 | AE108: 4 | AP108: =AP107+0.0625 -> 19.125 | AQ108: =AQ107+0.0625 -> 47.125 | AS108: =AS107+0.0625 -> 13.75 | AT108: =AT107+0.0625 -> 18.125 | AU108: =AU107+0.0625 -> 35.125 | AW108: =AW107+0.0625 -> 13.125 | AX108: =AX107+0.0625 -> 17.125 | AZ108: =AZ107+0.0625 -> 20.125 | BA108: =BA107+0.0625 -> 17.125 | BC108: =BC107+0.0625 -> 13.125 | BD108: =BD107+0.0625 -> 23.125
AD109: 7 to 9 Ft2 | AE109: 5 | AP109: =AP108+0.0625 -> 19.1875 | AQ109: =AQ108+0.0625 -> 47.1875 | AS109: =AS108+0.0625 -> 13.8125 | AT109: =AT108+0.0625 -> 18.1875 | AU109: =AU108+0.0625 -> 35.1875 | AW109: =AW108+0.0625 -> 13.1875 | AX109: =AX108+0.0625 -> 17.1875 | AZ109: =AZ108+0.0625 -> 20.1875 | BA109: =BA108+0.0625 -> 17.1875 | BC109: =BC108+0.0625 -> 13.1875 | BD109: =BD108+0.0625 -> 23.1875
AD110: 9 to 11 Ft2 | AE110: 6 | AP110: =AP109+0.0625 -> 19.25 | AQ110: =AQ109+0.0625 -> 47.25 | AS110: =AS109+0.0625 -> 13.875 | AT110: =AT109+0.0625 -> 18.25 | AU110: =AU109+0.0625 -> 35.25 | AW110: =AW109+0.0625 -> 13.25 | AX110: =AX109+0.0625 -> 17.25 | AZ110: =AZ109+0.0625 -> 20.25 | BA110: =BA109+0.0625 -> 17.25 | BC110: =BC109+0.0625 -> 13.25 | BD110: =BD109+0.0625 -> 23.25
AD111: 11 to 13 Ft2 | AE111: 7 | AP111: =AP110+0.0625 -> 19.3125 | AQ111: =AQ110+0.0625 -> 47.3125 | AS111: =AS110+0.0625 -> 13.9375 | AT111: =AT110+0.0625 -> 18.3125 | AU111: =AU110+0.0625 -> 35.3125 | AW111: =AW110+0.0625 -> 13.3125 | AX111: =AX110+0.0625 -> 17.3125 | AZ111: =AZ110+0.0625 -> 20.3125 | BA111: =BA110+0.0625 -> 17.3125 | BC111: =BC110+0.0625 -> 13.3125 | BD111: =BD110+0.0625 -> 23.3125
AD112: 13 to 15 Ft2 | AE112: 8 | AP112: =AP111+0.0625 -> 19.375 | AQ112: =AQ111+0.0625 -> 47.375 | AS112: =AS111+0.0625 -> 14 | AT112: =AT111+0.0625 -> 18.375 | AU112: =AU111+0.0625 -> 35.375 | AW112: =AW111+0.0625 -> 13.375 | AX112: =AX111+0.0625 -> 17.375 | AZ112: =AZ111+0.0625 -> 20.375 | BA112: =BA111+0.0625 -> 17.375 | BC112: =BC111+0.0625 -> 13.375 | BD112: =BD111+0.0625 -> 23.375
AD113: 15 to 17 Ft2 | AE113: 9 | AP113: =AP112+0.0625 -> 19.4375 | AQ113: =AQ112+0.0625 -> 47.4375 | AS113: =AS112+0.0625 -> 14.0625 | AT113: =AT112+0.0625 -> 18.4375 | AU113: =AU112+0.0625 -> 35.4375 | AW113: =AW112+0.0625 -> 13.4375 | AX113: =AX112+0.0625 -> 17.4375 | AZ113: =AZ112+0.0625 -> 20.4375 | BA113: =BA112+0.0625 -> 17.4375 | BC113: =BC112+0.0625 -> 13.4375 | BD113: =BD112+0.0625 -> 23.4375
AD114: 17 to 19 Ft2 | AE114: 91 | AP114: =AP113+0.0625 -> 19.5 | AQ114: =AQ113+0.0625 -> 47.5 | AS114: =AS113+0.0625 -> 14.125 | AT114: =AT113+0.0625 -> 18.5 | AU114: =AU113+0.0625 -> 35.5 | AW114: =AW113+0.0625 -> 13.5 | AX114: =AX113+0.0625 -> 17.5 | AZ114: =AZ113+0.0625 -> 20.5 | BA114: =BA113+0.0625 -> 17.5 | BC114: =BC113+0.0625 -> 13.5 | BD114: =BD113+0.0625 -> 23.5
AP115: =AP114+0.0625 -> 19.5625 | AQ115: =AQ114+0.0625 -> 47.5625 | AS115: =AS114+0.0625 -> 14.1875 | AT115: =AT114+0.0625 -> 18.5625 | AU115: =AU114+0.0625 -> 35.5625 | AW115: =AW114+0.0625 -> 13.5625 | AX115: =AX114+0.0625 -> 17.5625 | AZ115: =AZ114+0.0625 -> 20.5625 | BA115: =BA114+0.0625 -> 17.5625 | BC115: =BC114+0.0625 -> 13.5625 | BD115: =BD114+0.0625 -> 23.5625
AP116: =AP115+0.0625 -> 19.625 | AQ116: =AQ115+0.0625 -> 47.625 | AS116: =AS115+0.0625 -> 14.25 | AT116: =AT115+0.0625 -> 18.625 | AU116: =AU115+0.0625 -> 35.625 | AW116: =AW115+0.0625 -> 13.625 | AX116: =AX115+0.0625 -> 17.625 | AZ116: =AZ115+0.0625 -> 20.625 | BA116: =BA115+0.0625 -> 17.625 | BC116: =BC115+0.0625 -> 13.625 | BD116: =BD115+0.0625 -> 23.625
...

Sheet BLINK 1" - ANNEALED

Sheet BLINK 1" - TEMPERED

Sheet TILT

Sheet RLT-TOP

Sheet BLINK CLASSIC

Sheet BLINK .875 - ANNEALED

Sheet BLINK .875 - TEMPERED

Sheet Division Details
A1: UPDATE FORMULAS TO SELECT DESIRED DIVISION | D1: Hide | E1: Hide | F1: Hide | G1: Hide
B2: =D2 -> USA - Ken Jordan | D2: USA - Ken Jordan | E2: Canada - John Grilli | F2: USA - Mark Dehlman | G2: USA - Jim Rohnkohl
A3: Header: | B3: =D3 -> HIDE | D3: HIDE | E3: HIDE | F3: HIDE | G3: HIDE
A5: Street Address: | B5: =D5 -> 261 Commerce Way | D5: 261 Commerce Way | E5: 65 Courtland Ave | F5: 261 Commerce Way | G5: 261 Commerce Way
A6: City, State, Zip: | B6: =D6 -> Gallatin, TN 37066 | D6: Gallatin, TN 37066 | E6: Vaughan Ontario L4K3T1 | F6: Gallatin, TN 37066 | G6: Gallatin, TN 37066
A7: Phone: | B7: =D7 -> 866-472-0042 | D7: 866-472-0042 | E7: 800-253-3900 | F7: 866-472-0042 | G7: 866-472-0042
A8: Fax: | B8: =D8 -> 615-452-0283 | D8: 615-452-0283 | E8: 586-203-4467 | F8: 615-452-0283 | G8: 615-452-0283
A10: CSR: | B10: =D10 -> Send Orders to: Diane Spuhler via fax (615) 452-0283 or email diane.spuhler@western-reflections.com | D10: Send Orders to: Diane Spuhler via fax (615) 452-0283 or email diane.spuhler@western-reflections.com | E10: Send Orders to: Suzanne Aikens via fax (586) 203-4467 or email suzanne.aikens@odl.com | F10: Send Orders to: Diane Spuhler via fax (615) 452-0283 or email diane.spuhler@western-reflections.com | G10: Send Orders to: Diane Spuhler via fax (615) 452-0283 or email diane.spuhler@western-reflections.com
A11: CSR Fax: | B11: =D11 -> (615) 452-0283 | D11: (615) 452-0283 | E11: (586) 203-4467 | F11: (615) 452-0283 | G11: (615) 452-0283
A12: CSR Email: | B12: =D12 -> diane.spuhler@western-reflections.com | D12: diane.spuhler@western-reflections.com | E12: suzanne.aikens@odl.com | F12: diane.spuhler@western-reflections.com | G12: diane.spuhler@western-reflections.com
A14: Sls rep phone: | B14: =D14 -> (615) 230-4342 | D14: (615) 230-4342 | E14: (416) 200-6690 | F14: (616) 295-5825 | G14: (937) 694-6676
A15: Sls rep email: | B15: =D15 -> ken.jordan@odl.com | D15: ken.jordan@odl.com | E15: john.grilli@odl.com | F15: mark.dehlman@odl.com | G15: jim.rohnkohl@odl.com
B17: =D17 -> *This is a price estimate and is subject to change. Please call 866-472-0042 to verify exact pricing. | D17: *This is a price estimate and is subject to change. Please call 866-472-0042 to verify exact pricing. | E17: *This is a price estimate and is subject to change. Please call 800-253-3900 to verify exact pricing. | F17: *This is a price estimate and is subject to change. Please call 866-472-0042 to verify exact pricing. | G17: *This is a price estimate and is subject to change. Please call 866-472-0042 to verify exact pricing.
A18: Lead times
A19: Annealed: | B19: =D19 -> 7 Business days + transit | D19: 7 Business days + transit | E19: 9 Business days + transit | F19: 7 Business days + transit | G19: 7 Business days + transit
A20: Tempered: | B20: =D20 -> 12 Business days + transit | D20: 12 Business days + transit | E20: 14 Business days + transit | F20: 12 Business days + transit | G20: 12 Business days + transit
